Workbook

Sheet 190 DESONERADO
B1: COMPANHIA DE DESENVOLVIMENTO HABITACIONAL E URBANO
A2: DO ESTADO DE SÃO PAULO
A3: BOLETIM REFERENCIAL DE CUSTOS - TABELA DE SERVIÇOS
A4: COM DESONERAÇÃO
F5: Versão 192
E6: Data Base: | F6: Nov/23
C7: BDI : | D7: 0 | E7: L.S.: | F7: 0.9778
A8: Referência | B8: Descrição | C8: Un | D8: Material | E8: Mão de Obra | F8: Custo Total
A9: 01 | B9: SERVICO TECNICO ESPECIALIZADO | G9: 2
A10: 01.02 | B10: Parecer técnico | G10: 5
A11: 01.02.071 | B11: Parecer técnico de fundações, contenções e recomendações gerais, para empreendimentos com área construída até 1.000 m² | C11: UN | E11: 5636.66 | F11: 5636.66 | G11: =LEN(A11) -> 9
A12: 01.02.081 | B12: Parecer técnico de fundações, contenções e recomendações gerais, para empreendimentos com área construída de 1.001 a 2.000 m² | C12: UN | E12: 7495.66 | F12: 7495.66 | G12: =LEN(A12) -> 9
A13: 01.02.091 | B13: Parecer técnico de fundações, contenções e recomendações gerais, para empreendimentos com área construída de 2.001 a 5.000 m² | C13: UN | E13: 12804.27 | F13: 12804.27 | G13: =LEN(A13) -> 9
A14: 01.02.101 | B14: Parecer técnico de fundações, contenções e recomendações gerais, para empreendimentos com área construída de 5.001 a 10.000 m² | C14: UN | E14: 17556.16 | F14: 17556.16 | G14: =LEN(A14) -> 9
A15: 01.02.111 | B15: Parecer técnico de fundações, contenções e recomendações gerais, para empreendimentos com área construída acima de 10.000 m² | C15: UN | E15: 20458.99 | F15: 20458.99 | G15: =LEN(A15) -> 9
A16: 01.06 | B16: Projeto de instalações elétricas | G16: =LEN(A16) -> 5
A17: 01.06.021 | B17: Elaboração de projeto de adequação de entrada de energia elétrica junto a concessionária, com medição em baixa tensão e demanda até 75 kVA | C17: UN | E17: 7199.56 | F17: 7199.56 | G17: =LEN(A17) -> 9
A18: 01.06.031 | B18: Elaboração de projeto de adequação de entrada de energia elétrica junto a concessionária, com medição em média tensão, subestação simplificada e demanda de 75 kVA a 300 kVA | C18: UN | E18: 12194.64 | F18: 12194.64 | G18: =LEN(A18) -> 9
A19: 01.06.032 | B19: Elaboração de projeto de adequação de entrada de energia elétrica junto a concessionária, com medição em média tensão e demanda de 75 kVA a 300 kVA | C19: UN | E19: 16501.64 | F19: 16501.64 | G19: =LEN(A19) -> 9
A20: 01.06.041 | B20: Elaboração de projeto de adequação de entrada de energia elétrica junto a concessionária, com medição em média tensão e demanda acima de 300 kVA a 2 MVA | C20: UN | E20: 21949.1 | F20: 21949.1 | G20: =LEN(A20) -> 9
A21: 01.17 | B21: Projeto executivo | G21: =LEN(A21) -> 5
A22: 01.17.031 | B22: Projeto executivo de arquitetura em formato A1 | C22: UN | E22: 2836.01 | F22: 2836.01 | G22: =LEN(A22) -> 9
A23: 01.17.041 | B23: Projeto executivo de arquitetura em formato A0 | C23: UN | E23: 3833.98 | F23: 3833.98 | G23: =LEN(A23) -> 9
A24: 01.17.051 | B24: Projeto executivo de estrutura em formato A1 | C24: UN | E24: 2079.88 | F24: 2079.88 | G24: =LEN(A24) -> 9
A25: 01.17.061 | B25: Projeto executivo de estrutura em formato A0 | C25: UN | E25: 2845.66 | F25: 2845.66 | G25: =LEN(A25) -> 9
A26: 01.17.071 | B26: Projeto executivo de instalações hidráulicas em formato A1 | C26: UN | E26: 892.89 | F26: 892.89 | G26: =LEN(A26) -> 9
A27: 01.17.081 | B27: Projeto executivo de instalações hidráulicas em formato A0 | C27: UN | E27: 1188.55 | F27: 1188.55 | G27: =LEN(A27) -> 9
A28: 01.17.111 | B28: Projeto executivo de instalações elétricas em formato A1 | C28: UN | E28: 991.52 | F28: 991.52 | G28: =LEN(A28) -> 9
A29: 01.17.121 | B29: Projeto executivo de instalações elétricas em formato A0 | C29: UN | E29: 1374.79 | F29: 1374.79 | G29: =LEN(A29) -> 9
A30: 01.17.151 | B30: Projeto executivo de climatização em formato A1 | C30: UN | E30: 1908.51 | F30: 1908.51 | G30: =LEN(A30) -> 9
A31: 01.17.161 | B31: Projeto executivo de climatização em formato A0 | C31: UN | E31: 2601.48 | F31: 2601.48 | G31: =LEN(A31) -> 9
A32: 01.17.171 | B32: Projeto executivo de chuveiros automáticos em formato A1 | C32: UN | E32: 1647.55 | F32: 1647.55 | G32: =LEN(A32) -> 9
A33: 01.17.181 | B33: Projeto executivo de chuveiros automáticos em formato A0 | C33: UN | E33: 2129.53 | F33: 2129.53 | G33: =LEN(A33) -> 9
A34: 01.20 | B34: Levantamento topográfico e geofísico | G34: =LEN(A34) -> 5
A35: 01.20.010 | B35: Taxa de mobilização e desmobilização de equipamentos para execução de levantamento topográfico | C35: TX | D35: 1183.91 | F35: 1183.91 | G35: =LEN(A35) -> 9
A36: 01.20.280 | B36: Levantamento planimétrico de área pavimentada para veículo e pedestre | C36: M2 | D36: 0.04 | E36: 0.13 | F36: 0.17 | G36: =LEN(A36) -> 9
A37: 01.20.691 | B37: Levantamento planimétrico cadastral com áreas ocupadas predominantemente por comunidades - área até 20.000 m² (mínimo de 3.500 m²) | C37: M2 | D37: 0.4 | E37: 0.46 | F37: 0.86 | G37: =LEN(A37) -> 9
A38: 01.20.701 | B38: Levantamento planimétrico cadastral com áreas ocupadas predominantemente por comunidades - área acima de 20.000 m² até 200.000 m² | C38: M2 | D38: 0.31 | E38: 0.35 | F38: 0.66 | G38: =LEN(A38) -> 9
A39: 01.20.711 | B39: Levantamento planimétrico cadastral com áreas ocupadas predominantemente por comunidades - área acima de 200.000 m² | C39: M2 | D39: 0.25 | E39: 0.29 | F39: 0.54 | G39: =LEN(A39) -> 9
A40: 01.20.721 | B40: Levantamento planimétrico cadastral com áreas até 50% de ocupação - área até 20.000 m² (mínimo de 3.500 m²) | C40: M2 | D40: 0.34 | E40: 0.4 | F40: 0.74 | G40: =LEN(A40) -> 9
A41: 01.20.731 | B41: Levantamento planimétrico cadastral com áreas até 50% de ocupação - área acima de 20.000 m² até 200.000 m² | C41: M2 | D41: 0.16 | E41: 0.45 | F41: 0.61 | G41: =LEN(A41) -> 9
A42: 01.20.741 | B42: Levantamento planimétrico cadastral com áreas até 50% de ocupação - área acima de 200.000 m² | C42: M2 | D42: 0.22 | E42: 0.25 | F42: 0.47 | G42: =LEN(A42) -> 9
A43: 01.20.751 | B43: Levantamento planimétrico cadastral com áreas acima de 50% de ocupação - área até 20.000 m² (mínimo de 4.000 m²) | C43: M2 | D43: 0.3 | E43: 0.35 | F43: 0.65 | G43: =LEN(A43) -> 9
A44: 01.20.761 | B44: Levantamento planimétrico cadastral com áreas acima de 50% de ocupação - área acima de 20.000 m² até 200.000 m² | C44: M2 | D44: 0.26 | E44: 0.3 | F44: 0.56 | G44: =LEN(A44) -> 9
A45: 01.20.771 | B45: Levantamento planimétrico cadastral com áreas acima de 50% de ocupação - área acima de 200.000 m² | C45: M2 | D45: 0.25 | E45: 0.3 | F45: 0.55 | G45: =LEN(A45) -> 9
A46: 01.20.781 | B46: Levantamento planialtimétrico cadastral com áreas ocupadas predominantemente por comunidades - área até 20.000 m² (mínimo de 3.500 m²) | C46: M2 | D46: 0.43 | E46: 0.49 | F46: 0.92 | G46: =LEN(A46) -> 9
A47: 01.20.791 | B47: Levantamento planialtimétrico cadastral com áreas ocupadas predominantemente por comunidades - área acima de 20.000 m² até 200.000 m² | C47: M2 | D47: 0.34 | E47: 0.39 | F47: 0.73 | G47: =LEN(A47) -> 9
... A60: 01.20.921 | B60: Implantação de marcos através de levantamento com GPS (mínimo de 3 marcos) | C60: UN | D60: 733.8 | E60: 401.39 | F60: 1135.19 | G60: =LEN(A60) -> 9
A61: 01.21 | B61: Estudo geotecnico (sondagem) | G61: =LEN(A61) -> 5
A62: 01.21.010 | B62: Taxa de mobilização e desmobilização de equipamentos para execução de sondagem | C62: TX | D62: 1238.33 | F62: 1238.33 | G62: =LEN(A62) -> 9
A63: 01.21.090 | B63: Taxa de mobilização e desmobilização de equipamentos para execução de sondagem rotativa | C63: TX | D63: 6455.09 | F63: 6455.09 | G63: =LEN(A63) -> 9
A64: 01.21.100 | B64: Sondagem do terreno a trado | C64: M | D64: 92.89 | F64: 92.89 | G64: =LEN(A64) -> 9
A65: 01.21.110 | B65: Sondagem do terreno à percussão (mínimo de 30 m) | C65: M | D65: 87.39 | F65: 87.39 | G65: =LEN(A65) -> 9
A66: 01.21.120 | B66: Sondagem do terreno rotativa em solo | C66: M | D66: 375.11 | F66: 375.11 | G66: =LEN(A66) -> 9
A67: 01.21.130 | B67: Sondagem do terreno rotativa em rocha | C67: M | D67: 609.46 | F67: 609.46 | G67: =LEN(A67) -> 9
A68: 01.21.140 | B68: Sondagem do terreno à percussão com a utilização de torquímetro (mínimo de 30 m) | C68: M | D68: 92.05 | F68: 92.05 | G68: =LEN(A68) -> 9
A69: 01.23 | B69: Tratamento, recuperação e trabalhos especiais em concreto | G69: =LEN(A69) -> 5
A70: 01.23.010 | B70: Taxa de mobilização e desmobilização de equipamentos para execução de corte em concreto armado | C70: TX | D70: 334.37 | F70: 334.37 | G70: =LEN(A70) -> 9
A71: 01.23.020 | B71: Limpeza de armadura com escova de aço | C71: M2 | D71: 2.58 | E71: 5.29 | F71: 7.87 | G71: =LEN(A71) -> 9
A72: 01.23.030 | B72: Preparo de ponte de aderência com adesivo a base de epóxi | C72: M2 | D72: 113.35 | E72: 39.12 | F72: 152.47 | G72: =LEN(A72) -> 9
A73: 01.23.056 | B73: Tratamento de armadura com produto anticorrosivo a base de zinco | C73: M2 | D73: 25.33 | E73: 37.3 | F73: 62.63 | G73: =LEN(A73) -> 9
A74: 01.23.060 | B74: Corte de concreto deteriorado inclusive remoção dos detritos | C74: M2 | E74: 26.46 | F74: 26.46 | G74: =LEN(A74) -> 9
A75: 01.23.070 | B75: Demarcação de área com disco de corte diamantado | C75: M | D75: 1.05 | E75: 3.91 | F75: 4.96 | G75: =LEN(A75) -> 9
A76: 01.23.100 | B76: Demolição de concreto armado com preservação de armadura, para reforço e recuperação estrutural | C76: M3 | E76: 399.37 | F76: 399.37 | G76: =LEN(A76) -> 9
A77: 01.23.140 | B77: Furação de 1 1/4´ em concreto armado | C77: M | D77: 207.07 | F77: 207.07 | G77: =LEN(A77) -> 9
A78: 01.23.150 | B78: Furação de 1 1/2´ em concreto armado | C78: M | D78: 247.2 | F78: 247.2 | G78: =LEN(A78) -> 9
A79: 01.23.160 | B79: Furação de 2 1/4´ em concreto armado | C79: M | D79: 323.24 | F79: 323.24 | G79: =LEN(A79) -> 9
A80: 01.23.190 | B80: Furação de 2 1/2´ em concreto armado | C80: M | D80: 330.76 | F80: 330.76 | G80: =LEN(A80) -> 9
A81: 01.23.200 | B81: Taxa de mobilização e desmobilização de equipamentos para execução de perfuração em concreto | C81: TX | D81: 249.02 | F81: 249.02 | G81: =LEN(A81) -> 9
A82: 01.23.221 | B82: Furação para até 10mm x 100mm em concreto armado, inclusive colagem de armadura (para até 8mm) | C82: UN | D82: 13.11 | F82: 13.11 | G82: =LEN(A82) -> 9
A83: 01.23.222 | B83: Furação para 12,5mm x 100mm em concreto armado, inclusive colagem de armadura (para 10mm) | C83: UN | D83: 14.12 | F83: 14.12 | G83: =LEN(A83) -> 9
A84: 01.23.223 | B84: Furação para 16mm x 100mm em concreto armado, inclusive colagem de armadura (para 12,5mm) | C84: UN | D84: 16.08 | F84: 16.08 | G84: =LEN(A84) -> 9
A85: 01.23.231 | B85: Furação para até 10mm x 150mm em concreto armado, inclusive colagem de armadura (para até 8mm) | C85: UN | D85: 19.67 | F85: 19.67 | G85: =LEN(A85) -> 9
A86: 01.23.232 | B86: Furação para 12,5mm x 150mm em concreto armado, inclusive colagem de armadura (para 10mm) | C86: UN | D86: 20.81 | F86: 20.81 | G86: =LEN(A86) -> 9
A87: 01.23.233 | B87: Furação para 16mm x 150mm em concreto armado, inclusive colagem de armadura (para 12,5mm) | C87: UN | D87: 23.72 | F87: 23.72 | G87: =LEN(A87) -> 9
A88: 01.23.234 | B88: Furação para 20mm x 150mm em concreto armado, inclusive colagem de armadura (para 16mm) | C88: UN | D88: 25.35 | F88: 25.35 | G88: =LEN(A88) -> 9
... A99: 01.23.510 | B99: Corte vertical em concreto armado, espessura de 15 cm | C99: M | D99: 196.59 | F99: 196.59 | G99: =LEN(A99) -> 9
A100: 01.23.700 | B100: Taxa de mobilização e desmobilização para reforço estrutural com fibra de carbono | C100: TX | D100: 1396.32 | E100: 3596.56 | F100: 4992.88 | G100: =LEN(A100) -> 9
A101: 01.23.701 | B101: Preparação de substrato para colagem de fibra de carbono, mediante lixamento e/ou apicoamento e escovação | C101: M2 | D101: 6.67 | E101: 38.24 | F101: 44.91 | G101: =LEN(A101) -> 9
A102: 01.23.702 | B102: Fibra de carbono para reforço estrutural de alta resistência - 300 g/m² | C102: M2 | D102: 283.03 | E102: 272.79 | F102: 555.82 | G102: =LEN(A102) -> 9
A103: 01.27 | B103: Estudo e programa ambientais | G103: =LEN(A103) -> 5
A104: 01.27.011 | B104: Projeto e implementação de gerenciamento integrado de resíduos sólidos e gestão de perdas | C104: UN | D104: 214.65 | E104: 7990.44 | F104: 8205.09 | G104: =LEN(A104) -> 9
A105: 01.27.021 | B105: Projeto e implementação de educação ambiental | C105: UN | D105: 214.65 | E105: 10703.22 | F105: 10917.87 | G105: =LEN(A105) -> 9
A106: 01.27.031 | B106: Projeto e implementação de controle ambiental de obra | C106: UN | D106: 214.65 | E106: 9470.64 | F106: 9685.29 | G106: =LEN(A106) -> 9
A107: 01.27.041 | B107: Laudo de caracterização de vegetação | C107: UN | D107: 620.65 | E107: 22054.82 | F107: 22675.47 | G107: =LEN(A107) -> 9
A108: 01.27.051 | B108: Laudo de caracterização da fauna associada à flora | C108: UN | D108: 620.65 | E108: 33842.64 | F108: 34463.29 | G108: =LEN(A108) -> 9
A109: 01.27.061 | B109: Projeto e implementação de monitoramento da fauna durante a obra | C109: UN | D109: 620.65 | E109: 13416.08 | F109: 14036.73 | G109: =LEN(A109) -> 9
A110: 01.27.071 | B110: Laudo de autodepuração | C110: UN | D110: 504.65 | E110: 16102.4 | F110: 16607.05 | G110: =LEN(A110) -> 9
A111: 01.27.091 | B111: Estudo de impacto de vizinhança, em área urbana até 10.000 m² | C111: UN | D111: 307.45 | E111: 26081.08 | F111: 26388.53 | G111: =LEN(A111) -> 9
A112: 01.28 | B112: Poço profundo | G112: =LEN(A112) -> 5
A113: 01.28.010 | B113: Taxa de mobilização e desmobilização de equipamentos para execução de perfuração para poço profundo - profundidade até 200 m | C113: TX | D113: 8439.11 | F113: 8439.11 | G113: =LEN(A113) -> 9
A114: 01.28.020 | B114: Taxa de mobilização e desmobilização de equipamentos para execução de perfuração para poço profundo - profundidade acima de 200 m e até 300 m | C114: TX | D114: 12630 | F114: 12630 | G114: =LEN(A114) -> 9
A115: 01.28.030 | B115: Taxa de mobilização e desmobilização de equipamentos para execução de perfuração para poço profundo - profundidade acima de 300 m | C115: TX | D115: 13000.31 | F115: 13000.31 | G115: =LEN(A115) -> 9
A116: 01.28.040 | B116: Perfuração rotativa para poço profundo em camadas de solos sedimentares, diâmetro de 8 1/2" (215,90 mm) | C116: M | D116: 583.8 | F116: 583.8 | G116: =LEN(A116) -> 9
A117: 01.28.050 | B117: Perfuração rotativa para poço profundo em aluvião, arenito, ou solos sedimentados em geral, diâmetro de 10" (250 mm) | C117: M | D117: 480.68 | F117: 480.68 | G117: =LEN(A117) -> 9
A118: 01.28.060 | B118: Perfuração rotativa para poço profundo em aluvião, arenito, ou solos sedimentados em geral, diâmetro de 12" (300 mm) | C118: M | D118: 1172.03 | F118: 1172.03 | G118: =LEN(A118) -> 9
A119: 01.28.070 | B119: Perfuração rotativa para poço profundo em aluvião, arenito, ou solos sedimentados em geral, diâmetro de 14" (350 mm) | C119: M | D119: 1240.33 | F119: 1240.33 | G119: =LEN(A119) -> 9
A120: 01.28.080 | B120: Perfuração rotativa para poço profundo em aluvião, arenito, ou solos sedimentados em geral, diâmetro de 16" (400 mm) | C120: M | D120: 1543.56 | F120: 1543.56 | G120: =LEN(A120) -> 9
A121: 01.28.090 | B121: Perfuração rotativa para poço profundo em aluvião, arenito, ou solos sedimentados em geral, diâmetro de 18" (450 mm) | C121: M | D121: 1959.12 | F121: 1959.12 | G121: =LEN(A121) -> 9
A122: 01.28.100 | B122: Perfuração rotativa para poço profundo em aluvião, arenito, ou solos sedimentados em geral, diâmetro de 20" (500 mm) | C122: M | D122: 2208.74 | F122: 2208.74 | G122: =LEN(A122) -> 9
...

Sheet BDI DESON.
B2: DEMONSTRATIVO DE COMPOSIÇÃO DO BDI (acórdào 2622/2013-TCU-Plenário)
B4: Prefeitura do Município de Santa Branca
B5: Processo nº ST-PRC_2021-00146-DM
B6: Convênio nº
B7: Data da Elaboração: 02/09/2021
B8: Objeto: XXXXXXXXXXXXX
B10: Cálculo do BDI - COM DESONERAÇÃO Fórmula e parâmetros estabelecidos pelo Acórdão 2622/2013-TCU-Plenário
B11: Item | C11: 1º quartil | D11: 3º quartil | E11: Médio | F11: Identificação
B12: AC | C12: 3.8 | D12: 4.67 | E12: 4.67 | F12: Administração Central
B13: S e G | C13: 0.32 | D13: 0.74 | E13: 0.74 | F13: Seguro e Garantia
B14: R | C14: 0.5 | D14: 0.97 | E14: 0.97 | F14: Risco
B15: DF | C15: 1.02 | D15: 1.21 | E15: 1.21 | F15: Despesas Financeiras
B16: L | C16: 6.64 | D16: 8.69 | E16: 7.79 | F16: Lucro
B17: I * | C17: conforme legislação | E17: =C24 -> 10.15 | F17: Tributos *
B19: TRIBUTOS | C19: %
B20: PIS** | C20: 0.65
B21: COFINS** | C21: 3
B22: Cont. Previd. | C22: 4.5 | D22: (Contribuição Previdenciária sobre a receita bruta, no caso de desoneração na folha)
B23: ISS | C23: =IF(OR(H27="",J26=""),"",IF(ROUND(J26*H27*100,2)>5,"ERRO",(ROUND(J26*H27*100,2)))) -> 2
B24: Total | C24: =IF(C23="","",SUM(C20:C23)) -> 10.15
B26: Declaramos que, conforme legislação tributária municipal, a base de cálculo do ISS é de | J26: 1
B27: sobre o valor da obra e a aliquota do ISS aplicável no Município é de | H27: 0.02 | I27: ← (limitado a 5,00%)
D29: TOTAL | E29: =IF(OR(C23="",E12="",E13="",E14="",E15="",E16=""),0,ROUND((((1+E12/100+E13/100+E14/100)*(1+E15/100)*(1+E16/100)/(1-(C24/100)))-1)*100,2)) -> 29.16 | F29: BDI A SER ADOTADO (com desoneração)
B31: Verificação: | C31: =IF(OR(C23="",E12="",E13="",E14="",E15="",E16=""),0,IF(OR(ROUND((((1+E12/100+E13/100+E14/100)*(1+E15/100)*(1+E16/100)/(1-((C24-C22)/100)))-1)*100,2)>24.23,ROUND((((1+E12/100+E13/100+E14/100)*(1+E15/100)*(1+E16/100)/(1-((C24-C22)/100)))-1)*100,2)<19.6),"FORA DO LIMITE !",ROUND((((1+E12/100+E13/100+E14/100)*(1+E15/100)*(1+E16/100)/(1-((C24-C22)/100)))-1)*100,2))) -> 23 | D31: ← limite 19,60% a 24,23% (com desoneração)
B33: FÓRMULA
B35: BDI calculado pela expressão: BDI = { [ (1+AC/100+S/100+R/100+G/100) x (1+DF/100) x (1+L/100) / (1-I/100)] -1} x 100
B39: Declaramos sob pena da Lei que a alternativa adotada pela Prefeitura do Município de Santa Branca é Sem Desoneração e que é a mais vantajosa para a Administração Pública.
J41: Santa Branca, 02 de setembro de 2021.
B46: Arthur Ribeiro Alvares Pimenta | G46: Hudson de Melo Domiciano
B47: Responsável Técnico | G47: Gestor Contábil
B48: CREA/SP: 5069103559 | G48: CRC-SP 1SP302996/O-1
A738: 13.01.190 | B738: Laje pré-fabricada mista vigota treliçada/lajota cerâmica - LT 24 (20+4) e capa com concreto de 25 MPa | C738: M2 | D738: 141,86 | E738: 30,41 | F738: 172,27
A739: 13.01.210 | B739: Laje pré-fabricada mista vigota treliçada/lajota cerâmica - LT 30 (24+6) e capa com concreto de 25 MPa | C739: M2 | D739: 178,03 | E739: 33,38 | F739: 211,41
A740: 13.01.310 | B740: Laje pré-fabricada unidirecional em viga treliçada/lajota em EPS LT 12 (8 + 4), com capa de concreto de 25 MPa | C740: M2 | D740: 102,42 | E740: 25,75 | F740: 128,17
A741: 13.01.320 | B741: Laje pré-fabricada unidirecional em viga treliçada/lajota em EPS LT 16 (12 + 4), com capa de concreto de 25 MPa | C741: M2 | D741: 119,56 | E741: 25,75 | F741: 145,31
A742: 13.01.330 | B742: Laje pré-fabricada unidirecional em viga treliçada/lajota em EPS LT 20 (16 + 4), com capa de concreto de 25 MPa | C742: M2 | D742: 163,32 | E742: 28,08 | F742: 191,40
A743: 13.01.340 | B743: Laje pré-fabricada unidirecional em viga treliçada/lajota em EPS LT 25 (20 + 5), com capa de concreto de 25 MPa | C743: M2 | D743: 152,83 | E743: 30,41 | F743: 183,24
A744: 13.01.350 | B744: Laje pré-fabricada unidirecional em viga treliçada/lajota em EPS LT 30 (25 + 5), com capa de concreto de 25 MPa | C744: M2 | D744: 240,53 | E744: 33,38 | F744: 273,91
A745: 13.02 | B745: Laje pre-fabricada mista em vigotas protendidas e lajotas
A746: 13.02.150 | B746: Laje pré-fabricada mista vigota protendida/lajota cerâmica - LP 12 (8+4) e capa com concreto de 25 MPa | C746: M2 | D746: 114,25 | E746: 25,75 | F746: 140,00
A747: 13.02.170 | B747: Laje pré-fabricada mista vigota protendida/lajota cerâmica - LP 16 (12+4) e capa com concreto de 25 MPa | C747: M2 | D747: 131,21 | E747: 28,08 | F747: 159,29
A748: 13.02.190 | B748: Laje pré-fabricada mista vigota protendida/lajota cerâmica - LP 20 (16+4) e capa com concreto de 25 MPa | C748: M2 | D748: 141,10 | E748: 30,41 | F748: 171,51
A749: 13.02.210 | B749: Laje pré-fabricada mista vigota protendida/lajota cerâmica - LP 25 (20+5) e capa com concreto de 25 MPa | C749: M2 | D749: 152,71 | E749: 33,38 | F749: 186,09
A750: 13.05 | B750: Pre-laje
A751: 13.05.084 | B751: Pré-laje em painel pré-fabricado treliçado, com EPS, H= 12 cm | C751: M2 | D751: 129,94 | E751: 7,85 | F751: 137,79
A752: 13.05.090 | B752: Pré-laje em painel pré-fabricado treliçado, com EPS, H= 16 cm | C752: M2 | D752: 134,52 | E752: 8,26 | F752: 142,78
A753: 13.05.094 | B753: Pré-laje em painel pré-fabricado treliçado, com EPS, H= 20 cm | C753: M2 | D753: 146,74 | E753: 8,66 | F753: 155,40
A754: 13.05.096 | B754: Pré-laje em painel pré-fabricado treliçado, com EPS, H= 25 cm | C754: M2 | D754: 169,79 | E754: 8,82 | F754: 178,61
A755: 13.05.110 | B755: Pré-laje em painel pré-fabricado treliçado, H= 12 cm | C755: M2 | D755: 121,44 | E755: 7,85 | F755: 129,29
A756: 13.05.150 | B756: Pré-laje em painel pré-fabricado treliçado, H= 16 cm | C756: M2 | D756: 131,40 | E756: 8,25 | F756: 139,65
A757: 14 | B757: ALVENARIA E ELEMENTO DIVISOR
A758: 14.01 | B758: Alvenaria de fundação (embasamento)
A759: 14.01.020 | B759: Alvenaria de embasamento em tijolo maciço comum | C759: M3 | D759: 459,31 | E759: 266,50 | F759: 725,81
A760: 14.01.050 | B760: Alvenaria de embasamento em bloco de concreto de 14 x 19 x 39 cm - classe A | C760: M2 | D760: 47,06 | E760: 25,57 | F760: 72,63
A761: 14.01.060 | B761: Alvenaria de embasamento em bloco de concreto de 19 x 19 x 39 cm - classe A | C761: M2 | D761: 61,29 | E761: 26,15 | F761: 87,44
A762: 14.02 | B762: Alvenaria com tijolo maciço comum ou especial
A763: 14.02.020 | B763: Alvenaria de elevação de 1/4 tijolo maciço comum | C763: M2 | D763: 28,34 | E763: 32,90 | F763: 61,24
A764: 14.02.030 | B764: Alvenaria de elevação de 1/2 tijolo maciço comum | C764: M2 | D764: 39,03 | E764: 52,07 | F764: 91,10
A765: 14.02.040 | B765: Alvenaria de elevação de 1 tijolo maciço comum | C765: M2 | D765: 86,16 | E765: 84,51 | F765: 170,67
A766: 14.02.050 | B766: Alvenaria de elevação de 1 1/2 tijolo maciço comum | C766: M2 | D766: 124,59 | E766: 104,22 | F766: 228,81
A767: 14.02.070 | B767: Alvenaria de elevação de 1/2 tijolo maciço aparente | C767: M2 | D767: 108,04 | E767: 52,07 | F767: 160,11
A768: 14.02.080 | B768: Alvenaria de elevação de 1 tijolo maciço aparente | C768: M2 | D768: 244,78 | E768: 84,51 | F768: 329,29
A769: 14.03 | B769: Alvenaria com tijolo laminado aparente
A770: 14.03.020 | B770: Alvenaria de elevação de 1/4 tijolo laminado | C770: M2 | D770: 96,71 | E770: 46,41 | F770: 143,12
A771: 14.03.040 | B771: Alvenaria de elevação de 1/2 tijolo laminado | C771: M2 | D771: 182,47 | E771: 87,53 | F771: 270,00
A772: 14.03.060 | B772: Alvenaria de elevação de 1 tijolo laminado | C772: M2 | D772: 377,90 | E772: 122,43 | F772: 500,33
A773: 14.04 | B773: Alvenaria com bloco cerâmico de vedação
A774: 14.04.200 | B774: Alvenaria de bloco cerâmico de vedação, uso revestido, de 9 cm | C774: M2 | D774: 27,45 | E774: 23,56 | F774: 51,01
A775: 14.04.210 | B775: Alvenaria de bloco cerâmico de vedação, uso revestido, de 14 cm | C775: M2 | D775: 37,83 | E775: 25,57 | F775: 63,40
A776: 14.04.220 | B776: Alvenaria de bloco cerâmico de vedação, uso revestido, de 19 cm | C776: M2 | D776: 38,67 | E776: 27,44 | F776: 66,11
A777: 14.05 | B777: Alvenaria com bloco cerâmico estrutural
A778: 14.05.050 | B778: Alvenaria de bloco cerâmico estrutural, uso revestido, de 14 cm | C778: M2 | D778: 30,14 | E778: 25,57 | F778: 55,71
A779: 14.05.060 | B779: Alvenaria de bloco cerâmico estrutural, uso revestido, de 19 cm | C779: M2 | D779: 37,73 | E779: 27,44 | F779: 65,17
A780: 14.1 | B780: Alvenaria com bloco de concreto de vedação
A781: 14.10.101 | B781: Alvenaria de bloco de concreto de vedação de 9 x 19 x 39 cm - classe C | C781: M2 | D781: 27,05 | E781: 23,56 | F781: 50,61
A782: 14.10.111 | B782: Alvenaria de bloco de concreto de vedação de 14 x 19 x 39 cm - classe C | C782: M2 | D782: 33,61 | E782: 25,57 | F782: 59,18
A783: 14.10.121 | B783: Alvenaria de bloco de concreto de vedação de 19 x 19 x 39 cm - classe C | C783: M2 | D783: 43,32 | E783: 26,15 | F783: 69,47
A784: 14.11 | B784: Alvenaria com bloco de concreto estrutural
A785: 14.11.221 | B785: Alvenaria de bloco de concreto estrutural 14 x 19 x 39 cm - classe B | C785: M2 | D785: 42,24 | E785: 28,78 | F785: 71,02
A786: 14.11.231 | B786: Alvenaria de bloco de concreto estrutural 19 x 19 x 39 cm - classe B | C786: M2 | D786: 56,67 | E786: 29,51 | F786: 86,18
A787: 14.11.261 | B787: Alvenaria de bloco de concreto estrutural 14 x 19 x 39 cm - classe A | C787: M2 | D787: 48,09 | E787: 38,11 | F787: 86,20
A788: 14.11.271 | B788: Alvenaria de bloco de concreto estrutural 19 x 19 x 39 cm - classe A | C788: M2 | D788: 62,78 | E788: 40,63 | F788: 103,41
A789: 14.15 | B789: Alvenaria de concreto celular ou silico calcário
A790: 14.15.060 | B790: Alvenaria em bloco de concreto celular autoclavado de 10 cm, uso revestido - classe C25 | C790: M2 | D790: 77,00 | E790: 11,16 | F790: 88,16
A791: 14.15.100 | B791: Alvenaria em bloco de concreto celular autoclavado de 12,5 cm, uso revestido - classe C25 | C791: M2 | D791: 92,60 | E791: 11,45 | F791: 104,05
A792: 14.15.120 | B792: Alvenaria em bloco de concreto celular autoclavado de 15 cm, uso revestido - classe C25 | C792: M2 | D792: 113,65 | E792: 11,59 | F792: 125,24
A793: 14.15.140 | B793: Alvenaria em bloco de concreto celular autoclavado de 20 cm, uso revestido - classe C25 | C793: M2 | D793: 142,25 | E793: 12,03 | F793: 154,28
A794: 14.2 | B794: Pecas moldadas no local (vergas, pilaretes, etc.)
A795: 14.20.010 | B795: Vergas, contravergas e pilaretes de concreto armado | C795: M3 | D795: 1.003,12 | E795: 608,31 | F795: 1.611,43
A796: 14.20.020 | B796: Cimalha em concreto com pingadeira | C796: M | D796: 2,96 | E796: 5,50 | F796: 8,46
A797: 14.28 | B797: Elementos vazados (concreto, cerâmica e vidros)
A798: 14.28.030 | B798: Elemento vazado em concreto, tipo quadriculado de 39 x 39 x 10 cm | C798: M2 | D798: 109,45 | E798: 48,00 | F798: 157,45
A799: 14.28.096 | B799: Elemento vazado em concreto, tipo veneziana de 39 x 39 x 10 cm | C799: M2 | D799: 130,45 | E799: 48,00 | F799: 178,45
A800: 14.28.100 | B800: Elemento vazado em vidro, tipo veneziana capelinha de 20 x 10 x 10 cm | C800: M2 | D800: 1.248,66 | E800: 130,18 | F800: 1.378,84
A801: 14.28.140 | B801: Elemento vazado em vidro, tipo veneziana de 20 x 20 x 6 cm | C801: M2 | D801: 831,98 | E801: 86,44 | F801: 918,42
A802: 14.3 | B802: Divisória e fechamento
A803: 14.30.010 | B803: Divisória em placas de granito com espessura de 3 cm | C803: M2 | D803: 765,82 | E803: 56,02 | F803: 821,84
A804: 14.30.020 | B804: Divisória em placas de granilite com espessura de 3 cm | C804: M2 | D804: 208,28 | F804: 208,28
A805: 14.30.070 | B805: Divisória sanitária em painel laminado melamínico estrutural com perfis em alumínio, inclusive ferragem completa para vão de porta | C805: M2 | D805: 523,08 | F805: 523,08
A806: 14.30.080 | B806: Divisão para mictório em placas de mármore branco, com espessura de 3 cm | C806: M2 | D806: 875,82 | E806: 56,02 | F806: 931,84
...

Sheet P.O.-DES
D1: MUNICÍPIO DE SANTA BRANCA - Secretaria Municipal de Serviços, Obras e Transportes
D2: RUA PRUDENTE DE MORAES, 93, CENTRO, CEP 12380-970 - SANTA BRANCA - SP
D3: LOCAL DA OBRA: RUA PADRE ÁLVARO RUIZ, JARDIM OLÍMPIA - SANTA BRANCA - SP
D4: PLANILHA ORÇAMENTÁRIA - RECOMPOSIÇÃO ASFÁLTICA DE TRECHO DE VIA PÚBLICA | I4: BDI adotado
D5: BASE: CDHU - BOLETIM 187 COM DESONERAÇÃO / SIURB 07-2021 COM DESONERAÇÃO | I5: =ROUND('BDI DESON.'!E29/100,4) -> 0.2916
A6: ITEM | B6: FONTE | C6: CÓDIGO | D6: DESCRIÇÃO | E6: UNID. | F6: QUANT. | G6: VALOR UNIT. | H6: VALOR COM BDI | I6: TOTAL
A7: 1.0 | D7: SERVIÇOS PRELIMINARES | I7: =SUBTOTAL(9,I8:I9) -> #REF!
A8: 1.1 | B8: CDHU | C8: 02.08.020 | D8: =IF($B8="","",VLOOKUP($C8,'190 DESONERADO'!$A$3:$G$4201,2,0)) -> Placa de identificação para obra | E8: =IF($B8="","",VLOOKUP($C8,'197 ONERADO'!$A$3:$G$4201,3,0)) -> M2 | F8: 6 | G8: =IF($B8="","",VLOOKUP($C8,'190 DESONERADO'!$A$3:$H$4201,6,0)) -> 913.45 | H8: =ROUND(G8*(1+$I$5),2) -> 1179.81 | I8: =IF($B8="","",ROUND(F8*H8,2)) -> 7078.86
A9: 1.2 | B9: CDHU | C9: 03.01.260 | D9: =IF($B9="","",VLOOKUP($C9,'190 DESONERADO'!$A$3:$G$4201,2,0)) -> Demolição mecanizada de sarjeta ou sarjetão, inclusive fragmentação, carregamento, transporte até 1 quilômetro e descarregamento | E9: =IF($B9="","",VLOOKUP($C9,'197 ONERADO'!$A$3:$G$4201,3,0)) -> M3 | F9: =#REF! -> #REF! | G9: =IF($B9="","",VLOOKUP($C9,'190 DESONERADO'!$A$3:$H$4201,6,0)) -> 289.15 | H9: =ROUND(G9*(1+$I$5),2) -> 373.47 | I9: =IF($B9="","",ROUND(F9*H9,2)) -> #REF!
A10: 2.0 | D10: DRENAGEM | I10: =SUBTOTAL(9,I11:I21) -> #REF!
A11: 2.1 | B11: CDHU | C11: 07.02.020 | D11: =IF($B11="","",VLOOKUP($C11,'190 DESONERADO'!$A$3:$G$4201,2,0)) -> Escavação mecanizada de valas ou cavas com profundidade de até 2 m | E11: =IF($B11="","",VLOOKUP($C11,'197 ONERADO'!$A$3:$G$4201,3,0)) -> M3 | G11: =IF($B11="","",VLOOKUP($C11,'190 DESONERADO'!$A$3:$H$4201,6,0)) -> 10.48 | H11: =ROUND(G11*(1+$I$5),2) -> 13.54 | I11: =IF($B11="","",ROUND(F11*H11,2)) -> 0
A12: 2.2 | B12: CDHU | C12: 07.11.040 | D12: =IF($B12="","",VLOOKUP($C12,'190 DESONERADO'!$A$3:$G$4201,2,0)) -> Reaterro compactado mecanizado de vala ou cava com rolo, mínimo de 95% PN | E12: =IF($B12="","",VLOOKUP($C12,'197 ONERADO'!$A$3:$G$4201,3,0)) -> M3 | F12: =#REF! -> #REF! | G12: =IF($B12="","",VLOOKUP($C12,'190 DESONERADO'!$A$3:$H$4201,6,0)) -> 22.19 | H12: =ROUND(G12*(1+$I$5),2) -> 28.66 | I12: =IF($B12="","",ROUND(F12*H12,2)) -> #REF!
A13: 2.3 | B13: CDHU | C13: 11.18.040 | D13: =IF($B13="","",VLOOKUP($C13,'190 DESONERADO'!$A$3:$G$4201,2,0)) -> Lastro de pedra britada | E13: =IF($B13="","",VLOOKUP($C13,'197 ONERADO'!$A$3:$G$4201,3,0)) -> M3 | F13: =#REF! -> #REF! | G13: =IF($B13="","",VLOOKUP($C13,'190 DESONERADO'!$A$3:$H$4201,6,0)) -> 189.71 | H13: =ROUND(G13*(1+$I$5),2) -> 245.03 | I13: =IF($B13="","",ROUND(F13*H13,2)) -> #REF!
A14: 2.4 | B14: CDHU | C14: 46.12.060 | D14: =IF($B14="","",VLOOKUP($C14,'190 DESONERADO'!$A$3:$G$4201,2,0)) -> Tubo de concreto (PS-2), DN= 400mm | E14: =IF($B14="","",VLOOKUP($C14,'197 ONERADO'!$A$3:$G$4201,3,0)) -> M | F14: =#REF! -> #REF! | G14: =IF($B14="","",VLOOKUP($C14,'190 DESONERADO'!$A$3:$H$4201,6,0)) -> 118.62 | H14: =ROUND(G14*(1+$I$5),2) -> 153.21 | I14: =IF($B14="","",ROUND(F14*H14,2)) -> #REF!
A15: 2.5 | B15: CDHU | C15: 46.12.070 | D15: =IF($B15="","",VLOOKUP($C15,'190 DESONERADO'!$A$3:$G$4201,2,0)) -> Tubo de concreto (PS-2), DN= 500mm | E15: =IF($B15="","",VLOOKUP($C15,'197 ONERADO'!$A$3:$G$4201,3,0)) -> M | F15: =#REF! -> #REF! | G15: =IF($B15="","",VLOOKUP($C15,'190 DESONERADO'!$A$3:$H$4201,6,0)) -> 159.89 | H15: =ROUND(G15*(1+$I$5),2) -> 206.51 | I15: =IF($B15="","",ROUND(F15*H15,2)) -> #REF!
A16: 2.6 | B16: CDHU | C16: 46.12.150 | D16: =IF($B16="","",VLOOKUP($C16,'190 DESONERADO'!$A$3:$G$4201,2,0)) -> Tubo de concreto (PA-2), DN= 600mm | E16: =IF($B16="","",VLOOKUP($C16,'197 ONERADO'!$A$3:$G$4201,3,0)) -> M | F16: =#REF! -> #REF! | G16: =IF($B16="","",VLOOKUP($C16,'190 DESONERADO'!$A$3:$H$4201,6,0)) -> 218.09 | H16: =ROUND(G16*(1+$I$5),2) -> 281.69 | I16: =IF($B16="","",ROUND(F16*H16,2)) -> #REF!
A17: 2.7 | B17: CDHU | C17: 49.12.058 | D17: =IF($B17="","",VLOOKUP($C17,'190 DESONERADO'!$A$3:$G$4201,2,0)) -> Boca de leão simples tipo PMSP com grelha | E17: =IF($B17="","",VLOOKUP($C17,'197 ONERADO'!$A$3:$G$4201,3,0)) -> UN | F17: 22 | G17: =IF($B17="","",VLOOKUP($C17,'190 DESONERADO'!$A$3:$H$4201,6,0)) -> 2559.3 | H17: =ROUND(G17*(1+$I$5),2) -> 3305.59 | I17: =IF($B17="","",ROUND(F17*H17,2)) -> 72722.98
A18: 2.8 | B18: CDHU | C18: 49.12.110 | D18: =IF($B18="","",VLOOKUP($C18,'190 DESONERADO'!$A$3:$G$4201,2,0)) -> Poço de visita de 1,60 x 1,60 x 1,60 m - tipo PMSP | E18: =IF($B18="","",VLOOKUP($C18,'197 ONERADO'!$A$3:$G$4201,3,0)) -> UN | F18: 8 | G18: =IF($B18="","",VLOOKUP($C18,'190 DESONERADO'!$A$3:$H$4201,6,0)) -> 6094.08 | H18: =ROUND(G18*(1+$I$5),2) -> 7871.11 | I18: =IF($B18="","",ROUND(F18*H18,2)) -> 62968.88
A19: 2.9 | B19: CDHU | C19: 49.12.120 | D19: =IF($B19="","",VLOOKUP($C19,'190 DESONERADO'!$A$3:$G$4201,2,0)) -> Chaminé para poço de visita tipo PMSP em alvenaria, diâmetro interno 70 cm - pescoço | E19: =IF($B19="","",VLOOKUP($C19,'197 ONERADO'!$A$3:$G$4201,3,0)) -> M | F19: =F18*0.5 -> 4 | G19: =IF($B19="","",VLOOKUP($C19,'190 DESONERADO'!$A$3:$H$4201,6,0)) -> 616.56 | H19: =ROUND(G19*(1+$I$5),2) -> 796.35 | I19: =IF($B19="","",ROUND(F19*H19,2)) -> 3185.4
A20: 2.10 | B20: CDHU | C20: 49.06.420 | D20: =IF($B20="","",VLOOKUP($C20,'190 DESONERADO'!$A$3:$G$4201,2,0)) -> Tampão em ferro fundido, diâmetro de 600 mm, classe D 400 (ruptura> 400 kN) | E20: =IF($B20="","",VLOOKUP($C20,'197 ONERADO'!$A$3:$G$4201,3,0)) -> UN | F20: =F18 -> 8 | G20: =IF($B20="","",VLOOKUP($C20,'190 DESONERADO'!$A$3:$H$4201,6,0)) -> 514.65 | H20: =ROUND(G20*(1+$I$5),2) -> 664.72 | I20: =IF($B20="","",ROUND(F20*H20,2)) -> 5317.76
A21: 2.11 | B21: SIURB | C21: 06-66-01 | D21: Reforma de Boca de Leão simples | E21: un. | F21: 2 | G21: 923.89 | H21: =ROUND(G21*(1+$I$5),2) -> 1193.3 | I21: =IF($B21="","",ROUND(F21*H21,2)) -> 2386.6
A22: 3.0 | D22: RECOMPOSIÇÃO ASFÁLTICA | I22: =SUBTOTAL(9,I23:I29) -> #REF!
A23: 3.1 | B23: CDHU | C23: 54.06.040 | D23: =IF($B23="","",VLOOKUP($C23,'190 DESONERADO'!$A$3:$G$4201,2,0)) -> Guia pré-moldada reta tipo PMSP 100 - fck 25 MPa | E23: =IF($B23="","",VLOOKUP($C23,'197 ONERADO'!$A$3:$G$4201,3,0)) -> M | F23: =14*4 -> 56 | G23: =IF($B23="","",VLOOKUP($C23,'190 DESONERADO'!$A$3:$H$4201,6,0)) -> 53.4 | H23: =ROUND(G23*(1+$I$5),2) -> 68.97 | I23: =IF($B23="","",ROUND(F23*H23,2)) -> 3862.32
A24: 3.2 | B24: CDHU | C24: 54.06.170 | D24: =IF($B24="","",VLOOKUP($C24,'190 DESONERADO'!$A$3:$G$4201,2,0)) -> Sarjeta ou sarjetão moldado no local, tipo PMSP em concreto com fck 25 MPa | E24: =IF($B24="","",VLOOKUP($C24,'197 ONERADO'!$A$3:$G$4201,3,0)) -> M3 | F24: =#REF! -> #REF! | G24: =IF($B24="","",VLOOKUP($C24,'190 DESONERADO'!$A$3:$H$4201,6,0)) -> 813.2 | H24: =ROUND(G24*(1+$I$5),2) -> 1050.33 | I24: =IF($B24="","",ROUND(F24*H24,2)) -> #REF!
A25: 3.3 | B25: CDHU | C25: 54.01.050 | D25: =IF($B25="","",VLOOKUP($C25,'190 DESONERADO'!$A$3:$G$4201,2,0)) -> Compactação do subleito mínimo de 95% do PN | E25: =IF($B25="","",VLOOKUP($C25,'197 ONERADO'!$A$3:$G$4201,3,0)) -> m³ | F25: =#REF! -> #REF! | G25: =IF($B25="","",VLOOKUP($C25,'190 DESONERADO'!$A$3:$H$4201,6,0)) -> 22.27 | H25: =ROUND(G25*(1+$I$5),2) -> 28.76 | I25: =IF($B25="","",ROUND(F25*H25,2)) -> #REF!
A26: 3.4 | B26: CDHU | C26: 54.01.210 | D26: =IF($B26="","",VLOOKUP($C26,'190 DESONERADO'!$A$3:$G$4201,2,0)) -> Base de brita graduada | E26: =IF($B26="","",VLOOKUP($C26,'197 ONERADO'!$A$3:$G$4201,3,0)) -> m³ | F26: =#REF! -> #REF! | G26: =IF($B26="","",VLOOKUP($C26,'190 DESONERADO'!$A$3:$H$4201,6,0)) -> 244.09 | H26: =ROUND(G26*(1+$I$5),2) -> 315.27 | I26: =IF($B26="","",ROUND(F26*H26,2)) -> #REF!
A27: 3.5 | B27: CDHU | C27: 54.03.240 | D27: =IF($B27="","",VLOOKUP($C27,'190 DESONERADO'!$A$3:$G$4201,2,0)) -> Imprimação betuminosa impermeabilizante | E27: =IF($B27="","",VLOOKUP($C27,'197 ONERADO'!$A$3:$G$4201,3,0)) -> M2 | F27: =#REF! -> #REF! | G27: =IF($B27="","",VLOOKUP($C27,'190 DESONERADO'!$A$3:$H$4201,6,0)) -> 14.54 | H27: =ROUND(G27*(1+$I$5),2) -> 18.78 | I27: =IF($B27="","",ROUND(F27*H27,2)) -> #REF!
A28: 3.6 | B28: CDHU | C28: 54.03.230 | D28: =IF($B28="","",VLOOKUP($C28,'190 DESONERADO'!$A$3:$G$4201,2,0)) -> Imprimação betuminosa ligante | E28: =IF($B28="","",VLOOKUP($C28,'197 ONERADO'!$A$3:$G$4201,3,0)) -> M2 | F28: =F27 -> #REF! | G28: =IF($B28="","",VLOOKUP($C28,'190 DESONERADO'!$A$3:$H$4201,6,0)) -> 7.3 | H28: =ROUND(G28*(1+$I$5),2) -> 9.43 | I28: =IF($B28="","",ROUND(F28*H28,2)) -> #REF!
A29: 3.7 | B29: CDHU | C29: 54.03.210 | D29: =IF($B29="","",VLOOKUP($C29,'190 DESONERADO'!$A$3:$G$4201,2,0)) -> Camada de rolamento em concreto betuminoso usinado quente - CBUQ | E29: =IF($B29="","",VLOOKUP($C29,'197 ONERADO'!$A$3:$G$4201,3,0)) -> M3 | F29: =#REF! -> #REF! | G29: =IF($B29="","",VLOOKUP($C29,'190 DESONERADO'!$A$3:$H$4201,6,0)) -> 1541.7 | H29: =ROUND(G29*(1+$I$5),2) -> 1991.26 | I29: =IF($B29="","",ROUND(F29*H29,2)) -> #REF!
A30: 4.0 | D30: RECAPEAMENTO ASFÁLTICO | G30: =IF($B30="","",VLOOKUP($C30,'[1]BOLETIM 161'!$A$7:$F$4000,6,0)) | I30: =SUBTOTAL(9,I31:I34) -> #REF!
A31: 4.1 | B31: CDHU | C31: 54.06.170 | D31: =IF($B31="","",VLOOKUP($C31,'190 DESONERADO'!$A$3:$G$4201,2,0)) -> Sarjeta ou sarjetão moldado no local, tipo PMSP em concreto com fck 25 MPa | E31: =IF($B31="","",VLOOKUP($C31,'197 ONERADO'!$A$3:$G$4201,3,0)) -> M3 | F31: =#REF! -> #REF! | G31: =IF($B31="","",VLOOKUP($C31,'190 DESONERADO'!$A$3:$H$4201,6,0)) -> 813.2 | H31: =ROUND(G31*(1+$I$5),2) -> 1050.33 | I31: =IF($B31="","",ROUND(F31*H31,2)) -> #REF!
A32: 4.2 | B32: CDHU | C32: 03.07.050 | D32: =IF($B32="","",VLOOKUP($C32,'190 DESONERADO'!$A$3:$G$4201,2,0)) -> Fresagem de pavimento asfáltico com espessura até 5 cm, inclusive carregamento, transporte até 1 quilômetro e descarregamento | E32: =IF($B32="","",VLOOKUP($C32,'197 ONERADO'!$A$3:$G$4201,3,0)) -> M2 | F32: =#REF! -> #REF! | G32: =IF($B32="","",VLOOKUP($C32,'190 DESONERADO'!$A$3:$H$4201,6,0)) -> 10.13 | H32: =ROUND(G32*(1+$I$5),2) -> 13.08 | I32: =IF($B32="","",ROUND(F32*H32,2)) -> #REF!
A33: 4.3 | B33: CDHU | C33: 54.03.230 | D33: =IF($B33="","",VLOOKUP($C33,'190 DESONERADO'!$A$3:$G$4201,2,0)) -> Imprimação betuminosa ligante | E33: =IF($B33="","",VLOOKUP($C33,'197 ONERADO'!$A$3:$G$4201,3,0)) -> M2 | F33: =F32 -> #REF! | G33: =IF($B33="","",VLOOKUP($C33,'190 DESONERADO'!$A$3:$H$4201,6,0)) -> 7.3 | H33: =ROUND(G33*(1+$I$5),2) -> 9.43 | I33: =IF($B33="","",ROUND(F33*H33,2)) -> #REF!
A34: 4.4 | B34: CDHU | C34: 54.03.210 | D34: =IF($B34="","",VLOOKUP($C34,'190 DESONERADO'!$A$3:$G$4201,2,0)) -> Camada de rolamento em concreto betuminoso usinado quente - CBUQ | E34: =IF($B34="","",VLOOKUP($C34,'197 ONERADO'!$A$3:$G$4201,3,0)) -> M3 | F34: =#REF! -> #REF! | G34: =IF($B34="","",VLOOKUP($C34,'190 DESONERADO'!$A$3:$H$4201,6,0)) -> 1541.7 | H34: =ROUND(G34*(1+$I$5),2) -> 1991.26 | I34: =IF($B34="","",ROUND(F34*H34,2)) -> #REF!
A35: 5.0 | D35: ONDULAÇÕES TRANSVERSAIS | I35: =SUBTOTAL(9,I36:I38) -> #REF!
A36: 5.1 | B36: CDHU | C36: 54.03.230 | D36: =IF($B36="","",VLOOKUP($C36,'190 DESONERADO'!$A$3:$G$4201,2,0)) -> Imprimação betuminosa ligante | E36: =IF($B36="","",VLOOKUP($C36,'197 ONERADO'!$A$3:$G$4201,3,0)) -> M2 | F36: =#REF! -> #REF! | G36: =IF($B36="","",VLOOKUP($C36,'190 DESONERADO'!$A$3:$H$4201,6,0)) -> 7.3 | H36: =ROUND(G36*(1+$I$5),2) -> 9.43 | I36: =IF($B36="","",ROUND(F36*H36,2)) -> #REF!
A37: 5.2 | B37: CDHU | C37: 54.03.210 | D37: =IF($B37="","",VLOOKUP($C37,'190 DESONERADO'!$A$3:$G$4201,2,0)) -> Camada de rolamento em concreto betuminoso usinado quente - CBUQ | E37: =IF($B37="","",VLOOKUP($C37,'197 ONERADO'!$A$3:$G$4201,3,0)) -> M3 | F37: =#REF! -> #REF! | G37: =IF($B37="","",VLOOKUP($C37,'190 DESONERADO'!$A$3:$H$4201,6,0)) -> 1541.7 | H37: =ROUND(G37*(1+$I$5),2) -> 1991.26 | I37: =IF($B37="","",ROUND(F37*H37,2)) -> #REF!
A38: 5.3 | B38: CDHU | C38: 70.02.016 | D38: =IF($B38="","",VLOOKUP($C38,'190 DESONERADO'!$A$3:$G$4201,2,0)) -> Sinalização horizontal em massa termoplástica à quente por extrusão, espessura de 3,0 mm, para faixas | E38: =IF($B38="","",VLOOKUP($C38,'197 ONERADO'!$A$3:$G$4201,3,0)) -> M2 | F38: =#REF! -> #REF! | G38: =IF($B38="","",VLOOKUP($C38,'190 DESONERADO'!$A$3:$H$4201,6,0)) -> 108.92 | H38: =ROUND(G38*(1+$I$5),2) -> 140.68 | I38: =IF($B38="","",ROUND(F38*H38,2)) -> #REF!
A39: 6.0 | D39: TRAVESSIA ELEVADA DE PEDESTRES | I39: =SUBTOTAL(9,I40:I43) -> #REF!
A40: 6.1 | B40: CDHU | C40: 54.03.230 | D40: =IF($B40="","",VLOOKUP($C40,'190 DESONERADO'!$A$3:$G$4201,2,0)) -> Imprimação betuminosa ligante | E40: =IF($B40="","",VLOOKUP($C40,'197 ONERADO'!$A$3:$G$4201,3,0)) -> M2 | F40: =#REF! -> #REF! | G40: =IF($B40="","",VLOOKUP($C40,'190 DESONERADO'!$A$3:$H$4201,6,0)) -> 7.3 | H40: =ROUND(G40*(1+$I$5),2) -> 9.43 | I40: =IF($B40="","",ROUND(F40*H40,2)) -> #REF!
A41: 6.2 | B41: CDHU | C41: 54.03.210 | D41: =IF($B41="","",VLOOKUP($C41,'190 DESONERADO'!$A$3:$G$4201,2,0)) -> Camada de rolamento em concreto betuminoso usinado quente - CBUQ | E41: =IF($B41="","",VLOOKUP($C41,'197 ONERADO'!$A$3:$G$4201,3,0)) -> M3 | F41: =#REF! -> #REF! | G41: =IF($B41="","",VLOOKUP($C41,'190 DESONERADO'!$A$3:$H$4201,6,0)) -> 1541.7 | H41: =ROUND(G41*(1+$I$5),2) -> 1991.26 | I41: =IF($B41="","",ROUND(F41*H41,2)) -> #REF!
A42: 6.3 | B42: CDHU | C42: 70.02.016 | D42: =IF($B42="","",VLOOKUP($C42,'190 DESONERADO'!$A$3:$G$4201,2,0)) -> Sinalização horizontal em massa termoplástica à quente por extrusão, espessura de 3,0 mm, para faixas | E42: =IF($B42="","",VLOOKUP($C42,'197 ONERADO'!$A$3:$G$4201,3,0)) -> M2 | F42: =#REF! -> #REF! | G42: =IF($B42="","",VLOOKUP($C42,'190 DESONERADO'!$A$3:$H$4201,6,0)) -> 108.92 | H42: =ROUND(G42*(1+$I$5),2) -> 140.68 | I42: =IF($B42="","",ROUND(F42*H42,2)) -> #REF!
A43: 6.4 | B43: CDHU | C43: 49.06.170 | D43: =IF($B43="","",VLOOKUP($C43,'190 DESONERADO'!$A$3:$G$4201,2,0)) -> Grelha em alumínio fundido para caixas e canaletas - linha comercial | E43: =IF($B43="","",VLOOKUP($C43,'197 ONERADO'!$A$3:$G$4201,3,0)) -> M2 | F43: =#REF! -> #REF! | G43: =IF($B43="","",VLOOKUP($C43,'190 DESONERADO'!$A$3:$H$4201,6,0)) -> 1346.68 | H43: =ROUND(G43*(1+$I$5),2) -> 1739.37 | I43: =IF($B43="","",ROUND(F43*H43,2)) -> #REF!
A44: 7.0 | D44: SINALIZAÇÃO | I44: =SUBTOTAL(9,I45:I50) -> #REF!
A45: 7.1 | B45: CDHU | C45: 70.02.016 | D45: =IF($B45="","",VLOOKUP($C45,'190 DESONERADO'!$A$3:$G$4201,2,0)) -> Sinalização horizontal em massa termoplástica à quente por extrusão, espessura de 3,0 mm, para faixas | E45: =IF($B45="","",VLOOKUP($C45,'197 ONERADO'!$A$3:$G$4201,3,0)) -> M2 | F45: =#REF! -> #REF! | G45: =IF($B45="","",VLOOKUP($C45,'190 DESONERADO'!$A$3:$H$4201,6,0)) -> 108.92 | H45: =ROUND(G45*(1+$I$5),2) -> 140.68 | I45: =IF($B45="","",ROUND(F45*H45,2)) -> #REF!
A46: 7.2 | B46: CDHU | C46: 70.06.011 | D46: =IF($B46="","",VLOOKUP($C46,'190 DESONERADO'!$A$3:$G$4201,2,0)) -> Tacha tipo I bidirecional refletiva | E46: =IF($B46="","",VLOOKUP($C46,'197 ONERADO'!$A$3:$G$4201,3,0)) -> UN | F46: =#REF! -> #REF! | G46: =IF($B46="","",VLOOKUP($C46,'190 DESONERADO'!$A$3:$H$4201,6,0)) -> 31.36 | H46: =ROUND(G46*(1+$I$5),2) -> 40.5 | I46: =IF($B46="","",ROUND(F46*H46,2)) -> #REF!
A47: 7.3 | B47: CDHU | C47: 70.06.012 | D47: =IF($B47="","",VLOOKUP($C47,'190 DESONERADO'!$A$3:$G$4201,2,0)) -> Tacha tipo I monodirecional refletiva | E47: =IF($B47="","",VLOOKUP($C47,'197 ONERADO'!$A$3:$G$4201,3,0)) -> UN | F47: =#REF! -> #REF! | G47: =IF($B47="","",VLOOKUP($C47,'190 DESONERADO'!$A$3:$H$4201,6,0)) -> 27.24 | H47: =ROUND(G47*(1+$I$5),2) -> 35.18 | I47: =IF($B47="","",ROUND(F47*H47,2)) -> #REF!
A48: 7.4 | B48: CDHU | C48: 70.06.020 | D48: =IF($B48="","",VLOOKUP($C48,'190 DESONERADO'!$A$3:$G$4201,2,0)) -> Tachão tipo I bidirecional refletivo | E48: =IF($B48="","",VLOOKUP($C48,'197 ONERADO'!$A$3:$G$4201,3,0)) -> UN | F48: =24*2 -> 48 | G48: =IF($B48="","",VLOOKUP($C48,'190 DESONERADO'!$A$3:$H$4201,6,0)) -> 81.42 | H48: =ROUND(G48*(1+$I$5),2) -> 105.16 | I48: =IF($B48="","",ROUND(F48*H48,2)) -> 5047.68
A49: 7.5 | B49: CDHU | C49: 70.03.003 | D49: =IF($B49="","",VLOOKUP($C49,'190 DESONERADO'!$A$3:$G$4201,2,0)) -> Placa para sinalização viária em chapa de aço, totalmente refletiva com película III/III - área até 2,0 m² | E49: =IF($B49="","",VLOOKUP($C49,'197 ONERADO'!$A$3:$G$4201,3,0)) -> m² | F49: =#REF! -> #REF! | G49: =IF($B49="","",VLOOKUP($C49,'190 DESONERADO'!$A$3:$H$4201,6,0)) -> 1613.4 | H49: =ROUND(G49*(1+$I$5),2) -> 2083.87 | I49: =IF($B49="","",ROUND(F49*H49,2)) -> #REF!
A50: 7.6 | B50: CDHU | C50: 97.05.140 | D50: =IF($B50="","",VLOOKUP($C50,'190 DESONERADO'!$A$3:$G$4201,2,0)) -> Suporte de perfil metálico galvanizado | E50: =IF($B50="","",VLOOKUP($C50,'197 ONERADO'!$A$3:$G$4201,3,0)) -> kg | F50: =#REF! -> #REF! | G50: =IF($B50="","",VLOOKUP($C50,'190 DESONERADO'!$A$3:$H$4201,6,0)) -> 26.24 | H50: =ROUND(G50*(1+$I$5),2) -> 33.89 | I50: =IF($B50="","",ROUND(F50*H50,2)) -> #REF!
C51: TOTAL GERAL | I51: =SUBTOTAL(9,I7:I50) -> #REF!
I53: Santa Branca, 28 de novembro de 2021.
A55: Joel Frederico Pereira Junior
A56: Assessor de Engenharia de Tráfego e Trânsito
A57: Engenheiro Civil - CREA/SP: 5063632920
A59: Arthur Ribeiro Alvares Pimenta
A60: Secretário Municipal de Serviços, Obras e Transportes
A61: Engenheiro Civil - CREA/SP: 5069103559

Sheet supera
A1: MUNICÍPIO DE SANTA BRANCA - Secretaria Municipal de Serviços, Obras e Transportes
A2: RUA PRUDENTE DE MORAES, 93, CENTRO, CEP 12380-000 - SANTA BRANCA - SP
A4: OBJETO: | D4: CONSTRUÇÃO DE TRAVESSIA NA RUA UM NO MUNICÍPIO DE SANTA BRANCA-SP.
A5: OBRA: | D5: EXECUÇÃO DE CONSTRUÇÃO DE TRAVESSIA SOBRE CÓRREGO
A6: COORDENADAS: | D6: LAT: -23,383211º ; LONG: -45,865523º
A7: LOCAL: | D7: RUA UM, CHÁCARAS SANTA TEREZINHA, SANTA BRANCA - SP
A8: ART: | D8: 2620240701822 (FISCALIZAÇÃO E ORÇAMENTO)
A9: REFERÊNCIA: | D9: BOLETIM CDHU 193 NÃO DESONERADA / TPU DER-SP 12-2023
A10: DBI: | D10: 0.23
A12: PLANILHA ORÇAMENTÁRIA
A14: ITEM | B14: CÓDIGO | C14: FONTE | D14: DESCRIÇÃO | E14: UNID. | F14: QUANT. | G14: VALOR UNIT. | H14: VALOR COM BDI | I14: TOTAL
A15: 1.0 | D15: SERVIÇOS PRELIMINARES | G15: =IF($C15="","",VLOOKUP($B15,'[1]BOLETIM 161'!$A$7:$F$4000,6,0)) | I15: =SUBTOTAL(9,I16:I19) -> 11412.94
A16: 1.1 | B16: 103689 | C16: SINAPI | D16: Fornecimento e instalação de placa de obra com chapa galvanizada e estrutura de madeira. AF_03/2022_PS | E16: m² | F16: 6 | G16: 320.49 | H16: =ROUND(G16*(1+$D$10),2) -> 394.2 | I16: =IF($C16="","",ROUND(F16*H16,2)) -> 2365.2
A17: 1.2 | B17: 02.01.180 | C17: CDHU | D17: =IF($C17="","",VLOOKUP($B17,'197 ONERADO'!$A$3:$G$4201,2,0)) -> Banheiro químico modelo Standard, com manutenção conforme exigências da CETESB | E17: =IF($C17="","",VLOOKUP($B17,'197 ONERADO'!$A$3:$G$4201,3,0)) -> UNMES | F17: 3 | G17: =IF($C17="","",VLOOKUP($B17,'197 ONERADO'!$A$3:$H$4201,6,0)) -> 1221.16 | H17: =ROUND(G17*(1+$D$10),2) -> 1502.03 | I17: =IF($C17="","",ROUND(F17*H17,2)) -> 4506.09 | L17: 02.10.060
A18: 1.3 | B18: 01.17.061 | C18: CDHU | D18: =IF($C18="","",VLOOKUP($B18,'197 ONERADO'!$A$3:$G$4201,2,0)) -> Projeto executivo de estrutura em formato A0 | E18: =IF($C18="","",VLOOKUP($B18,'197 ONERADO'!$A$3:$G$4201,3,0)) -> UN | F18: 1 | G18: =IF($C18="","",VLOOKUP($B18,'197 ONERADO'!$A$3:$H$4201,6,0)) -> 3431.33 | H18: =ROUND(G18*(1+$C$10),2) -> 3431.33 | I18: =IF($C18="","",ROUND(F18*H18,2)) -> 3431.33
A19: 1.4 | B19: 02.10.060 | C19: CDHU | D19: =IF($C19="","",VLOOKUP($B19,'197 ONERADO'!$A$3:$G$4201,2,0)) -> Locação de vias, calçadas, tanques e lagoas | E19: =IF($C19="","",VLOOKUP($B19,'197 ONERADO'!$A$3:$G$4201,3,0)) -> M2 | F19: ='BRÁS_ PONTE'!AG9 -> 497.9 | G19: =IF($C19="","",VLOOKUP($B19,'197 ONERADO'!$A$3:$H$4201,6,0)) -> 1.81 | H19: =ROUND(G19*(1+$D$10),2) -> 2.23 | I19: =IF($C19="","",ROUND(F19*H19,2)) -> 1110.32
A20: 2.0 | D20: TRAVESSIA (PONTE) | G20: =IF($C20="","",VLOOKUP($B20,'[1]BOLETIM 161'!$A$7:$F$4000,6,0)) | I20: =SUBTOTAL(9,I21:I35) -> #REF!
A21: 2.1 | B21: 07.01.060 | C21: CDHU | D21: =IF($C21="","",VLOOKUP($B21,'197 ONERADO'!$A$3:$G$4201,2,0)) -> Escavação e carga mecanizada em solo de 2ª categoria, em campo aberto | E21: =IF($C21="","",VLOOKUP($B21,'197 ONERADO'!$A$3:$G$4201,3,0)) -> M3 | F21: ='BRÁS_ PONTE'!AA5 -> 258.56 | G21: =IF($C21="","",VLOOKUP($B21,'197 ONERADO'!$A$3:$H$4201,6,0)) -> 34.37 | H21: =ROUND(G21*(1+$D$10),2) -> 42.28 | I21: =IF($C21="","",ROUND(F21*H21,2)) -> 10931.92
A22: 2.2 | B22: 07.11.020 | C22: CDHU | D22: =IF($C22="","",VLOOKUP($B22,'197 ONERADO'!$A$3:$G$4201,2,0)) -> Reaterro compactado mecanizado de vala ou cava com compactador | E22: =IF($C22="","",VLOOKUP($B22,'197 ONERADO'!$A$3:$G$4201,3,0)) -> M3 | F22: ='BRÁS_ PONTE'!AA15 -> 124 | G22: =IF($C22="","",VLOOKUP($B22,'197 ONERADO'!$A$3:$H$4201,6,0)) -> 7.05 | H22: =ROUND(G22*(1+$D$10),2) -> 8.67 | I22: =IF($C22="","",ROUND(F22*H22,2)) -> 1075.08
A23: 2.3 | B23: 11.18.140 | C23: CDHU | D23: =IF($C23="","",VLOOKUP($B23,'197 ONERADO'!$A$3:$G$4201,2,0)) -> Lastro e/ou fundação em rachão mecanizado | E23: =IF($C23="","",VLOOKUP($B23,'197 ONERADO'!$A$3:$G$4201,3,0)) -> M3 | F23: ='BRÁS_ PONTE'!F15 -> 53.13 | G23: =IF($C23="","",VLOOKUP($B23,'197 ONERADO'!$A$3:$H$4201,6,0)) -> 253.48 | H23: =ROUND(G23*(1+$D$10),2) -> 311.78 | I23: =IF($C23="","",ROUND(F23*H23,2)) -> 16564.87
A24: 2.4 | B24: 08.05.190 | C24: CDHU | D24: =IF($C24="","",VLOOKUP($B24,'197 ONERADO'!$A$3:$G$4201,2,0)) -> Manta geotêxtil com resistência à tração longitudinal de 16kN/m e transversal de 14kN/m | E24: =IF($C24="","",VLOOKUP($B24,'197 ONERADO'!$A$3:$G$4201,3,0)) -> M2 | F24: =(3*2+5.8)*8 -> 94.4 | G24: =IF($C24="","",VLOOKUP($B24,'197 ONERADO'!$A$3:$H$4201,6,0)) -> 23.43 | H24: =ROUND(G24*(1+$D$10),2) -> 28.82 | I24: =IF($C24="","",ROUND(F24*H24,2)) -> 2720.61
A25: 2.5 | B25: 15.05.520 | C25: CDHU | D25: =IF($C25="","",VLOOKUP($B25,'197 ONERADO'!$A$3:$G$4201,2,0)) -> Placas, vigas e pilares em concreto armado pré-moldado - fck= 35 MPa | E25: =IF($C25="","",VLOOKUP($B25,'197 ONERADO'!$A$3:$G$4201,3,0)) -> M3 | F25: ='BRÁS_ PONTE'!E39 -> 7.22 | G25: =IF($C25="","",VLOOKUP($B25,'197 ONERADO'!$A$3:$H$4201,6,0)) -> 3189.98 | H25: =ROUND(G25*(1+$D$10),2) -> 3923.68 | I25: =IF($C25="","",ROUND(F25*H25,2)) -> 28328.97
A26: 2.6 | B26: 26.11.08.01 | C26: TPU_DER-SP | D26: Barreira de segurança para obra de artes especial Conf. PP-DE_C01/293 | E26: m | F26: ='BRÁS_ PONTE'!C25 -> 18 | G26: 690.43 | H26: =ROUND(G26*(1+$C$10),2) -> 690.43 | I26: =IF($C26="","",ROUND(F26*H26,2)) -> 12427.74
A27: 2.7 | B27: Mercado | C27: Mercado | D27: Aduela de concreto armado pré-fabricado 2,50 x 2,50 m. | E27: m | F27: 16 | G27: ='COMP. 1'!#REF! -> #REF! | H27: =ROUND(G27*(1+$C$10),2) -> #REF! | I27: =IF($C27="","",ROUND(F27*H27,2)) -> #REF!
A28: 2.8 | B28: 09.02.020 | C28: CDHU | D28: =IF($C28="","",VLOOKUP($B28,'197 ONERADO'!$A$3:$G$4201,2,0)) -> Forma plana em compensado para estrutura convencional | E28: =IF($C28="","",VLOOKUP($B28,'197 ONERADO'!$A$3:$G$4201,3,0)) -> M2 | F28: ='BRÁS_ PONTE'!N7 -> 10.68 | G28: =IF($C28="","",VLOOKUP($B28,'197 ONERADO'!$A$3:$H$4201,6,0)) -> 199.12 | H28: =ROUND(G28*(1+$D$10),2) -> 244.92 | I28: =IF($C28="","",ROUND(F28*H28,2)) -> 2615.75
A29: 2.9 | B29: 11.01.160 | C29: CDHU | D29: =IF($C29="","",VLOOKUP($B29,'197 ONERADO'!$A$3:$G$4201,2,0)) -> Concreto usinado, fck = 30 MPa | E29: =IF($C29="","",VLOOKUP($B29,'197 ONERADO'!$A$3:$G$4201,3,0)) -> M3 | F29: ='BRÁS_ PONTE'!O7 -> 1.4 | G29: =IF($C29="","",VLOOKUP($B29,'197 ONERADO'!$A$3:$H$4201,6,0)) -> 534.82 | H29: =ROUND(G29*(1+$D$10),2) -> 657.83 | I29: =IF($C29="","",ROUND(F29*H29,2)) -> 920.96
A30: 2.10 | B30: 11.16.060 | C30: CDHU | D30: =IF($C30="","",VLOOKUP($B30,'197 ONERADO'!$A$3:$G$4201,2,0)) -> Lançamento e adensamento de concreto ou massa em estrutura | E30: =IF($C30="","",VLOOKUP($B30,'197 ONERADO'!$A$3:$G$4201,3,0)) -> M3 | F30: =F29 -> 1.4 | G30: =IF($C30="","",VLOOKUP($B30,'197 ONERADO'!$A$3:$H$4201,6,0)) -> 124.86 | H30: =ROUND(G30*(1+$D$10),2) -> 153.58 | I30: =IF($C30="","",ROUND(F30*H30,2)) -> 215.01
A31: 2.11 | B31: 10.01.040 | C31: CDHU | D31: =IF($C31="","",VLOOKUP($B31,'197 ONERADO'!$A$3:$G$4201,2,0)) -> Armadura em barra de aço CA-50 (A ou B) fyk = 500 MPa | E31: =IF($C31="","",VLOOKUP($B31,'197 ONERADO'!$A$3:$G$4201,3,0)) -> KG | F31: ='BRÁS_ PONTE'!Q7 -> 112 | G31: =IF($C31="","",VLOOKUP($B31,'197 ONERADO'!$A$3:$H$4201,6,0)) -> 10.75 | H31: =ROUND(G31*(1+$D$10),2) -> 13.22 | I31: =IF($C31="","",ROUND(F31*H31,2)) -> 1480.64
A32: 2.12 | B32: 01.23.232 | C32: CDHU | D32: =IF($C32="","",VLOOKUP($B32,'197 ONERADO'!$A$3:$G$4201,2,0)) -> Furação para 12,5mm x 150mm em concreto armado, inclusive colagem de armadura (para 10mm) | E32: =IF($C32="","",VLOOKUP($B32,'197 ONERADO'!$A$3:$G$4201,3,0)) -> UN | F32: ='BRÁS_ PONTE'!K12 -> 120 | G32: =IF($C32="","",VLOOKUP($B32,'197 ONERADO'!$A$3:$H$4201,6,0)) -> 21.67 | H32: =ROUND(G32*(1+$D$10),2) -> 26.65 | I32: =IF($C32="","",ROUND(F32*H32,2)) -> 3198
A33: 2.13 | B33: 54.01.210 | C33: CDHU | D33: =IF($C33="","",VLOOKUP($B33,'197 ONERADO'!$A$3:$G$4201,2,0)) -> Base de brita graduada | E33: =IF($C33="","",VLOOKUP($B33,'197 ONERADO'!$A$3:$G$4201,3,0)) -> m³ | F33: ='BRÁS_ PONTE'!AI9 -> 149.37 | G33: =IF($C33="","",VLOOKUP($B33,'197 ONERADO'!$A$3:$H$4201,6,0)) -> 268.31 | H33: =ROUND(G33*(1+$D$10),2) -> 330.02 | I33: =IF($C33="","",ROUND(F33*H33,2)) -> 49295.09
A34: 2.14 | B34: 08.10.108 | C34: CDHU | D34: =IF($C34="","",VLOOKUP($B34,'197 ONERADO'!$A$3:$G$4201,2,0)) -> Gabião tipo caixa em tela metálica, altura de 0,5 m, com revestimento liga zinco/alumínio, malha hexagonal 8/10 cm, fio diâmetro 2,7 mm, independente do formato ou utilização | E34: =IF($C34="","",VLOOKUP($B34,'197 ONERADO'!$A$3:$G$4201,3,0)) -> m³ | F34: =ROUND(6*6.9*0.5,2) -> 20.7 | G34: =IF($C34="","",VLOOKUP($B34,'197 ONERADO'!$A$3:$H$4201,6,0)) -> 940.14 | H34: =ROUND(G34*(1+$D$10),2) -> 1156.37 | I34: =IF($C34="","",ROUND(F34*H34,2)) -> 23936.86
A35: 2.15 | B35: 33.10.050 | C35: CDHU | D35: =IF($C35="","",VLOOKUP($B35,'197 ONERADO'!$A$3:$G$4201,2,0)) -> Tinta acrílica em massa, inclusive preparo | E35: =IF($C35="","",VLOOKUP($B35,'197 ONERADO'!$A$3:$G$4201,3,0)) -> m² | F35: ='BRÁS_ PONTE'!AO9 -> 73.66 | G35: =IF($C35="","",VLOOKUP($B35,'197 ONERADO'!$A$3:$H$4201,6,0)) -> 34.11 | H35: =ROUND(G35*(1+$D$10),2) -> 41.96 | I35: =IF($C35="","",ROUND(F35*H35,2)) -> 3090.77
B36: TOTAL GERAL | I36: =SUBTOTAL(9,I15:I35) -> #REF! | L36: =I36*0.97 -> #REF!
I39: Santa Branca, 16 de maio de 2024.
A41: Arthur Ribeiro Alvares Pimenta
A42: Secretário Municipal de Serviços, Obras e Transportes
A43: Engenheiro Civil - CREA/SP: 5069103559

Sheet 197 ONERADO
B1: COMPANHIA DE DESENVOLVIMENTO HABITACIONAL E URBANO
A2: DO ESTADO DE SÃO PAULO
A3: BOLETIM REFERENCIAL DE CUSTOS - TABELA DE SERVIÇOS
A4: SEM DESONERAÇÃO
F5: Versão 197
E6: Data Base: | F6: FEV/25
C7: BDI : | D7: 0 | E7: L.S.: | F7: 1.2823
A8: Referência | B8: Descrição | C8: Un | D8: Material | E8: Mão de Obra | F8: Custo Total
A9: 01 | B9: SERVICO TECNICO ESPECIALIZADO | G9: 2
A10: 01.02 | B10: Parecer técnico | G10: 5
A11: 01.02.071 | B11: Parecer técnico de fundações, contenções e recomendações gerais, para empreendimentos com área construída até 1.000 m² | C11: UN | E11: 6797.2 | F11: 6797.2 | G11: 9
A12: 01.02.081 | B12: Parecer técnico de fundações, contenções e recomendações gerais, para empreendimentos com área construída de 1.001 a 2.000 m² | C12: UN | E12: 9038.95 | F12: 9038.95 | G12: 9
A13: 01.02.091 | B13: Parecer técnico de fundações, contenções e recomendações gerais, para empreendimentos com área construída de 2.001 a 5.000 m² | C13: UN | E13: 15440.54 | F13: 15440.54 | G13: 9
A14: 01.02.101 | B14: Parecer técnico de fundações, contenções e recomendações gerais, para empreendimentos com área construída de 5.001 a 10.000 m² | C14: UN | E14: 21170.81 | F14: 21170.81 | G14: 9
A15: 01.02.111 | B15: Parecer técnico de fundações, contenções e recomendações gerais, para empreendimentos com área construída acima de 10.000 m² | C15: UN | E15: 24671.3 | F15: 24671.3 | G15: 9
A16: 01.06 | B16: Projeto de instalações elétricas | G16: 5
A17: 01.06.021 | B17: Elaboração de projeto de adequação de entrada de energia elétrica junto a concessionária, com medição em baixa tensão e demanda até 75 kVA | C17: UN | E17: 8682.2 | F17: 8682.2 | G17: 9
A18: 01.06.031 | B18: Elaboração de projeto de adequação de entrada de energia elétrica junto a concessionária, com medição em média tensão, subestação simplificada e demanda de 75 kVA a 300 kVA | C18: UN | E18: 14706.14 | F18: 14706.14 | G18: 9
A19: 01.06.032 | B19: Elaboração de projeto de adequação de entrada de energia elétrica junto a concessionária, com medição em média tensão e demanda de 75 kVA a 300 kVA | C19: UN | E19: 19900 | F19: 19900 | G19: 9
A20: 01.06.041 | B20: Elaboração de projeto de adequação de entrada de energia elétrica junto a concessionária, com medição em média tensão e demanda acima de 300 kVA a 2 MVA | C20: UN | E20: 26469.2 | F20: 26469.2 | G20: 9
A21: 01.17 | B21: Projeto executivo | G21: 5
A22: 01.17.031 | B22: Projeto executivo de arquitetura em formato A1 | C22: UN | E22: 3419.6 | F22: 3419.6 | G22: 9
A23: 01.17.041 | B23: Projeto executivo de arquitetura em formato A0 | C23: UN | E23: 4622.97 | F23: 4622.97 | G23: 9
A24: 01.17.051 | B24: Projeto executivo de estrutura em formato A1 | C24: UN | E24: 2507.91 | F24: 2507.91 | G24: 9
A25: 01.17.061 | B25: Projeto executivo de estrutura em formato A0 | C25: UN | E25: 3431.33 | F25: 3431.33 | G25: 9
A26: 01.17.071 | B26: Projeto executivo de instalações hidráulicas em formato A1 | C26: UN | E26: 1076.66 | F26: 1076.66 | G26: 9
A27: 01.17.081 | B27: Projeto executivo de instalações hidráulicas em formato A0 | C27: UN | E27: 1433.17 | F27: 1433.17 | G27: 9
A28: 01.17.111 | B28: Projeto executivo de instalações elétricas em formato A1 | C28: UN | E28: 1195.58 | F28: 1195.58 | G28: 9
A29: 01.17.121 | B29: Projeto executivo de instalações elétricas em formato A0 | C29: UN | E29: 1657.76 | F29: 1657.76 | G29: 9
A30: 01.17.151 | B30: Projeto executivo de climatização em formato A1 | C30: UN | E30: 2301.27 | F30: 2301.27 | G30: 9
A31: 01.17.161 | B31: Projeto executivo de climatização em formato A0 | C31: UN | E31: 3136.88 | F31: 3136.88 | G31: 9
A32: 01.17.171 | B32: Projeto executivo de chuveiros automáticos em formato A1 | C32: UN | E32: 1986.79 | F32: 1986.79 | G32: 9
A33: 01.17.181 | B33: Projeto executivo de chuveiros automáticos em formato A0 | C33: UN | E33: 2568.01 | F33: 2568.01 | G33: 9
A34: 01.20 | B34: Levantamento topográfico e geofísico | G34: 5
A35: 01.20.010 | B35: Taxa de mobilização e desmobilização de equipamentos para execução de levantamento topográfico | C35: TX | D35: 1148.01 | F35: 1148.01 | G35: 9
A36: 01.20.280 | B36: Levantamento planimétrico de área pavimentada para veículo e pedestre | C36: M2 | D36: 0.05 | E36: 0.16 | F36: 0.21 | G36: 9
A37: 01.20.691 | B37: Levantamento planimétrico cadastral com áreas ocupadas predominantemente por comunidades - área até 20.000 m² (mínimo de 3.500 m²) | C37: M2 | D37: 0.39 | E37: 0.56 | F37: 0.95 | G37: 9
A38: 01.20.701 | B38: Levantamento planimétrico cadastral com áreas ocupadas predominantemente por comunidades - área acima de 20.000 m² até 200.000 m² | C38: M2 | D38: 0.32 | E38: 0.42 | F38: 0.74 | G38: 9
A39: 01.20.711 | B39: Levantamento planimétrico cadastral com áreas ocupadas predominantemente por comunidades - área acima de 200.000 m² | C39: M2 | D39: 0.26 | E39: 0.35 | F39: 0.61 | G39: 9
A40: 01.20.721 | B40: Levantamento planimétrico cadastral com áreas até 50% de ocupação - área até 20.000 m² (mínimo de 3.500 m²) | C40: M2 | D40: 0.35 | E40: 0.48 | F40: 0.83 | G40: 9
A41: 01.20.731 | B41: Levantamento planimétrico cadastral com áreas até 50% de ocupação - área acima de 20.000 m² até 200.000 m² | C41: M2 | D41: 0.17 | E41: 0.54 | F41: 0.71 | G41: 9
A42: 01.20.741 | B42: Levantamento planimétrico cadastral com áreas até 50% de ocupação - área acima de 200.000 m² | C42: M2 | D42: 0.22 | E42: 0.31 | F42: 0.53 | G42: 9
A43: 01.20.751 | B43: Levantamento planimétrico cadastral com áreas acima de 50% de ocupação - área até 20.000 m² (mínimo de 4.000 m²) | C43: M2 | D43: 0.31 | E43: 0.42 | F43: 0.73 | G43: 9
A44: 01.20.761 | B44: Levantamento planimétrico cadastral com áreas acima de 50% de ocupação - área acima de 20.000 m² até 200.000 m² | C44: M2 | D44: 0.27 | E44: 0.37 | F44: 0.64 | G44: 9
A45: 01.20.771 | B45: Levantamento planimétrico cadastral com áreas acima de 50% de ocupação - área acima de 200.000 m² | C45: M2 | D45: 0.26 | E45: 0.36 | F45: 0.62 | G45: 9
A46: 01.20.781 | B46: Levantamento planialtimétrico cadastral com áreas ocupadas predominantemente por comunidades - área até 20.000 m² (mínimo de 3.500 m²) | C46: M2 | D46: 0.43 | E46: 0.59 | F46: 1.02 | G46: 9
A47: 01.20.791 | B47: Levantamento planialtimétrico cadastral com áreas ocupadas predominantemente por comunidades - área acima de 20.000 m² até 200.000 m² | C47: M2 | D47: 0.34 | E47: 0.47 | F47: 0.81 | G47: 9
... A60: 01.20.921 | B60: Implantação de marcos através de levantamento com GPS (mínimo de 3 marcos) | C60: UN | D60: 708.99 | E60: 485.33 | F60: 1194.32 | G60: 9
A61: 01.21 | B61: Estudo geotecnico (sondagem) | G61: 5
A62: 01.21.010 | B62: Taxa de mobilização e desmobilização de equipamentos para execução de sondagem | C62: TX | D62: 1285.68 | F62: 1285.68 | G62: 9
A63: 01.21.090 | B63: Taxa de mobilização e desmobilização de equipamentos para execução de sondagem rotativa | C63: TX | D63: 6660.6 | F63: 6660.6 | G63: 9
A64: 01.21.100 | B64: Sondagem do terreno a trado | C64: M | D64: 97.94 | F64: 97.94 | G64: 9
A65: 01.21.110 | B65: Sondagem do terreno à percussão (mínimo de 30 m) | C65: M | D65: 89.71 | F65: 89.71 | G65: 9
A66: 01.21.120 | B66: Sondagem do terreno rotativa em solo | C66: M | D66: 398.67 | F66: 398.67 | G66: 9
A67: 01.21.130 | B67: Sondagem do terreno rotativa em rocha | C67: M | D67: 638.01 | F67: 638.01 | G67: 9
A68: 01.21.140 | B68: Sondagem do terreno à percussão com a utilização de torquímetro (mínimo de 30 m) | C68: M | D68: 94.44 | F68: 94.44 | G68: 9
A69: 01.23 | B69: Tratamento, recuperação e trabalhos especiais em concreto | G69: 5
A70: 01.23.010 | B70: Taxa de mobilização e desmobilização de equipamentos para execução de corte em concreto armado | C70: TX | D70: 405.36 | F70: 405.36 | G70: 9
A71: 01.23.020 | B71: Limpeza de armadura com escova de aço | C71: M2 | D71: 2.83 | E71: 6.43 | F71: 9.26 | G71: 9
A72: 01.23.030 | B72: Preparo de ponte de aderência com adesivo a base de epóxi | C72: M2 | D72: 102.6 | E72: 47.52 | F72: 150.12 | G72: 9
A73: 01.23.056 | B73: Tratamento de armadura com produto anticorrosivo a base de zinco | C73: M2 | D73: 24.82 | E73: 45.3 | F73: 70.12 | G73: 9
A74: 01.23.060 | B74: Corte de concreto deteriorado inclusive remoção dos detritos | C74: M2 | E74: 32.15 | F74: 32.15 | G74: 9
A75: 01.23.070 | B75: Demarcação de área com disco de corte diamantado | C75: M | D75: 1.05 | E75: 4.75 | F75: 5.8 | G75: 9
A76: 01.23.100 | B76: Demolição de concreto armado com preservação de armadura, para reforço e recuperação estrutural | C76: M3 | E76: 485.18 | F76: 485.18 | G76: 9
A77: 01.23.140 | B77: Furação de 1 1/4´ em concreto armado | C77: M | D77: 242.99 | F77: 242.99 | G77: 9
A78: 01.23.150 | B78: Furação de 1 1/2´ em concreto armado | C78: M | D78: 276.85 | F78: 276.85 | G78: 9
A79: 01.23.160 | B79: Furação de 2 1/4´ em concreto armado | C79: M | D79: 359.6 | F79: 359.6 | G79: 9
A80: 01.23.190 | B80: Furação de 2 1/2´ em concreto armado | C80: M | D80: 368.68 | F80: 368.68 | G80: 9
A81: 01.23.200 | B81: Taxa de mobilização e desmobilização de equipamentos para execução de perfuração em concreto | C81: TX | D81: 250.87 | F81: 250.87 | G81: 9
A82: 01.23.221 | B82: Furação para até 10mm x 100mm em concreto armado, inclusive colagem de armadura (para até 8mm) | C82: UN | D82: 12.99 | F82: 12.99 | G82: 9
A83: 01.23.222 | B83: Furação para 12,5mm x 100mm em concreto armado, inclusive colagem de armadura (para 10mm) | C83: UN | D83: 14.94 | F83: 14.94 | G83: 9
A84: 01.23.223 | B84: Furação para 16mm x 100mm em concreto armado, inclusive colagem de armadura (para 12,5mm) | C84: UN | D84: 15.98 | F84: 15.98 | G84: 9
A85: 01.23.231 | B85: Furação para até 10mm x 150mm em concreto armado, inclusive colagem de armadura (para até 8mm) | C85: UN | D85: 19.88 | F85: 19.88 | G85: 9
A86: 01.23.232 | B86: Furação para 12,5mm x 150mm em concreto armado, inclusive colagem de armadura (para 10mm) | C86: UN | D86: 21.67 | F86: 21.67 | G86: 9
A87: 01.23.233 | B87: Furação para 16mm x 150mm em concreto armado, inclusive colagem de armadura (para 12,5mm) | C87: UN | D87: 24.1 | F87: 24.1 | G87: 9
A88: 01.23.234 | B88: Furação para 20mm x 150mm em concreto armado, inclusive colagem de armadura (para 16mm) | C88: UN | D88: 26.31 | F88: 26.31 | G88: 9
... A99: 01.23.510 | B99: Corte vertical em concreto armado, espessura de 15 cm | C99: M | D99: 216.75 | F99: 216.75 | G99: 9
A100: 01.23.700 | B100: Taxa de mobilização e desmobilização para reforço estrutural com fibra de carbono | C100: TX | D100: 1624.16 | E100: 4362.15 | F100: 5986.31 | G100: 9
A101: 01.23.701 | B101: Preparação de substrato para colagem de fibra de carbono, mediante lixamento e/ou apicoamento e escovação | C101: M2 | D101: 7.06 | E101: 46.45 | F101: 53.51 | G101: 9
A102: 01.23.702 | B102: Fibra de carbono para reforço estrutural de alta resistência - 300 g/m² | C102: M2 | D102: 169.43 | E102: 330.4 | F102: 499.83 | G102: 9
A103: 01.27 | B103: Estudo e programa ambientais | G103: 5
A104: 01.27.011 | B104: Projeto e implementação de gerenciamento integrado de resíduos sólidos e gestão de perdas | C104: UN | D104: 204.15 | E104: 9635.55 | F104: 9839.7 | G104: 9
A105: 01.27.021 | B105: Projeto e implementação de educação ambiental | C105: UN | D105: 204.15 | E105: 12906.85 | F105: 13111 | G105: 9
A106: 01.27.031 | B106: Projeto e implementação de controle ambiental de obra | C106: UN | D106: 204.15 | E106: 11420.55 | F106: 11624.7 | G106: 9
A107: 01.27.041 | B107: Laudo de caracterização de vegetação | C107: UN | D107: 587.4 | E107: 26595.53 | F107: 27182.93 | G107: 9
A108: 01.27.051 | B108: Laudo de caracterização da fauna associada à flora | C108: UN | D108: 587.4 | E108: 40810.23 | F108: 41397.63 | G108: 9
A109: 01.27.061 | B109: Projeto e implementação de monitoramento da fauna durante a obra | C109: UN | D109: 587.4 | E109: 16178.25 | F109: 16765.65 | G109: 9
A110: 01.27.071 | B110: Laudo de autodepuração | C110: UN | D110: 477.9 | E110: 19417.65 | F110: 19895.55 | G110: 9
A111: 01.27.091 | B111: Estudo de impacto de vizinhança, em área urbana até 10.000 m² | C111: UN | D111: 291.75 | E111: 31450.8 | F111: 31742.55 | G111: 9
A112: 01.28 | B112: Poço profundo | G112: 5
A113: 01.28.010 | B113: Taxa de mobilização e desmobilização de equipamentos para execução de perfuração para poço profundo - profundidade até 200 m | C113: TX | D113: 8405.03 | F113: 8405.03 | G113: 9
A114: 01.28.020 | B114: Taxa de mobilização e desmobilização de equipamentos para execução de perfuração para poço profundo - profundidade acima de 200 m e até 300 m | C114: TX | D114: 12987.48 | F114: 12987.48 | G114: 9
A115: 01.28.030 | B115: Taxa de mobilização e desmobilização de equipamentos para execução de perfuração para poço profundo - profundidade acima de 300 m | C115: TX | D115: 13001.16 | F115: 13001.16 | G115: 9
A116: 01.28.040 | B116: Perfuração rotativa para poço profundo em camadas de solos sedimentares, diâmetro de 8 1/2" (215,90 mm) | C116: M | D116: 702.4 | F116: 702.4 | G116: 9
A117: 01.28.050 | B117: Perfuração rotativa para poço profundo em aluvião, arenito, ou solos sedimentados em geral, diâmetro de 10" (250 mm) | C117: M | D117: 489.45 | F117: 489.45 | G117: 9
A118: 01.28.060 | B118: Perfuração rotativa para poço profundo em aluvião, arenito, ou solos sedimentados em geral, diâmetro de 12" (300 mm) | C118: M | D118: 1269.65 | F118: 1269.65 | G118: 9
A119: 01.28.070 | B119: Perfuração rotativa para poço profundo em aluvião, arenito, ou solos sedimentados em geral, diâmetro de 14" (350 mm) | C119: M | D119: 1249.61 | F119: 1249.61 | G119: 9
A120: 01.28.080 | B120: Perfuração rotativa para poço profundo em aluvião, arenito, ou solos sedimentados em geral, diâmetro de 16" (400 mm) | C120: M | D120: 1565.75 | F120: 1565.75 | G120: 9
A121: 01.28.090 | B121: Perfuração rotativa para poço profundo em aluvião, arenito, ou solos sedimentados em geral, diâmetro de 18" (450 mm) | C121: M | D121: 2024.64 | F121: 2024.64 | G121: 9
A122: 01.28.100 | B122: Perfuração rotativa para poço profundo em aluvião, arenito, ou solos sedimentados em geral, diâmetro de 20" (500 mm) | C122: M | D122: 2307.81 | F122: 2307.81 | G122: 9
...

Sheet COMP. 1
B1: MUNICÍPIO DE SANTA BRANCA - Secretaria Municipal de Serviços, Obras e Transportes
B2: RUA PRUDENTE DE MORAES, 93, CENTRO, CEP 12380-000 - SANTA BRANCA - SP
B4: OBJETO: | C4: CONSTRUÇÃO DE TRAVESSIAS NO MUNICÍPIO DE SANTA BRANCA-SP.
B5: OBRA: | C5: EXECUÇÃO DE CONSTRUÇÃO DE TRAVESSIA SOBRE CÓRREGO
B6: COORDENADAS: | C6: LAT: -23,376161º ; LONG: -45,888189º
B7: LOCAL: | C7: AVENIDA BENEDITO JOSÉ DE SOUZA, JARDIM SELMA, SANTA BRANCA - SP
B8: ART: | C8: 2620240701750 (FISCALIZAÇÃO E ORÇAMENTO)
B9: REFERÊNCIA: | C9: BOLETIM CDHU 193 NÃO DESONERADA / TPU DER-SP 12-2023
B11: COMPOSIÇÃO DE PREÇO
B14: TABELA DE VALORES DO INSUMO ADUELA DE CONCRETO ARMADO PRÉ-MOLDADO
B15: Empresa | C15: Elemento | D15: Valor
B16: FK Comércio | C16: Aduela de concreto armado pré-moldada, secção 2,50 x 2,50 m³, mísulas 20x20 cm | D16: 4671
B17: Fermix Soluções em, Drenagem | C17: Aduela de concreto armado pré-moldada, secção 2,50 x 2,50 m³, mísulas 20x20 cm | D17: 6012
B18: 3JD Representação Comercial LTDA | C18: Aduela de concreto armado pré-moldada, secção 2,50 x 2,50 m³, mísulas 20x20 cm | D18: 5169
B19: MÉDIA | D19: =AVERAGE(D16:E18) -> 5284
L21: =AVERAGE(D16:D18) -> 5284
H23: Santa Branca, 09 de maio de 2025.
B28: Arthur Ribeiro Alvares Pimenta
B29: Secretário Municipal de Serviços, Obras e Transportes
B30: Engenheiro Civil - CREA/SP: 5069103559
B38: B.01.000.020115 | C38: Engenheiro junior de civil | D38: h | E38: 0.1 | F38: 52.63 | G38: =ROUND(2.2823*F38,2) -> 120.12 | H38: =ROUND(E38*G38,2) -> 12.01
B39: B.01.000.020118 | C39: Engenheiro senior de civil | D39: h | E39: 0.06 | F39: 88.24 | G39: =ROUND(2.2823*F39,2) -> 201.39 | H39: =ROUND(E39*G39,2) -> 12.08
B46: COMPOSIÇÃO ORIGINAL
B47: Código | C47: Descrição | D47: Unidade | E47: Quant. | F47: Valor Unit. | G47: Encargos | H47: Total
B48: 15.05.520 | C48: Placas, vigas e pilares em concreto armado pré-moldado - fck= 35 MPa | D48: m³ | E48: 1 | G48: 1.2823 | H48: =SUM(H49:H84) -> 3108.47
B49: B.01.000.010111 | C49: Carpinteiro | D49: h | E49: 1.74 | F49: 10.86 | G49: =ROUND(2.2823*F49,2) -> 24.79 | H49: =ROUND(E49*G49,2) -> 43.13
B50: B.01.000.010121 | C50: Ferreiro/armador | D50: h | E50: 7.944 | F50: 10.86 | G50: =ROUND(2.2823*F50,2) -> 24.79 | H50: =ROUND(E50*G50,2) -> 196.93
B51: B.01.000.010122 | C51: Ajudante de ferreiro | D51: h | E51: 6.358 | F51: 8.92 | G51: =ROUND(2.2823*F51,2) -> 20.36 | H51: =ROUND(E51*G51,2) -> 129.45
B52: B.01.000.010139 | C52: Pedreiro | D52: h | E52: 6.76 | F52: 10.86 | G52: =ROUND(2.2823*F52,2) -> 24.79 | H52: =ROUND(E52*G52,2) -> 167.58
B53: B.01.000.010146 | C53: Servente | D53: h | E53: 8.59 | F53: 8.92 | G53: =ROUND(2.2823*F53,2) -> 20.36 | H53: =ROUND(E53*G53,2) -> 174.89
B54: B.01.000.020112 | C54: Coordenador de projetos | D54: h | E54: 0.03 | F54: 149.68 | G54: =ROUND(2.2823*F54,2) -> 341.61 | H54: =ROUND(E54*G54,2) -> 10.25
B55: B.01.000.020115 | C55: Engenheiro junior de civil | D55: h | E55: 0.1 | F55: 52.63 | G55: =ROUND(2.2823*F55,2) -> 120.12 | H55: =ROUND(E55*G55,2) -> 12.01
B56: B.01.000.020118 | C56: Engenheiro senior de civil | D56: h | E56: 0.06 | F56: 88.24 | G56: =ROUND(2.2823*F56,2) -> 201.39 | H56: =ROUND(E56*G56,2) -> 12.08
B57: B.01.000.020121 | C57: Projetista pleno - nível técnico | D57: h | E57: 0.4 | F57: 48.69 | G57: =ROUND(2.2823*F57,2) -> 111.13 | H57: =ROUND(E57*G57,2) -> 44.45
B58: B.01.000.020122 | C58: Desenhista pleno/cadista | D58: h | E58: 0.7 | F58: 22.55 | G58: =ROUND(2.2823*F58,2) -> 51.47 | H58: =ROUND(E58*G58,2) -> 36.03
B59: B.02.000.020508 | C59: Cimento CPII-E-32 (sacos de 50 kg) | D59: kg | E59: 12.13 | F59: 0.6 | G59: =F59 -> 0.6 | H59: =ROUND(E59*G59,2) -> 7.28
B60: B.04.000.020503 | C60: Areia média lavada (a granel caçamba fechada) | D60: m³ | E60: 0.0324 | F60: 157.47 | G60: =F60 -> 157.47 | H60: =ROUND(E60*G60,2) -> 5.1
B61: B.05.000.020518 | C61: Pedra britada nº médios 1.2.3 e 4 (a granel) | D61: m³ | E61: 0.052 | F61: 137.77 | G61: =F61 -> 137.77 | H61: =ROUND(E61*G61,2) -> 7.16
B62: B.05.000.020522 | C62: Pedrisco | D62: m³ | E62: 0.01 | F62: 151.05 | G62: =F62 -> 151.05 | H62: =ROUND(E62*G62,2) -> 1.51
B63: B.06.000.021525 | C63: Aço CA-50-A $MD bitolas | D63: kg | E63: 52 | F63: 6.76 | G63: =F63 -> 6.76 | H63: =ROUND(E63*G63,2) -> 351.52
B64: B.06.000.021538 | C64: Aço CA-60-B $MD bitolas | D64: kg | E64: 5.5 | F64: 6.99 | G64: =F64 -> 6.99 | H64: =ROUND(E64*G64,2) -> 38.45
B65: B.06.000.021560 | C65: Tela soldada, diversas bitolas | D65: kg | E65: 61.4 | F65: 8.41 | G65: =F65 -> 8.41 | H65: =ROUND(E65*G65,2) -> 516.37
B66: C.04.000.020530 | C66: Concreto usinado fck= 15 MPa, slump 5 ± 1cm | D66: m³ | E66: 0.0833 | F66: 411.71 | G66: =F66 -> 411.71 | H66: =ROUND(E66*G66,2) -> 34.3
B67: C.04.000.020556 | C67: Concreto usinado bombeado fck= 35 MPa, slump 8 ± 1cm | D67: m³ | E67: 1.03 | F67: 564.04 | G67: =F67 -> 564.04 | H67: =ROUND(E67*G67,2) -> 580.96
B68: D.02.000.021009 | C68: Pontalete de cedrinho de 75 mm x 75 mm - 3ª construção | D68: m | E68: 2.16 | F68: 23.6 | G68: =F68 -> 23.6 | H68: =ROUND(E68*G68,2) -> 50.98
B69: D.02.000.021017 | C69: Sarrafo de cedrinho 2,5 x 10 cm | D69: m | E69: 2.35 | F69: 7.28 | G69: =F69 -> 7.28 | H69: =ROUND(E69*G69,2) -> 17.11
B70: D.02.000.021021 | C70: Tábua cedrinho 25 mm x 300 mm de 3ª | D70: m² | E70: 0.52 | F70: 105.18 | G70: =F70 -> 105.18 | H70: =ROUND(E70*G70,2) -> 54.69
... B84: S.03.000.080328 | C84: Guindaste hidráulico autopropelido, com lança telescópica, para espaços limitados, tração 4x4, capacidade acima de 30 ton, potência 97 KW | D84: h | E84: 0.4 | F84: 214.06 | G84: =F84 -> 214.06 | H84: =ROUND(E84*G84,2) -> 85.62

Sheet BDI-ONER.
B2: DEMONSTRATIVO DE COMPOSIÇÃO DO BDI (acórdào 2622/2013-TCU-Plenário) | O2: =1100 -> 1100 | P2: 5.5 | Q2: =O2/P2 -> 200
B4: Prefeitura do Município de Santa Branca
B5: Processo nº | L5: Verificar!
B6: Convênio nº
B7: Data da Elaboração: 21/05/2024
B8: Objeto: Construção de uma travessia (ponte) de concreto armado sobre o Córrego do Angola, na Avenida Benedito José de Souza, Jardim Selma, no Município de Santa Branca.
B10: Cálculo do BDI - SEM DESONERAÇÃO Fórmula e parâmetros estabelecidos pelo Acórdão 2622/2013-TCU-Plenário
B12: Item | C12: 1º quartil | D12: 3º quartil | E12: Médio | F12: Identificação
B13: AC | C13: 3.8 | D13: 4.67 | E13: 4.67 | F13: Administração Central
B14: S e G | C14: 0.32 | D14: 0.74 | E14: 0.74 | F14: Seguro e Garantia
B15: R | C15: 0.5 | D15: 0.97 | E15: 0.97 | F15: Risco
B16: DF | C16: 1.02 | D16: 1.21 | E16: 1.21 | F16: Despesas Financeiras
B17: L | C17: 6.64 | D17: 8.69 | E17: 7.79 | F17: Lucro
B18: I * | C18: conforme legislação | E18: =C33 -> 5.65 | F18: Tributos *
D20: TOTAL | E20: =IF(OR(C32="",E13="",E14="",E15="",E16="",E17=""),0,ROUND((((1+E13/100+E14/100+E15/100)*(1+E16/100)*(1+E17/100)/(1-(C33/100)))-1)*100,2)) -> 23 | F20: BDI A SER ADOTADO (sem desoneração)
B22: Verificação: | C22: =IF(OR(C32="",E13="",E14="",E15="",E16="",E17=""),0,IF(OR(ROUND((((1+E13/100+E14/100+E15/100)*(1+E16/100)*(1+E17/100)/(1-((C33-C31)/100)))-1)*100,2)>24.23,ROUND((((1+E13/100+E14/100+E15/100)*(1+E16/100)*(1+E17/100)/(1-((C33-C31)/100)))-1)*100,2)<19.6),"FORA DO LIMITE !",ROUND((((1+E13/100+E14/100+E15/100)*(1+E16/100)*(1+E17/100)/(1-((C33-C31)/100)))-1)*100,2))) -> 23 | D22: ← limite 19,60% a 24,23% (sem desoneração)
C23: =IF(C22="FORA DO LIMITE !",ROUND((((1+E13/100+E14/100+E15/100)*(1+E16/100)*(1+E17/100)/(1-((C33-C31)/100)))-1)*100,2)/100,"")
B24: * Em geral, os tributos ( I ) aplicáveis são PIS (0,65%), COFINS (3%) e ISS (variável, conforme
B25: Município, de 2 a 5% e, em alguns casos, isento).
B26: ** Caso a empresa seja tributada de forma diferente, alterar os valores abaixo:
B28: TRIBUTOS | C28: %
B29: PIS** | C29: 0.65
B30: COFINS** | C30: 3
B31: Cont. Previd. | D31: (Contribuição Previdenciária sobre a receita bruta, no caso de desoneração na folha)
B32: ISS | C32: =IF(OR(H36="",J35=""),"",IF(ROUND(J35*H36*100,2)>5,"ERRO",(ROUND(J35*H36*100,2)))) -> 2
B33: Total | C33: =IF(C32="","",SUM(C29:C32)) -> 5.65
B35: Declaramos que, conforme legislação tributária municipal, a base de cálculo do ISS é de | J35: 1
B36: sobre o valor da obra e a aliquota do ISS aplicável no Município é de | H36: 0.02 | I36: ← (limitado a 5,00%)
B38: FÓRMULA
B40: BDI calculado pela expressão: BDI = { [ (1+AC/100+S/100+R/100+G/100) x (1+DF/100) x (1+L/100) / (1-I/100)] -1} x 100
B44: Declaramos sob pena da Lei que a alternativa adotada pela Prefeitura do Município de Santa Branca é Sem Desoneração e que é a mais vantajosa para a Administração Pública.
J46: Santa Branca, 29 de maio de 2024.
B51: Arthur Ribeiro Alvares Pimenta
B52: Responsável Técnico
B53: CREA/SP: 5069103559

Sheet PLANILHA SELMA
C1: MUNICÍPIO DE SANTA BRANCA - Secretaria Municipal de Serviços, Obras e Transportes
C4: RUA PRUDENTE DE MORAES, 93, CENTRO, CEP 12380-000 - SANTA BRANCA - SP
A6: OBJETO: | C6: CONSTRUÇÃO DE TRAVESSIA NA AVENIDA BENEDITO JOSÉ DE SOUZA NO MUNICÍPIO DE SANTA BRANCA-SP.
A7: OBRA: | C7: EXECUÇÃO DE CONSTRUÇÃO DE TRAVESSIA SOBRE CÓRREGO
A8: COORDENADAS: | C8: LAT: -23,376161º ; LONG: -45,888189º
A9: LOCAL: | C9: AVENIDA BENEDITO JOSÉ DE SOUZA, JARDIM SELMA, SANTA BRANCA - SP
A10: ART: | C10: 2620240701750 (FISCALIZAÇÃO E ORÇAMENTO)
A11: REFERÊNCIA: | C11: Tabela de Preços Unitários TPU DER-SP 10-2024
A12: BDI: | C12: 0.35
A13: REFERÊNCIA: | C13: BOLETIM CDHU 197 NÃO DESONERADA
A14: BDI: | C14: 0.23
A15: PLANILHA ORÇAMENTÁRIA - TRAVESSIA JD. SELMA
A16: ITEM | B16: CÓDIGO | C16: FONTE | D16: DESCRIÇÃO | E16: UNID. | F16: QUANT. | G16: VALOR UNIT. | H16: VALOR COM BDI | I16: EXECUTADO | J16: TOTAL
A17: 1.0 | B17: SERVIÇOS PRELIMINARES
A18: 1.1 | B18: 28.08.01.01 | C18: TPU_DER-SP | D18: Confecção. Montagem e instalação de placa institucional | E18: m² | F18: 6 | G18: 362.06 | H18: =G18 -> 362.06 | J18: =IF($C18="","",ROUND(F18*H18,2)) -> 2172.36
A19: 1.2 | B19: 02.01.180 | C19: CDHU | D19: =IF($C19="","",VLOOKUP($B19,'197 ONERADO'!$A$3:$G$4201,2,0)) -> Banheiro químico modelo Standard, com manutenção conforme exigências da CETESB | E19: un.mês | F19: 3 | G19: =IF($C19="","",VLOOKUP($B19,'197 ONERADO'!$A$3:$H$4201,6,0)) -> 1221.16 | H19: =ROUND(G19*(1+$C$14),2) -> 1502.03 | J19: =IF($C19="","",ROUND(F19*H19,2)) -> 4506.09
A20: 1.3 | B20: 02.02.150 | C20: CDHU | D20: =IF($C20="","",VLOOKUP($B20,'197 ONERADO'!$A$3:$G$4201,2,0)) -> Locação de container tipo depósito - área mínima de 13,80 m² | E20: un.mês | F20: 3 | G20: =IF($C20="","",VLOOKUP($B20,'197 ONERADO'!$A$3:$H$4201,6,0)) -> 952.59 | H20: =ROUND(G20*(1+$C$14),2) -> 1171.69 | J20: =IF($C20="","",ROUND(F20*H20,2)) -> 3515.07
A21: 1.4 | B21: 72.31.06.01 | C21: TPU_DER-SP | D21: Grupo gerador portátil 7 kVA Cond. A | E21: h | F21: =8*20 -> 160 | G21: 13.02 | H21: =G21 -> 13.02 | J21: =IF($C21="","",ROUND(F21*H21,2)) -> 2083.2
A22: 1.5 | B22: 01.17.061 | C22: CDHU | D22: =IF($C22="","",VLOOKUP($B22,'197 ONERADO'!$A$3:$G$4201,2,0)) -> Projeto executivo de estrutura em formato A0 | E22: un | F22: 1 | G22: =IF($C22="","",VLOOKUP($B22,'197 ONERADO'!$A$3:$H$4201,6,0)) -> 3431.33 | H22: =ROUND(G22*(1+$C$14),2) -> 4220.54 | J22: =IF($C22="","",ROUND(F22*H22,2)) -> 4220.54
A23: 1.6 | B23: 02.10.020 | C23: CDHU | D23: =IF($C23="","",VLOOKUP($B23,'197 ONERADO'!$A$3:$G$4201,2,0)) -> Locação de obra de edificação | E23: m² | F23: ='JD. SELMA. - PONTE'!AB9 -> 606.86 | G23: =IF($C23="","",VLOOKUP($B23,'197 ONERADO'!$A$3:$H$4201,6,0)) -> 17.82 | H23: =ROUND(G23*(1+$C$14),2) -> 21.92 | J23: =IF($C23="","",ROUND(F23*H23,2)) -> 13302.37
I24: Subtotal 1.0 | J24: =SUBTOTAL(9,J18:J23) -> 29799.63
A25: 2.0 | B25: MOVIMENTAÇÃO DE SOLO
A26: 2.1 | B26: 22.02.01 | C26: TPU_DER-SP | D26: Escavação e carga de material de 1/2ª categoria | E26: m³ | F26: ='JD. SELMA. - PONTE'!V4 -> 258.56 | G26: 12.06 | H26: =G26 -> 12.06 | J26: =IF($C26="","",ROUND(F26*H26,2)) -> 3118.23 | N26: =F26*5 -> 1292.8
A27: 2.2 | B27: 22.03.03 | C27: TPU_DER-SP | D27: Transporte de 1ª e 2ª categoria até 5 km | E27: m³.km | F27: =F26*5 -> 1292.8 | G27: 4.17 | H27: =G27 -> 4.17 | J27: =IF($C27="","",ROUND(F27*H27,2)) -> 5390.98 | M27: 1292.8 | N27: =M27/F27 -> 1
I28: Subtotal 2.0 | J28: =SUBTOTAL(9,J26:J27) -> 8509.21
A29: 3.0 | B29: INFRAESTRUTURA | L29: =0.6*8*2 -> 9.6
A30: 3.1 | B30: 24.12.03 | C30: TPU_DER-SP | D30: Enchimento de vala com pedra marroada | E30: m³ | F30: =ROUND(11*6.9*0.7,2) -> 53.13 | G30: 197.28 | H30: =G30 -> 197.28 | J30: =IF($C30="","",ROUND(F30*H30,2)) -> 10481.49
A31: 3.2 | B31: 24.12.01.01 | C31: TPU_DER-SP | D31: Enchimento de vala com pedra britada 1 e 2 | E31: m³ | F31: =ROUND(11*6.9*0.1,2) -> 7.59 | G31: 224.39 | H31: =G31 -> 224.39 | J31: =IF($C31="","",ROUND(F31*H31,2)) -> 1703.12 | L31: =2*2.9*8 -> 46.4 | M31: =2*0.2*8 -> 3.2 | N31: 44.8 | O31: =L31+M31+N31 -> 94.4
I32: Subtotal 3.0 | J32: =SUBTOTAL(9,J30:J31) -> 12184.61
A33: 4.0 | B33: ESTRUTURA
A34: 4.1 | B34: Insumo | C34: Mercado | D34: Aduela de concreto armado pré-fabricado 2,50 x 2,50 m. | E34: m | F34: 16 | G34: 5284 | H34: =ROUND(G34*(1+$C$14),2) -> 6499.32 | J34: =IF($C34="","",ROUND(F34*H34,2)) -> 103989.12
A35: 4.2 | B35: 72.33.02.04 | C35: TPU_DER-SP | D35: Guindaste Hidráulico Lança Telescópica. S/PN 27,2 t, Cond. D | E35: h | F35: =16 -> 16 | G35: 394.8 | H35: 420.02 | J35: =IF($C35="","",ROUND(F35*H35,2)) -> 6720.32 | L35: =2.24*2.5 -> 5.6 | M35: =L35*5 -> 28 | N35: =2.24*2.5 -> 5.6
A36: 4.3 | B36: 24.14.01.05 | C36: TPU_DER-SP | D36: Manta Geotextil não tecida, resistência longitudinal 14 kN/m | E36: m² | F36: =44.8+40+9.6 -> 94.4 | G36: 11.02 | H36: =G36 -> 11.02 | J36: =IF($C36="","",ROUND(F36*H36,2)) -> 1040.29 | L36: =12.8*8 -> 102.4
A37: 4.4 | B37: 25.09.05 | C37: TPU_DER-SP | D37: Concreto fck = 25 MPa | E37: m³ | F37: ='JD. SELMA. - PONTE'!F48 -> 7.22 | G37: 850.23 | H37: =G37 -> 850.23 | J37: =IF($C37="","",ROUND(F37*H37,2)) -> 6138.66
A38: 4.5 | B38: 26.05.01 | C38: TPU_DER-SP | D38: Forma plana para concreto armado comum | E38: m² | F38: ='JD. SELMA. - PONTE'!E48 -> 42.88 | G38: 172.85 | H38: =G38 -> 172.85 | J38: =IF($C38="","",ROUND(F38*H38,2)) -> 7411.81
A39: 4.6 | B39: 26.06.02 | C39: TPU_DER-SP | D39: Barra de aço CA-50 | E39: kg | F39: ='JD. SELMA. - PONTE'!H48 -> 577.6 | G39: 15.27 | H39: =G39 -> 15.27 | J39: =IF($C39="","",ROUND(F39*H39,2)) -> 8819.95
I40: Subtotal 4.0 | J40: =SUBTOTAL(9,J34:J39) -> 134120.15
A41: 5.0 | B41: LAJE DE FUNDO
A42: 5.1 | B42: 25.09.05 | C42: TPU_DER-SP | D42: Concreto fck = 25 MPa | E42: m³ | F42: 9.28 | G42: 850.23 | H42: =G42 -> 850.23 | J42: =ROUND(F42*H42,2) -> 7890.13
A43: 5.2 | B43: 26.05.01 | C43: TPU_DER-SP | D43: Forma plana para concreto armado comum | E43: m² | F43: 5.6 | G43: 172.85 | H43: =G43 -> 172.85 | J43: =ROUND(F43*H43,2) -> 967.96
A44: 5.3 | B44: 26.06.02 | C44: TPU_DER-SP | D44: Barra de aço CA-50 | E44: kg | F44: =F42*80 -> 742.4 | G44: 15.27 | H44: =G44 -> 15.27 | J44: =ROUND(F44*H44,2) -> 11336.45
I45: Subtotal 5.0 | J45: =SUBTOTAL(9,J42:J44) -> 20194.54
A46: 6.0 | B46: VIGA UNHA
A47: 6.1 | B47: 25.09.05 | C47: TPU_DER-SP | D47: Concreto fck = 25 MPa | E47: m³ | F47: 2.07 | G47: 850.23 | H47: =G47 -> 850.23 | J47: =ROUND(F47*H47,2) -> 1759.98
A48: 6.2 | B48: 26.05.01 | C48: TPU_DER-SP | D48: Forma plana para concreto armado comum | E48: m² | F48: 7.1 | G48: 172.85 | H48: =G48 -> 172.85 | J48: =ROUND(F48*H48,2) -> 1227.24
A49: 6.3 | B49: 26.06.02 | C49: TPU_DER-SP | D49: Barra de aço CA-50 | E49: kg | F49: 165.6 | G49: 15.27 | H49: =G49 -> 15.27 | J49: =ROUND(F49*H49,2) -> 2528.71
I50: Subtotal 6.0 | J50: =SUBTOTAL(9,J47:J49) -> 5515.93
A51: 7.0 | B51: VIGA TESTA
A52: 7.1 | B52: 25.09.05 | C52: TPU_DER-SP | D52: Concreto fck = 25 MPa | E52: m³ | F52: 2.08 | G52: 850.23 | H52: =G52 -> 850.23 | J52: =ROUND(F52*H52,2) -> 1768.48
A53: 7.2 | B53: 26.05.01 | C53: TPU_DER-SP | D53: Forma plana para concreto armado comum | E53: m² | F53: 7.32 | G53: 172.85 | H53: =G53 -> 172.85 | J53: =ROUND(F53*H53,2) -> 1265.26
A54: 7.3 | B54: 26.06.02 | C54: TPU_DER-SP | D54: Barra de aço CA-50 | E54: kg | F54: 166.4 | G54: 15.27 | H54: =G54 -> 15.27 | J54: =ROUND(F54*H54,2) -> 2540.93
I55: Subtotal 7.0 | J55: =SUBTOTAL(9,J52:J54) -> 5574.67
A56: 8.0 | B56: ENROCAMENTO À JUSANTE
A57: 8.1 | B57: 08.10.108 | C57: CDHU | D57: =IF($C57="","",VLOOKUP($B57,'197 ONERADO'!$A$3:$G$4201,2,0)) -> Gabião tipo caixa em tela metálica, altura de 0,5 m, com revestimento liga zinco/alumínio, malha hexagonal 8/10 cm, fio diâmetro 2,7 mm, independente do formato ou utilização | E57: =IF($C57="","",VLOOKUP($B57,'197 ONERADO'!$A$3:$G$4201,3,0)) -> m³ | F57: ='JD. SELMA. - PONTE'!F18 -> 20.7 | G57: =IF($C57="","",VLOOKUP($B57,'197 ONERADO'!$A$3:$H$4201,6,0)) -> 940.14 | H57: =ROUND(G57*(1+$C$14),2) -> 1156.37 | J57: =IF($C57="","",ROUND(F57*H57,2)) -> 23936.86
I58: Subtotal 8.0 | J58: =SUBTOTAL(9,J57:J57) -> 23936.86
A59: 9.0 | B59: GUARDA-CORPO
A60: 9.1 | B60: 26.05.01 | C60: TPU_DER-SP | D60: Forma plana para concreto armado comum | E60: m² | F60: 8.42 | G60: 172.85 | H60: =G60 -> 172.85 | J60: =IF($C60="","",ROUND(F60*H60,2)) -> 1455.4
A61: 9.2 | B61: 25.09.05 | C61: TPU_DER-SP | D61: Concreto fck = 25 MPa | E61: m³ | F61: 0.43 | G61: 850.23 | H61: =G61 -> 850.23 | J61: =IF($C61="","",ROUND(F61*H61,2)) -> 365.6
A62: 9.3 | B62: 26.06.02 | C62: TPU_DER-SP | D62: Barra de aço CA-50 | E62: kg | F62: =80*F61 -> 34.4 | G62: 15.27 | H62: =G62 -> 15.27 | J62: =IF($C62="","",ROUND(F62*H62,2)) -> 525.29
A63: 9.4 | B63: 37.05.06 | C63: TPU_DER-SP | D63: Suporte galvanizado D=2 1/2' | E63: m | F63: 33.6 | G63: 172.6 | H63: =G63 -> 172.6 | J63: =IF($C63="","",ROUND(F63*H63,2)) -> 5799.36
I64: Subtotal 9.0 | J64: =SUBTOTAL(9,J60:J63) -> 8145.65
A65: 10.0 | B65: SERVIÇOS COMPLEMENTARTES
A66: 10.1 | B66: 54.01.210 | C66: CDHU | D66: =IF($C66="","",VLOOKUP($B66,'197 ONERADO'!$A$3:$G$4201,2,0)) -> Base de brita graduada | E66: =IF($C66="","",VLOOKUP($B66,'197 ONERADO'!$A$3:$G$4201,3,0)) -> m³ | F66: ='JD. SELMA. - PONTE'!AD11 -> 234.86 | G66: =IF($C66="","",VLOOKUP($B66,'197 ONERADO'!$A$3:$H$4201,6,0)) -> 268.31 | H66: =ROUND(G66*(1+$C$14),2) -> 330.02 | J66: =IF($C66="","",ROUND(F66*H66,2)) -> 77508.5
A67: 10.2 | B67: 26.11.08.01 | C67: TPU_DER-SP | D67: Barreira de segurança para obra de artes especial Conf. PP-DE_C01/293 | E67: m | F67: 20 | G67: 680.87 | H67: =G67 -> 680.87 | J67: =IF($C67="","",ROUND(F67*H67,2)) -> 13617.4
A68: 10.3 | B68: 33.10.050 | C68: CDHU | D68: =IF($C68="","",VLOOKUP($B68,'197 ONERADO'!$A$3:$G$4201,2,0)) -> Tinta acrílica em massa, inclusive preparo | E68: =IF($C68="","",VLOOKUP($B68,'197 ONERADO'!$A$3:$G$4201,3,0)) -> m² | F68: ='JD. SELMA. - PONTE'!AJ8 -> 31.28 | G68: =IF($C68="","",VLOOKUP($B68,'197 ONERADO'!$A$3:$H$4201,6,0)) -> 34.11 | H68: =ROUND(G68*(1+$C$14),2) -> 41.96 | J68: =IF($C68="","",ROUND(F68*H68,2)) -> 1312.51
A69: 10.4 | B69: 24.01.01 | C69: TPU_DER-SP | D69: Aterro de acesso | E69: m³ | F69: 124 | G69: 20.08 | H69: =G69 -> 20.08 | J69: =IF($C69="","",ROUND(F69*H69,2)) -> 2489.92
A70: 10.5 | B70: 12.01.021 | C70: CDHU | D70: =IF($C70="","",VLOOKUP($B70,'197 ONERADO'!$A$3:$G$4201,2,0)) -> Broca em concreto armado diâmetro de 20 cm - completa | E70: =IF($C70="","",VLOOKUP($B70,'197 ONERADO'!$A$3:$G$4201,3,0)) -> m | F70: 5 | G70: =IF($C70="","",VLOOKUP($B70,'197 ONERADO'!$A$3:$H$4201,6,0)) -> 69.04 | H70: =ROUND(G70*(1+$C$14),2) -> 84.92 | J70: =IF($C70="","",ROUND(F70*H70,2)) -> 424.6
A71: 10.6 | B71: 70.03.001 | C71: CDHU | D71: =IF($C71="","",VLOOKUP($B71,'197 ONERADO'!$A$3:$G$4201,2,0)) -> Placa para sinalização viária em chapa de aço, totalmente refletiva com película IA/IA - área até 2,0 m² | E71: =IF($C71="","",VLOOKUP($B71,'197 ONERADO'!$A$3:$G$4201,3,0)) -> m² | F71: ='JD. SELMA. - PONTE'!AP9 -> 1.1 | G71: =IF($C71="","",VLOOKUP($B71,'197 ONERADO'!$A$3:$H$4201,6,0)) -> 1639.09 | H71: =ROUND(G71*(1+$C$14),2) -> 2016.08 | J71: =IF($C71="","",ROUND(F71*H71,2)) -> 2217.69 | M71: =12*1.5 -> 18
A72: 10.7 | B72: 97.05.140 | C72: CDHU | D72: =IF($C72="","",VLOOKUP($B72,'197 ONERADO'!$A$3:$G$4201,2,0)) -> Suporte de perfil metálico galvanizado | E72: =IF($C72="","",VLOOKUP($B72,'197 ONERADO'!$A$3:$G$4201,3,0)) -> kg | F72: ='JD. SELMA. - PONTE'!AV9 -> 65.25 | G72: =IF($C72="","",VLOOKUP($B72,'197 ONERADO'!$A$3:$H$4201,6,0)) -> 30.83 | H72: =ROUND(G72*(1+$C$14),2) -> 37.92 | J72: =IF($C72="","",ROUND(F72*H72,2)) -> 2474.28
A73: 10.8 | B73: 34.02.020 | C73: CDHU | D73: =IF($C73="","",VLOOKUP($B73,'197 ONERADO'!$A$3:$G$4201,2,0)) -> Plantio de grama batatais em placas (praças e áreas abertas) | E73: =IF($C73="","",VLOOKUP($B73,'197 ONERADO'!$A$3:$G$4201,3,0)) -> m² | F73: =4*3*20 -> 240 | G73: =IF($C73="","",VLOOKUP($B73,'197 ONERADO'!$A$3:$H$4201,6,0)) -> 14.22 | H73: =ROUND(G73*(1+$C$14),2) -> 17.49 | J73: =IF($C73="","",ROUND(F73*H73,2)) -> 4197.6
A74: 10.9 | B74: 55.01.020 | C74: CDHU | D74: =IF($C74="","",VLOOKUP($B74,'197 ONERADO'!$A$3:$G$4201,2,0)) -> Limpeza final da obra | E74: =IF($C74="","",VLOOKUP($B74,'197 ONERADO'!$A$3:$G$4201,3,0)) -> m² | F74: ='JD. SELMA. - PONTE'!AB9 -> 606.86 | G74: =IF($C74="","",VLOOKUP($B74,'197 ONERADO'!$A$3:$H$4201,6,0)) -> 15 | H74: =ROUND(G74*(1+$C$14),2) -> 18.45 | J74: =IF($C74="","",ROUND(F74*H74,2)) -> 11196.57
I75: Subtotal 8.0 | J75: =SUBTOTAL(9,J66:J74) -> 115439.07
A76: TOTAL GERAL | J76: =SUBTOTAL(9,J17:J74) -> 363420.32 | L76: =2.5*2.54 -> 6.35
A78: MEDIÇÃO ATUAL | J78: 0
J82: Santa Branca, 09 de maio de 2025.
A86: Arthur Ribeiro Alvares Pimenta
A87: Secretário Municipal de Serviços, Obras e Transportes
A88: Engenheiro Civil - CREA/SP: 5069103559
J93: =SUM(#REF!) -> #REF!
A96: 2.4 | B96: 104494 | C96: SINAPI | D96: Galeria fechada pré-moldada de concreto armado, secção quadrangular interna de 2,50 x 2,50 m (L x A), mísula de 20 x 20 cm, C = 1,00 m, espessura mínima de 15 cm, TB-45 e fck = 30 MPa - Fornecimeno e assentamento. AF 01/2023 | E96: m | F96: =2*8 -> 16 | G96: 7099.14 | H96: =ROUND(G96*(1+0.23),2) -> 8731.94 | J96: =IF($C96="","",ROUND(F96*H96,2)) -> 139711.04
M97: =J76*0.97 -> 352517.71
A100: 2.5 | B100: 15.05.520 | C100: CDHU | D100: =IF($C100="","",VLOOKUP($B100,'197 ONERADO'!$A$3:$G$4201,2,0)) -> Placas, vigas e pilares em concreto armado pré-moldado - fck= 35 MPa | E100: =IF($C100="","",VLOOKUP($B100,'197 ONERADO'!$A$3:$G$4201,3,0)) -> M3 | F100: 2.24 | G100: =IF($C100="","",VLOOKUP($B100,'197 ONERADO'!$A$3:$H$4201,6,0)) -> 3189.98 | H100: =ROUND(G100*(1+#REF!),2) -> #REF! | J100: =IF($C100="","",ROUND(F100*H100,2)) -> #REF!
A101: 2.5 | B101: 15.05.520 | C101: CDHU | D101: =IF($C101="","",VLOOKUP($B101,'197 ONERADO'!$A$3:$G$4201,2,0)) -> Placas, vigas e pilares em concreto armado pré-moldado - fck= 35 MPa | E101: =IF($C101="","",VLOOKUP($B101,'197 ONERADO'!$A$3:$G$4201,3,0)) -> M3 | F101: ='JD. SELMA. - PONTE'!E38 -> 35.84 | G101: =IF($C101="","",VLOOKUP($B101,'197 ONERADO'!$A$3:$H$4201,6,0)) -> 3189.98 | H101: =ROUND(G101*(1+#REF!),2) -> #REF! | J101: =IF($C101="","",ROUND(F101*H101,2)) -> #REF!
A102: 2.5 | B102: 15.05.520 | C102: CDHU | D102: =IF($C102="","",VLOOKUP($B102,'197 ONERADO'!$A$3:$G$4201,2,0)) -> Placas, vigas e pilares em concreto armado pré-moldado - fck= 35 MPa | E102: =IF($C102="","",VLOOKUP($B102,'197 ONERADO'!$A$3:$G$4201,3,0)) -> M3 | F102: ='JD. SELMA. - PONTE'!E33 -> 48.02 | G102: =IF($C102="","",VLOOKUP($B102,'197 ONERADO'!$A$3:$H$4201,6,0)) -> 3189.98 | H102: =ROUND(G102*(1+0.23),2) -> 3923.68 | J102: =IF($C102="","",ROUND(F102*H102,2)) -> 188415.11
A103: 2.5 | B103: 15.05.520 | C103: CDHU | D103: =IF($C103="","",VLOOKUP($B103,'197 ONERADO'!$A$3:$G$4201,2,0)) -> Placas, vigas e pilares em concreto armado pré-moldado - fck= 35 MPa | E103: =IF($C103="","",VLOOKUP($B103,'197 ONERADO'!$A$3:$G$4201,3,0)) -> M3 | F103: 2.24 | G103: =IF($C103="","",VLOOKUP($B103,'197 ONERADO'!$A$3:$H$4201,6,0)) -> 3189.98 | H103: =ROUND(G103*(1+0.23),2) -> 3923.68 | J103: =IF($C103="","",ROUND(F103*H103,2)) -> 8789.04
L110: =PI()*1.4*40 -> 175.92919
L121: Aduelas

Sheet CFF_SELMA
B2: CRONOGRAMA FÍSICO FINANCEIRO DE EXECUÇÃO DOS SERVIÇOS
B3: Obra: CONSTRUÇÃO DE TRAVESSIAS SOBRE OS CÓRREGOS DO ANGOLA E DO BRÁS FERNANDES, SANTA BRANCA - SP
B4: Item | C4: Descrição | D4: 1º Mês | J4: 2º Mês | P4: 3º Mês | V4: 4º Mês
D5: 5 | E5: 10 | F5: 15 | G5: 20 | H5: 25 | I5: 30 | J5: 5 | K5: 10 | L5: 15 | M5: 20 | N5: 25 | O5: 30 | P5: 5 | Q5: 10 | R5: 15 | S5: 20 | T5: 25 | U5: 30 | V5: 5 | W5: 10 | X5: 15 | Y5: 20 | Z5: 25 | AA5: 30
B6: 1.0 | C6: Serviços preliminares | D6: Mobilização
B7: 2.0 | C7: Movimentação de solo
B8: 3.0 | C8: Infraestrutura
B9: 4.0 | C9: Estrutura
B10: 5.0 | C10: Laje de fundo
B11: 6.0 | C11: Viga unha
B12: 7.0 | C12: Viga testa
B13: 8.0 | C13: Enrocamento à jusante
B14: 9.0 | C14: Guarda-corpo
B15: 10.0 | C15: Serviços complementares
B16: Porcentagem Aplicada no Mês | D16: 0 | J16: =ROUNDDOWN(J17/$D$18,4) -> 0.1389 | P16: =ROUND(P17/$D$18,4) -> 0.4551 | V16: =ROUND(V17/$D$18,4) -> 0.4059
B17: RECURSO ESTADUAL | D17: 0 | J17: ='PLANILHA SELMA'!J24+'PLANILHA SELMA'!J28+'PLANILHA SELMA'!J32 -> 50493.45 | P17: ='PLANILHA SELMA'!J40+'PLANILHA SELMA'!J45+'PLANILHA SELMA'!J50+'PLANILHA SELMA'!J55 -> 165405.29 | V17: ='PLANILHA SELMA'!J58+'PLANILHA SELMA'!J64+'PLANILHA SELMA'!J75 -> 147521.58 | AI17: =J17+P17+V17 -> 363420.32
B18: VALOR TOTAL | D18: =J17+P17+V17 -> 363420.32
AA20: Santa Branca, 09 de maio de 2025.
H22: Arthur Ribeiro Alvares Pimenta
H23: Secretário Municipal de Serviços, Obras e Transportes
H24: Engenheiro Civil - CREA/SP: 5069103559
AI28: =D28+J28+P28+V28+AB28 -> 0
B29: TOTAL | D29: ='PLANILHA SELMA'!J17 -> 0 | J29: ='PLANILHA SELMA'!J17 -> 0 | P29: ='PLANILHA SELMA'!J25 -> 0

Sheet COMP. 2
B1: MUNICÍPIO DE SANTA BRANCA - Secretaria Municipal de Serviços, Obras e Transportes
B2: RUA PRUDENTE DE MORAES, 93, CENTRO, CEP 12380-000 - SANTA BRANCA - SP
B4: OBJETO: | C4: CONSTRUÇÃO DE TRAVESSIAS NO MUNICÍPIO DE SANTA BRANCA-SP.
B5: OBRA: | C5: EXECUÇÃO DE CONSTRUÇÃO DE TRAVESSIA SOBRE CÓRREGO
B6: COORDENADAS: | C6: LAT: -23,376161º ; LONG: -45,888189º
B7: LOCAL: | C7: AVENIDA BENEDITO JOSÉ DE SOUZA, JARDIM SELMA, SANTA BRANCA - SP
B8: ART: | C8: 2620240701822 (FISCALIZAÇÃO E ORÇAMENTO)
B9: REFERÊNCIA: | C9: BOLETIM CDHU 193 NÃO DESONERADA / TPU DER-SP 12-2023
B11: COMPOSIÇÃO DE PREÇO
B14: TABELA DE VALORES DO INSUMO ADUELA DE CONCRETO ARMADO PRÉ-MOLDADO
B15: Empresa | C15: Elemento | D15: Valor
B16: Fermix Soluções em Drenagem | C16: Aduela de concreto armado pré-moldada, secção 2,50 x 2,50 m³, mísulas 20x20 cm | D16: 5845
B17: Jesus de Mari Artefatos de Cimento LTDA | C17: Aduela de concreto armado pré-moldada, secção 2,50 x 2,50 m³, mísulas 20x20 cm | D17: 5712
B18: Copel Construçoes e Induustria e Comércio LTDA | C18: Aduela de concreto armado pré-moldada, secção 2,50 x 2,50 m³, mísulas 20x20 cm | D18: 7900
B19: MÉDIA | D19: =AVERAGE(D16:D18) -> 6485.6667
H22: Santa Branca, 29 de maio de 2024.
B27: Arthur Ribeiro Alvares Pimenta
B28: Secretário Municipal de Serviços, Obras e Transportes
B29: Engenheiro Civil - CREA/SP: 5069103559

Sheet BDI-BRAS
B2: DEMONSTRATIVO DE COMPOSIÇÃO DO BDI (acórdào 2622/2013-TCU-Plenário)
B4: Prefeitura do Município de Santa Branca
B5: Processo nº
B6: Convênio nº
B7: Data da Elaboração: 21/05/2024
B8: Objeto: Construção de uma travessia (ponte) sobre o córrego da bacia do Taboão, na Rua Um, Chácaras Santa Terezinha, no Município de Santa Branca.
B10: Cálculo do BDI - SEM DESONERAÇÃO Fórmula e parâmetros estabelecidos pelo Acórdão 2622/2013-TCU-Plenário
B12: Item | C12: 1º quartil | D12: 3º quartil | E12: Médio | F12: Identificação
B13: AC | C13: 3.8 | D13: 4.67 | E13: 4.67 | F13: Administração Central
B14: S e G | C14: 0.32 | D14: 0.74 | E14: 0.74 | F14: Seguro e Garantia
B15: R | C15: 0.5 | D15: 0.97 | E15: 0.97 | F15: Risco
B16: DF | C16: 1.02 | D16: 1.21 | E16: 1.21 | F16: Despesas Financeiras
B17: L | C17: 6.64 | D17: 8.69 | E17: 7.79 | F17: Lucro
B18: I * | C18: conforme legislação | E18: =C33 -> 5.65 | F18: Tributos *
D20: TOTAL | E20: =IF(OR(C32="",E13="",E14="",E15="",E16="",E17=""),0,ROUND((((1+E13/100+E14/100+E15/100)*(1+E16/100)*(1+E17/100)/(1-(C33/100)))-1)*100,2)) -> 23 | F20: BDI A SER ADOTADO (sem desoneração)
B22: Verificação: | C22: =IF(OR(C32="",E13="",E14="",E15="",E16="",E17=""),0,IF(OR(ROUND((((1+E13/100+E14/100+E15/100)*(1+E16/100)*(1+E17/100)/(1-((C33-C31)/100)))-1)*100,2)>24.23,ROUND((((1+E13/100+E14/100+E15/100)*(1+E16/100)*(1+E17/100)/(1-((C33-C31)/100)))-1)*100,2)<19.6),"FORA DO LIMITE !",ROUND((((1+E13/100+E14/100+E15/100)*(1+E16/100)*(1+E17/100)/(1-((C33-C31)/100)))-1)*100,2))) -> 23 | D22: ← limite 19,60% a 24,23% (sem desoneração)
C23: =IF(C22="FORA DO LIMITE !",ROUND((((1+E13/100+E14/100+E15/100)*(1+E16/100)*(1+E17/100)/(1-((C33-C31)/100)))-1)*100,2)/100,"")
B24: * Em geral, os tributos ( I ) aplicáveis são PIS (0,65%), COFINS (3%) e ISS (variável, conforme
B25: Município, de 2 a 5% e, em alguns casos, isento).
B26: ** Caso a empresa seja tributada de forma diferente, alterar os valores abaixo:
B28: TRIBUTOS | C28: %
B29: PIS** | C29: 0.65
B30: COFINS** | C30: 3
B31: Cont. Previd. | D31: (Contribuição Previdenciária sobre a receita bruta, no caso de desoneração na folha)
B32: ISS | C32: =IF(OR(H36="",J35=""),"",IF(ROUND(J35*H36*100,2)>5,"ERRO",(ROUND(J35*H36*100,2)))) -> 2
B33: Total | C33: =IF(C32="","",SUM(C29:C32)) -> 5.65
B35: Declaramos que, conforme legislação tributária municipal, a base de cálculo do ISS é de | J35: 1
B36: sobre o valor da obra e a aliquota do ISS aplicável no Município é de | H36: 0.02 | I36: ← (limitado a 5,00%)
B38: FÓRMULA
B40: BDI calculado pela expressão: BDI = { [ (1+AC/100+S/100+R/100+G/100) x (1+DF/100) x (1+L/100) / (1-I/100)] -1} x 100
B44: Declaramos sob pena da Lei que a alternativa adotada pela Prefeitura do Município de Santa Branca é Sem Desoneração e que é a mais vantajosa para a Administração Pública.
J46: Santa Branca, 29 de maio de 2024.
B51: Arthur Ribeiro Alvares Pimenta
B52: Responsável Técnico
B53: CREA/SP: 5069103559

Sheet P.O. Bras
C1: MUNICÍPIO DE SANTA BRANCA - Secretaria Municipal de Serviços, Obras e Transportes
C4: RUA PRUDENTE DE MORAES, 93, CENTRO, CEP 12380-000 - SANTA BRANCA - SP
A6: OBJETO: | C6: CONSTRUÇÃO DE TRAVESSIA NA AVENIDA BENEDITO JOSÉ DE SOUZA NO MUNICÍPIO DE SANTA BRANCA-SP.
A7: OBRA: | C7: EXECUÇÃO DE CONSTRUÇÃO DE TRAVESSIA SOBRE CÓRREGO
A8: COORDENADAS: | C8: LAT: -23,376161º ; LONG: -45,888189º
A9: LOCAL: | C9: RUA UM, CHÁCARAS SANTA TEREZINHA, SANTA BRANCA - SP
A10: ART: | C10: 2620240701750 (FISCALIZAÇÃO E ORÇAMENTO)
A11: REFERÊNCIA: | C11: BOLETIM TPU DER-SP 03-2024
A12: BDI: | C12: 0.23
A13: REFERÊNCIA: | C13: BOLETIM CDHU Não Desonerado 193
A14: BDI: | C14: 0.23
A15: PLANILHA ORÇAMENTÁRIA - TRAVESSIA CHÁCARAS SANTA TEREZINHA
A16: ITEM | B16: CÓDIGO | C16: FONTE | D16: DESCRIÇÃO | E16: UNID. | F16: QUANT. | G16: VALOR UNIT. | H16: VALOR COM BDI | I16: EXECUTADO | J16: TOTAL
A17: 1.0 | B17: SERVIÇOS PRELIMINARES
A18: 1.1 | B18: 28.08.01.01 | C18: TPU_DER-SP | D18: Confecção, montagem e instalação de placa institucional | E18: m² | F18: 6 | G18: 355.94 | H18: =G18 -> 355.94 | J18: =IF($C18="","",ROUND(F18*H18,2)) -> 2135.64
A19: 1.2 | B19: 02.01.180 | C19: CDHU | D19: =IF($C19="","",VLOOKUP($B19,'197 ONERADO'!$A$3:$G$4201,2,0)) -> Banheiro químico modelo Standard, com manutenção conforme exigências da CETESB | E19: =IF($C19="","",VLOOKUP($B19,'197 ONERADO'!$A$3:$G$4201,3,0)) -> UNMES | F19: 3 | G19: =IF($C19="","",VLOOKUP($B19,'197 ONERADO'!$A$3:$H$4201,6,0)) -> 1221.16 | H19: =ROUND(G19*(1+$C$14),2) -> 1502.03 | J19: =IF($C19="","",ROUND(F19*H19,2)) -> 4506.09
A20: 1.3 | B20: 02.02.150 | C20: CDHU | D20: =IF($C20="","",VLOOKUP($B20,'197 ONERADO'!$A$3:$G$4201,2,0)) -> Locação de container tipo depósito - área mínima de 13,80 m² | E20: =IF($C20="","",VLOOKUP($B20,'197 ONERADO'!$A$3:$G$4201,3,0)) -> UNMES | F20: 3 | G20: =IF($C20="","",VLOOKUP($B20,'197 ONERADO'!$A$3:$H$4201,6,0)) -> 952.59 | H20: =ROUND(G20*(1+$C$14),2) -> 1171.69 | J20: =IF($C20="","",ROUND(F20*H20,2)) -> 3515.07
A21: 1.4 | B21: 72.31.06.01 | C21: TPU_DER-SP | D21: Grupo gerador portátil 7 kVA Cond. A | E21: h | F21: =8*20 -> 160 | G21: 13.5 | H21: =G21 -> 13.5 | J21: =IF($C21="","",ROUND(F21*H21,2)) -> 2160
A22: 1.5 | B22: 01.17.061 | C22: CDHU | D22: =IF($C22="","",VLOOKUP($B22,'197 ONERADO'!$A$3:$G$4201,2,0)) -> Projeto executivo de estrutura em formato A0 | E22: =IF($C22="","",VLOOKUP($B22,'197 ONERADO'!$A$3:$G$4201,3,0)) -> UN | F22: 1 | G22: =IF($C22="","",VLOOKUP($B22,'197 ONERADO'!$A$3:$H$4201,6,0)) -> 3431.33 | H22: =ROUND(G22*(1+$C$14),2) -> 4220.54 | J22: =IF($C22="","",ROUND(F22*H22,2)) -> 4220.54
A23: 1.6 | B23: 02.10.020 | C23: CDHU | D23: =IF($C23="","",VLOOKUP($B23,'197 ONERADO'!$A$3:$G$4201,2,0)) -> Locação de obra de edificação | E23: =IF($C23="","",VLOOKUP($B23,'197 ONERADO'!$A$3:$G$4201,3,0)) -> M2 | F23: ='BRÁS_ PONTE'!AG9 -> 497.9 | G23: =IF($C23="","",VLOOKUP($B23,'197 ONERADO'!$A$3:$H$4201,6,0)) -> 17.82 | H23: =ROUND(G23*(1+$C$14),2) -> 21.92 | J23: =IF($C23="","",ROUND(F23*H23,2)) -> 10913.97
I24: Subtotal 1.0 | J24: =SUBTOTAL(9,J18:J23) -> 27451.31
A25: 2.0 | B25: MOVIMENTAÇÃO DE SOLO
A26: 2.1 | B26: 22.02.01 | C26: TPU_DER-SP | D26: Escavação e carga de material de 1/2ª categoria | E26: m³ | F26: ='BRÁS_ PONTE'!AA5 -> 258.56 | G26: 12.04 | H26: =G26 -> 12.04 | J26: =IF($C26="","",ROUND(F26*H26,2)) -> 3113.06
A27: 2.2 | B27: 22.03.03 | C27: TPU_DER-SP | D27: Transporte de 1ª e 2ª categoria até 5 km | E27: m³.km | F27: =F26*5 -> 1292.8 | G27: 4.36 | H27: =G27 -> 4.36 | J27: =IF($C27="","",ROUND(F27*H27,2)) -> 5636.61
I28: Subtotal 2.0 | J28: =SUBTOTAL(9,J26:J27) -> 8749.67
A29: 3.0 | B29: INFRAESTRUTURA
A30: 3.1 | B30: 24.12.03 | C30: TPU_DER-SP | D30: Enchimento de vala com pedra marroada | E30: m³ | F30: ='BRÁS_ PONTE'!F15 -> 53.13 | G30: 152.66 | H30: =G30 -> 152.66 | J30: =IF($C30="","",ROUND(F30*H30,2)) -> 8110.83
A31: 3.2 | B31: 24.12.01.01 | C31: TPU_DER-SP | D31: Enchimento de vala com pedra britada 1 e 2 | E31: m³ | F31: =ROUND(11*6.9*0.1,2) -> 7.59 | G31: 153.18 | H31: =G31 -> 153.18 | J31: =IF($C31="","",ROUND(F31*H31,2)) -> 1162.64
I32: Subtotal 3.0 | J32: =SUBTOTAL(9,J30:J31) -> 9273.47
A33: 4.0 | B33: ESTRUTURA
A34: 4.1 | B34: Composição | C34: Mercado | D34: Aduela de concreto armado pré-fabricado 2,50 x 2,50 m. | E34: m | F34: 16 | G34: 6485.67 | H34: =ROUND(G34*(1+$C$14),2) -> 7977.37 | J34: =IF($C34="","",ROUND(F34*H34,2)) -> 127637.92
A35: 4.2 | B35: 72.33.02.04 | C35: TPU_DER-SP | D35: Guindaste Hidráulico Lança Telescópica. S/PN 27,2 t, Cond. D | E35: h | F35: =16 -> 16 | G35: 420.02 | H35: 420.02 | J35: =IF($C35="","",ROUND(F35*H35,2)) -> 6720.32
A36: 4.3 | B36: 24.14.01.05 | C36: TPU_DER-SP | D36: Manta Geotextil não tecida, resistência lonmgitudinal 14 kN/m | E36: m² | F36: =44.8+40+9.6 -> 94.4 | G36: 14.61 | H36: =G36 -> 14.61 | J36: =IF($C36="","",ROUND(F36*H36,2)) -> 1379.18
A37: 4.4 | B37: 25.09.05 | C37: TPU_DER-SP | D37: Concreto fck = 25 MPa | E37: m³ | F37: ='BRÁS_ PONTE'!E39 -> 7.22 | G37: 842.73 | H37: =G37 -> 842.73 | J37: =IF($C37="","",ROUND(F37*H37,2)) -> 6084.51
A38: 4.5 | B38: 26.05.01 | C38: TPU_DER-SP | D38: Forma plana para concreto armado comum | E38: m² | F38: ='BRÁS_ PONTE'!E56 -> 42.88 | G38: 170.92 | H38: =G38 -> 170.92 | J38: =IF($C38="","",ROUND(F38*H38,2)) -> 7329.05
A39: 4.6 | B39: 26.06.02 | C39: TPU_DER-SP | D39: Barra de aço CA-50 | E39: kg | F39: ='BRÁS_ PONTE'!H56 -> 577.6 | G39: 16.88 | H39: =G39 -> 16.88 | J39: =IF($C39="","",ROUND(F39*H39,2)) -> 9749.89
I40: Subtotal 4.0 | J40: =SUBTOTAL(9,J34:J39) -> 158900.87
A41: 5.0 | B41: LAJE DE FUNDO
A42: 5.1 | B42: 25.09.05 | C42: TPU_DER-SP | D42: Concreto fck = 25 MPa | E42: m³ | F42: 9.28 | G42: 842.73 | H42: =G42 -> 842.73 | J42: =ROUND(F42*H42,2) -> 7820.53
A43: 5.2 | B43: 26.05.01 | C43: TPU_DER-SP | D43: Forma plana para concreto armado comum | E43: m² | F43: 5.6 | G43: 170.92 | H43: =G43 -> 170.92 | J43: =ROUND(F43*H43,2) -> 957.15
A44: 5.3 | B44: 26.06.02 | C44: TPU_DER-SP | D44: Barra de aço CA-50 | E44: kg | F44: =F42*80 -> 742.4 | G44: 16.88 | H44: =G44 -> 16.88 | J44: =ROUND(F44*H44,2) -> 12531.71 | M44: =5.6*5 -> 28
I45: Subtotal 5.0 | J45: =SUBTOTAL(9,J42:J44) -> 21309.39
A46: 6.0 | B46: VIGA UNHA
A47: 6.1 | B47: 25.09.05 | C47: TPU_DER-SP | D47: Concreto fck = 25 MPa | E47: m³ | F47: 2.07 | G47: 842.73 | H47: =G47 -> 842.73 | J47: =ROUND(F47*H47,2) -> 1744.45
A48: 6.2 | B48: 26.05.01 | C48: TPU_DER-SP | D48: Forma plana para concreto armado comum | E48: m² | F48: 7.1 | G48: 170.92 | H48: =G48 -> 170.92 | J48: =ROUND(F48*H48,2) -> 1213.53
A49: 6.3 | B49: 26.06.02 | C49: TPU_DER-SP | D49: Barra de aço CA-50 | E49: kg | F49: 165.6 | G49: 16.88 | H49: =G49 -> 16.88 | J49: =ROUND(F49*H49,2) -> 2795.33
I50: Subtotal 6.0 | J50: =SUBTOTAL(9,J47:J49) -> 5753.31
A51: 7.0 | B51: VIGA TESTA
A52: 7.1 | B52: 25.09.05 | C52: TPU_DER-SP | D52: Concreto fck = 25 MPa | E52: m³ | F52: 2.08 | G52: 842.73 | H52: =G52 -> 842.73 | J52: =ROUND(F52*H52,2) -> 1752.88
A53: 7.2 | B53: 26.05.01 | C53: TPU_DER-SP | D53: Forma plana para concreto armado comum | E53: m² | F53: 7.32 | G53: 170.92 | H53: =G53 -> 170.92 | J53: =ROUND(F53*H53,2) -> 1251.13
A54: 7.3 | B54: 26.06.02 | C54: TPU_DER-SP | D54: Barra de aço CA-50 | E54: kg | F54: 166.4 | G54: 16.88 | H54: =G54 -> 16.88 | J54: =ROUND(F54*H54,2) -> 2808.83
I55: Subtotal 7.0 | J55: =SUBTOTAL(9,J52:J54) -> 5812.84
A56: 8.0 | B56: ENROCAMENTO À JUSANTE
A57: 8.1 | B57: 08.10.108 | C57: CDHU | D57: =IF($C57="","",VLOOKUP($B57,'197 ONERADO'!$A$3:$G$4201,2,0)) -> Gabião tipo caixa em tela metálica, altura de 0,5 m, com revestimento liga zinco/alumínio, malha hexagonal 8/10 cm, fio diâmetro 2,7 mm, independente do formato ou utilização | E57: =IF($C57="","",VLOOKUP($B57,'197 ONERADO'!$A$3:$G$4201,3,0)) -> m³ | F57: ='JD. SELMA. - PONTE'!F18 -> 20.7 | G57: =IF($C57="","",VLOOKUP($B57,'197 ONERADO'!$A$3:$H$4201,6,0)) -> 940.14 | H57: =ROUND(G57*(1+$C$14),2) -> 1156.37 | J57: =IF($C57="","",ROUND(F57*H57,2)) -> 23936.86
I58: Subtotal 8.0 | J58: =SUBTOTAL(9,J57:J57) -> 23936.86
A59: 9.0 | B59: GUARDA-CORPO
A60: 9.1 | B60: 26.05.01 | C60: TPU_DER-SP | D60: Forma plana para concreto armado comum | E60: m² | F60: 8.42 | G60: 170.92 | H60: =G60 -> 170.92 | J60: =IF($C60="","",ROUND(F60*H60,2)) -> 1439.15
A61: 9.2 | B61: 25.09.05 | C61: TPU_DER-SP | D61: Concreto fck = 25 MPa | E61: m³ | F61: 0.43 | G61: 842.73 | H61: =G61 -> 842.73 | J61: =IF($C61="","",ROUND(F61*H61,2)) -> 362.37
A62: 9.3 | B62: 26.06.02 | C62: TPU_DER-SP | D62: Barra de aço CA-50 | E62: kg | F62: =80*F61 -> 34.4 | G62: 16.88 | H62: =G62 -> 16.88 | J62: =IF($C62="","",ROUND(F62*H62,2)) -> 580.67
A63: 9.4 | B63: 37.05.06 | C63: TPU_DER-SP | D63: Suporte galvanizado D=2 1/2' | E63: m | F63: 33.6 | G63: 186.56 | H63: =G63 -> 186.56 | J63: =IF($C63="","",ROUND(F63*H63,2)) -> 6268.42
I64: Subtotal 9.0 | J64: =SUBTOTAL(9,J60:J63) -> 8650.61
A65: 10.0 | B65: SERVIÇOS COMPLEMENTARTES
A66: 10.1 | B66: 54.01.210 | C66: CDHU | D66: =IF($C66="","",VLOOKUP($B66,'197 ONERADO'!$A$3:$G$4201,2,0)) -> Base de brita graduada | E66: =IF($C66="","",VLOOKUP($B66,'197 ONERADO'!$A$3:$G$4201,3,0)) -> m³ | F66: ='BRÁS_ PONTE'!AI11 -> 192.69 | G66: =IF($C66="","",VLOOKUP($B66,'197 ONERADO'!$A$3:$H$4201,6,0)) -> 268.31 | H66: =ROUND(G66*(1+$C$14),2) -> 330.02 | J66: =IF($C66="","",ROUND(F66*H66,2)) -> 63591.55
A67: 10.2 | B67: 26.11.08.01 | C67: TPU_DER-SP | D67: Barreira de segurança para obra de artes especial Conf. PP-DE_C01/293 | E67: m | F67: 20 | G67: 713.48 | H67: =G67 -> 713.48 | J67: =IF($C67="","",ROUND(F67*H67,2)) -> 14269.6
A68: 10.3 | B68: 33.10.050 | C68: CDHU | D68: =IF($C68="","",VLOOKUP($B68,'197 ONERADO'!$A$3:$G$4201,2,0)) -> Tinta acrílica em massa, inclusive preparo | E68: =IF($C68="","",VLOOKUP($B68,'197 ONERADO'!$A$3:$G$4201,3,0)) -> m² | F68: ='JD. SELMA. - PONTE'!AJ8 -> 31.28 | G68: =IF($C68="","",VLOOKUP($B68,'197 ONERADO'!$A$3:$H$4201,6,0)) -> 34.11 | H68: =ROUND(G68*(1+$C$14),2) -> 41.96 | J68: =IF($C68="","",ROUND(F68*H68,2)) -> 1312.51
A69: 10.4 | B69: 24.01.01 | C69: TPU_DER-SP | D69: Aterro de acesso | E69: m³ | F69: 124 | G69: 20.46 | H69: =G69 -> 20.46 | J69: =IF($C69="","",ROUND(F69*H69,2)) -> 2537.04
A70: 10.5 | B70: 12.01.021 | C70: CDHU | D70: =IF($C70="","",VLOOKUP($B70,'197 ONERADO'!$A$3:$G$4201,2,0)) -> Broca em concreto armado diâmetro de 20 cm - completa | E70: =IF($C70="","",VLOOKUP($B70,'197 ONERADO'!$A$3:$G$4201,3,0)) -> m | F70: 5 | G70: =IF($C70="","",VLOOKUP($B70,'197 ONERADO'!$A$3:$H$4201,6,0)) -> 69.04 | H70: =ROUND(G70*(1+$C$14),2) -> 84.92 | J70: =IF($C70="","",ROUND(F70*H70,2)) -> 424.6
A71: 10.6 | B71: 70.03.001 | C71: CDHU | D71: =IF($C71="","",VLOOKUP($B71,'197 ONERADO'!$A$3:$G$4201,2,0)) -> Placa para sinalização viária em chapa de aço, totalmente refletiva com película IA/IA - área até 2,0 m² | E71: =IF($C71="","",VLOOKUP($B71,'197 ONERADO'!$A$3:$G$4201,3,0)) -> m² | F71: ='JD. SELMA. - PONTE'!AP9 -> 1.1 | G71: =IF($C71="","",VLOOKUP($B71,'197 ONERADO'!$A$3:$H$4201,6,0)) -> 1639.09 | H71: =ROUND(G71*(1+$C$14),2) -> 2016.08 | J71: =IF($C71="","",ROUND(F71*H71,2)) -> 2217.69
A72: 10.7 | B72: 97.05.140 | C72: CDHU | D72: =IF($C72="","",VLOOKUP($B72,'197 ONERADO'!$A$3:$G$4201,2,0)) -> Suporte de perfil metálico galvanizado | E72: =IF($C72="","",VLOOKUP($B72,'197 ONERADO'!$A$3:$G$4201,3,0)) -> kg | F72: ='JD. SELMA. - PONTE'!AV9 -> 65.25 | G72: =IF($C72="","",VLOOKUP($B72,'197 ONERADO'!$A$3:$H$4201,6,0)) -> 30.83 | H72: =ROUND(G72*(1+$C$14),2) -> 37.92 | J72: =IF($C72="","",ROUND(F72*H72,2)) -> 2474.28
A73: 10.8 | B73: 34.02.020 | C73: CDHU | D73: =IF($C73="","",VLOOKUP($B73,'197 ONERADO'!$A$3:$G$4201,2,0)) -> Plantio de grama batatais em placas (praças e áreas abertas) | E73: =IF($C73="","",VLOOKUP($B73,'197 ONERADO'!$A$3:$G$4201,3,0)) -> m² | F73: =4*3*20 -> 240 | G73: =IF($C73="","",VLOOKUP($B73,'197 ONERADO'!$A$3:$H$4201,6,0)) -> 14.22 | H73: =ROUND(G73*(1+$C$14),2) -> 17.49 | J73: =IF($C73="","",ROUND(F73*H73,2)) -> 4197.6
A74: 10.9 | B74: 55.01.020 | C74: CDHU | D74: =IF($C74="","",VLOOKUP($B74,'197 ONERADO'!$A$3:$G$4201,2,0)) -> Limpeza final da obra | E74: =IF($C74="","",VLOOKUP($B74,'197 ONERADO'!$A$3:$G$4201,3,0)) -> m² | F74: =F23 -> 497.9 | G74: =IF($C74="","",VLOOKUP($B74,'197 ONERADO'!$A$3:$H$4201,6,0)) -> 15 | H74: =ROUND(G74*(1+$C$14),2) -> 18.45 | J74: =IF($C74="","",ROUND(F74*H74,2)) -> 9186.26
I75: Subtotal 8.0 | J75: =SUBTOTAL(9,J66:J74) -> 100211.13
A76: TOTAL GERAL | J76: =SUBTOTAL(9,J17:J74) -> 370049.46
A78: MEDIÇÃO ATUAL | J78: 0
J82: Santa Branca, 29 de maio de 2024.
A84: Arthur Ribeiro Alvares Pimenta
A85: Secretário Municipal de Serviços, Obras e Transportes
A86: Engenheiro Civil - CREA/SP: 5069103559

Sheet CFF_BRAZ
B2: CRONOGRAMA FÍSICO FINANCEIRO DE EXECUÇÃO DOS SERVIÇOS
B3: Obra: CONSTRUÇÃO DE TRAVESSIAS SOBRE O CÓRREGO DO BRÁS FERNANDES, SANTA BRANCA - SP
B4: Item | C4: Descrição | D4: 1º Mês | J4: 2º Mês | P4: 3º Mês | V4: 4º Mês
D5: 5 | E5: 10 | F5: 15 | G5: 20 | H5: 25 | I5: 30 | J5: 5 | K5: 10 | L5: 15 | M5: 20 | N5: 25 | O5: 30 | P5: 5 | Q5: 10 | R5: 15 | S5: 20 | T5: 25 | U5: 30 | V5: 5 | W5: 10 | X5: 15 | Y5: 20 | Z5: 25 | AA5: 30
B6: 1.0 | C6: Serviços preliminares | D6: Mobilização
B7: 2.0 | C7: Movimentação de solo
B8: 3.0 | C8: Infraestrutura
B9: 4.0 | C9: Estrutura
B10: 5.0 | C10: Laje de fundo
B11: 6.0 | C11: Viga unha
B12: 7.0 | C12: Viga testa
B13: 8.0 | C13: Enrocamento à jusante
B14: 9.0 | C14: Guarda-corpo
B15: 10.0 | C15: Serviços complementares
B16: Porcentagem Aplicada no Mês | D16: 0 | J16: =ROUND(J17/$D$18,4) -> 0.1229 | P16: =ROUND(P17/$D$18,4) -> 0.5182 | V16: =ROUND(V17/$D$18,4) -> 0.3589 | AC16: =J16+P16+V16 -> 1
B17: RECURSO ESTADUAL | D17: 0 | J17: ='P.O. Bras'!J24+'P.O. Bras'!J28+'P.O. Bras'!J32 -> 45474.45 | P17: ='P.O. Bras'!J40+'P.O. Bras'!J45+'P.O. Bras'!J50+'P.O. Bras'!J55 -> 191776.41 | V17: ='P.O. Bras'!J58+'P.O. Bras'!J64+'P.O. Bras'!J75 -> 132798.6 | AD17: =J17+P17+V17 -> 370049.46
B18: VALOR TOTAL | D18: ='P.O. Bras'!J76 -> 370049.46
AA20: Santa Branca, 29 de maio de 2024.
H22: Arthur Ribeiro Alvares Pimenta
H23: Secretário Municipal de Serviços, Obras e Transportes
H24: Engenheiro Civil - CREA/SP: 5069103559
B29: TOTAL | J29: =supera!I15 -> 11412.94 | P29: =supera!I20 -> #REF!

Sheet superado
A6: MUNICÍPIO DE SANTA BRANCA
A7: Secretaria Municipal de Serviços, Obras e Transportes
A9: CRONOGRAMA FÍSICO-FINANCEIRO
A11: Obra: CONSTRUÇÃO DE TRAVESSIAS SOBRE CÓRREGO
A12: Local da Obra: AVENIDA BENEDITO JOSÉ DE SOUZA, JARDIM SELMA - SANTA BRANCA - SP
A13: Local da Obra: RUA UM, CHÁCARAS SANTA TEREZINHA - SANTA BRANCA - SP
A15: ITEM | B15: SERVIÇOS | C15: TOTAL | D15: DESCRIÇÃO | E15: 1º MÊS | F15: 2º MÊS | G15: 3º MÊS | H15: 4º MÊS | I15: 5º MÊS | J15: 6º ao 8º MÊS
A16: 1.0 | B16: SERVIÇOS PRELIMINARES | C16: ='PLANILHA SELMA'!J17 -> 0 | D16: % Executada | E16: MOBILIZAÇÃO | F16: 1 | G16: 0 | H16: 0 | I16: 0 | J16: DESMOBILIZAÇÃO E TRÂMITES BUROCRÁTICOS
D17: % Acumulada | F17: =E17+F16 -> 1 | G17: =F17+G16 -> 1 | H17: =G17+H16 -> 1 | I17: =H17+I16 -> 1
D18: Cronograma
D19: Vencimento | F19: =+F16*$C16 -> 0 | G19: =+G16*$C16 -> 0 | H19: =+H16*$C16 -> 0 | I19: =+I16*$C16 -> 0
A20: 2.0 | B20: ='PLANILHA SELMA'!B25 -> MOVIMENTAÇÃO DE SOLO | C20: ='PLANILHA SELMA'!J25 -> 0 | D20: % Executada | F20: 0.3 | G20: 0.7 | H20: 0 | I20: 0
D21: % Acumulada | F21: =E21+F20 -> 0.3 | G21: =F21+G20 -> 1 | H21: =G21+H20 -> 1 | I21: =H21+I20 -> 1
D22: Cronograma
D23: Vencimento | F23: =+F20*$C20 -> 0 | G23: =+G20*$C20 -> 0 | H23: =+H20*$C20 -> 0 | I23: =+I20*$C20 -> 0
A24: 3.0 | B24: ='PLANILHA SELMA'!#REF! -> #REF! | C24: ='PLANILHA SELMA'!#REF! -> #REF! | D24: % Executada | F24: 0 | G24: 0 | H24: 0.5 | I24: 0.5
D25: % Acumulada | F25: =E25+F24 -> 0 | G25: =F25+G24 -> 0 | H25: =G25+H24 -> 0.5 | I25: =H25+I24 -> 1
D26: Cronograma
D27: Vencimento | F27: =+F24*$C24 -> #REF! | G27: =+G24*$C24 -> #REF! | H27: =+H24*$C24 -> #REF! | I27: =+I24*$C24 -> #REF!
A28: TOTAL | C28: =SUM(C16:C27) -> #REF! | E28: 0 | F28: =+F19+F23+F27 -> #REF! | G28: =+G19+G23+G27 -> #REF! | H28: =+H19+H23+H27 -> #REF! | I28: =+I19+I23+I27 -> #REF! | J28: 0
A29: % EXECUTADA | C29: 0 | E29: =ROUND(E28/$C$28,4) -> #REF! | F29: =ROUND(F28/$C$28,4) -> #REF! | G29: =ROUND(G28/$C$28,4) -> #REF! | H29: =ROUND(H28/$C$28,4) -> #REF! | I29: =ROUND(I28/$C$28,4) -> #REF! | J29: =ROUND(J28/$C$28,4) -> #REF!
A30: R$ ACUMULADO PERÍODO | C30: 0 | E30: =E28 -> 0 | F30: =+E30+F28 -> #REF! | G30: =+F30+G28 -> #REF! | H30: =+G30+H28 -> #REF! | I30: =+H30+I28 -> #REF! | J30: =+I30+J28 -> #REF!
A31: % ACUMULADA TOTAL | C31: 0 | E31: =+E30/$C$28 -> #REF! | F31: =+F30/$C$28 -> #REF! | G31: =+G30/$C$28 -> #REF! | H31: =+H30/$C$28 -> #REF! | I31: =+I30/$C$28 -> #REF! | J31: =+J30/$C$28 -> #REF!
J33: Santa Branca, 15 de abril de 2024.
A35: Arthur Ribeiro Alvares Pimenta
A36: Secretário Municipal de Serviços, Obras e Transportes
A37: Engenheiro Civil - CREA/SP: 5069103559
A731: 13.01.190 | B731: Laje pré-fabricada mista vigota treliçada/lajota cerâmica - LT 24 (20+4) e capa com concreto de 25 MPa | C731: M2 | D731: 141,86 | E731: 172,27
A732: 13.01.210 | B732: Laje pré-fabricada mista vigota treliçada/lajota cerâmica - LT 30 (24+6) e capa com concreto de 25 MPa | C732: M2 | D732: 178,03 | E732: 211,41
A733: 13.01.310 | B733: Laje pré-fabricada unidirecional em viga treliçada/lajota em EPS LT 12 (8 + 4), com capa de concreto de 25 MPa | C733: M2 | D733: 102,42 | E733: 128,17
A734: 13.01.320 | B734: Laje pré-fabricada unidirecional em viga treliçada/lajota em EPS LT 16 (12 + 4), com capa de concreto de 25 MPa | C734: M2 | D734: 119,56 | E734: 145,31
A735: 13.01.330 | B735: Laje pré-fabricada unidirecional em viga treliçada/lajota em EPS LT 20 (16 + 4), com capa de concreto de 25 MPa | C735: M2 | D735: 163,32 | E735: 191,40
A736: 13.01.340 | B736: Laje pré-fabricada unidirecional em viga treliçada/lajota em EPS LT 25 (20 + 5), com capa de concreto de 25 MPa | C736: M2 | D736: 152,83 | E736: 183,24
A737: 13.01.350 | B737: Laje pré-fabricada unidirecional em viga treliçada/lajota em EPS LT 30 (25 + 5), com capa de concreto de 25 MPa | C737: M2 | D737: 240,53 | E737: 273,91
A738: 13.02 | B738: Laje pre-fabricada mista em vigotas protendidas e lajotas
A739: 13.02.150 | B739: Laje pré-fabricada mista vigota protendida/lajota cerâmica - LP 12 (8+4) e capa com concreto de 25 MPa | C739: M2 | D739: 114,25 | E739: 140,00
A740: 13.02.170 | B740: Laje pré-fabricada mista vigota protendida/lajota cerâmica - LP 16 (12+4) e capa com concreto de 25 MPa | C740: M2 | D740: 131,21 | E740: 159,29
A741: 13.02.190 | B741: Laje pré-fabricada mista vigota protendida/lajota cerâmica - LP 20 (16+4) e capa com concreto de 25 MPa | C741: M2 | D741: 141,10 | E741: 171,51
A742: 13.02.210 | B742: Laje pré-fabricada mista vigota protendida/lajota cerâmica - LP 25 (20+5) e capa com concreto de 25 MPa | C742: M2 | D742: 152,71 | E742: 186,09
A743: 13.05 | B743: Pre-laje
A744: 13.05.084 | B744: Pré-laje em painel pré-fabricado treliçado, com EPS, H= 12 cm | C744: M2 | D744: 129,94 | E744: 137,79
A745: 13.05.090 | B745: Pré-laje em painel pré-fabricado treliçado, com EPS, H= 16 cm | C745: M2 | D745: 134,52 | E745: 142,78
A746: 13.05.094 | B746: Pré-laje em painel pré-fabricado treliçado, com EPS, H= 20 cm | C746: M2 | D746: 146,74 | E746: 155,40
A747: 13.05.096 | B747: Pré-laje em painel pré-fabricado treliçado, com EPS, H= 25 cm | C747: M2 | D747: 169,79 | E747: 178,61
A748: 13.05.110 | B748: Pré-laje em painel pré-fabricado treliçado, H= 12 cm | C748: M2 | D748: 121,44 | E748: 129,29
A749: 13.05.150 | B749: Pré-laje em painel pré-fabricado treliçado, H= 16 cm | C749: M2 | D749: 131,40 | E749: 139,65
A750: 14 | B750: ALVENARIA E ELEMENTO DIVISOR
A751: 14.01 | B751: Alvenaria de fundação (embasamento)
A752: 14.01.020 | B752: Alvenaria de embasamento em tijolo maciço comum | C752: M3 | D752: 459,31 | E752: 725,81
A753: 14.01.050 | B753: Alvenaria de embasamento em bloco de concreto de 14 x 19 x 39 cm - classe A | C753: M2 | D753: 47,06 | E753: 72,63
A754: 14.01.060 | B754: Alvenaria de embasamento em bloco de concreto de 19 x 19 x 39 cm - classe A | C754: M2 | D754: 61,29 | E754: 87,44
A755: 14.02 | B755: Alvenaria com tijolo maciço comum ou especial
A756: 14.02.020 | B756: Alvenaria de elevação de 1/4 tijolo maciço comum | C756: M2 | D756: 28,34 | E756: 61,24
A757: 14.02.030 | B757: Alvenaria de elevação de 1/2 tijolo maciço comum | C757: M2 | D757: 39,03 | E757: 91,10
A758: 14.02.040 | B758: Alvenaria de elevação de 1 tijolo maciço comum | C758: M2 | D758: 86,16 | E758: 170,67
A759: 14.02.050 | B759: Alvenaria de elevação de 1 1/2 tijolo maciço comum | C759: M2 | D759: 124,59 | E759: 228,81
A760: 14.02.070 | B760: Alvenaria de elevação de 1/2 tijolo maciço aparente | C760: M2 | D760: 108,04 | E760: 160,11
A761: 14.02.080 | B761: Alvenaria de elevação de 1 tijolo maciço aparente | C761: M2 | D761: 244,78 | E761: 329,29
A762: 14.03 | B762: Alvenaria com tijolo laminado aparente
A763: 14.03.020 | B763: Alvenaria de elevação de 1/4 tijolo laminado | C763: M2 | D763: 96,71 | E763: 143,12
A764: 14.03.040 | B764: Alvenaria de elevação de 1/2 tijolo laminado | C764: M2 | D764: 182,47 | E764: 270,00
A765: 14.03.060 | B765: Alvenaria de elevação de 1 tijolo laminado | C765: M2 | D765: 377,90 | E765: 500,33
A766: 14.04 | B766: Alvenaria com bloco cerâmico de vedação
A767: 14.04.200 | B767: Alvenaria de bloco cerâmico de vedação, uso revestido, de 9 cm | C767: M2 | D767: 27,45 | E767: 51,01
A768: 14.04.210 | B768: Alvenaria de bloco cerâmico de vedação, uso revestido, de 14 cm | C768: M2 | D768: 37,83 | E768: 63,40
A769: 14.04.220 | B769: Alvenaria de bloco cerâmico de vedação, uso revestido, de 19 cm | C769: M2 | D769: 38,67 | E769: 66,11
A770: 14.05 | B770: Alvenaria com bloco cerâmico estrutural
A771: 14.05.050 | B771: Alvenaria de bloco cerâmico estrutural, uso revestido, de 14 cm | C771: M2 | D771: 30,14 | E771: 55,71
A772: 14.05.060 | B772: Alvenaria de bloco cerâmico estrutural, uso revestido, de 19 cm | C772: M2 | D772: 37,73 | E772: 65,17
A773: 14.1 | B773: Alvenaria com bloco de concreto de vedação
A774: 14.10.101 | B774: Alvenaria de bloco de concreto de vedação de 9 x 19 x 39 cm - classe C | C774: M2 | D774: 27,05 | E774: 50,61
A775: 14.10.111 | B775: Alvenaria de bloco de concreto de vedação de 14 x 19 x 39 cm - classe C | C775: M2 | D775: 33,61 | E775: 59,18
A776: 14.10.121 | B776: Alvenaria de bloco de concreto de vedação de 19 x 19 x 39 cm - classe C | C776: M2 | D776: 43,32 | E776: 69,47
A777: 14.11 | B777: Alvenaria com bloco de concreto estrutural
A778: 14.11.221 | B778: Alvenaria de bloco de concreto estrutural 14 x 19 x 39 cm - classe B | C778: M2 | D778: 42,24 | E778: 71,02
A779: 14.11.231 | B779: Alvenaria de bloco de concreto estrutural 19 x 19 x 39 cm - classe B | C779: M2 | D779: 56,67 | E779: 86,18
A780: 14.11.261 | B780: Alvenaria de bloco de concreto estrutural 14 x 19 x 39 cm - classe A | C780: M2 | D780: 48,09 | E780: 86,20
A781: 14.11.271 | B781: Alvenaria de bloco de concreto estrutural 19 x 19 x 39 cm - classe A | C781: M2 | D781: 62,78 | E781: 103,41
A782: 14.15 | B782: Alvenaria de concreto celular ou silico calcário
A783: 14.15.060 | B783: Alvenaria em bloco de concreto celular autoclavado de 10 cm, uso revestido - classe C25 | C783: M2 | D783: 77,00 | E783: 88,16
A784: 14.15.100 | B784: Alvenaria em bloco de concreto celular autoclavado de 12,5 cm, uso revestido - classe C25 | C784: M2 | D784: 92,60 | E784: 104,05
A785: 14.15.120 | B785: Alvenaria em bloco de concreto celular autoclavado de 15 cm, uso revestido - classe C25 | C785: M2 | D785: 113,65 | E785: 125,24
A786: 14.15.140 | B786: Alvenaria em bloco de concreto celular autoclavado de 20 cm, uso revestido - classe C25 | C786: M2 | D786: 142,25 | E786: 154,28
A787: 14.2 | B787: Pecas moldadas no local (vergas, pilaretes, etc.)
A788: 14.20.010 | B788: Vergas, contravergas e pilaretes de concreto armado | C788: M3 | D788: 1.003,12 | E788: 1.611,43
A789: 14.20.020 | B789: Cimalha em concreto com pingadeira | C789: M | D789: 2,96 | E789: 8,46
A790: 14.28 | B790: Elementos vazados (concreto, cerâmica e vidros)
A791: 14.28.030 | B791: Elemento vazado em concreto, tipo quadriculado de 39 x 39 x 10 cm | C791: M2 | D791: 109,45 | E791: 157,45
A792: 14.28.096 | B792: Elemento vazado em concreto, tipo veneziana de 39 x 39 x 10 cm | C792: M2 | D792: 130,45 | E792: 178,45
A793: 14.28.100 | B793: Elemento vazado em vidro, tipo veneziana capelinha de 20 x 10 x 10 cm | C793: M2 | D793: 1.248,66 | E793: 1.378,84
A794: 14.28.140 | B794: Elemento vazado em vidro, tipo veneziana de 20 x 20 x 6 cm | C794: M2 | D794: 831,98 | E794: 918,42
A795: 14.3 | B795: Divisória e fechamento
A796: 14.30.010 | B796: Divisória em placas de granito com espessura de 3 cm | C796: M2 | D796: 765,82 | E796: 821,84
A797: 14.30.020 | B797: Divisória em placas de granilite com espessura de 3 cm | C797: M2 | D797: 208,28 | E797: 208,28
A798: 14.30.070 | B798: Divisória sanitária em painel laminado melamínico estrutural com perfis em alumínio, inclusive ferragem completa para vão de porta | C798: M2 | D798: 523,08 | E798: 523,08
A799: 14.30.080 | B799: Divisão para mictório em placas de mármore branco, com espessura de 3 cm | C799: M2 | D799: 875,82 | E799: 931,84
A800: 14.30.110 | B800: Divisória cega tipo naval, acabamento em laminado fenólico melamínico, com espessura de 3,5 cm | C800: M2 | D800: 110,71 | E800: 110,71
A801: 14.30.160 | B801: Divisória em placas de gesso acartonado, resistência ao fogo 60 minutos, espessura 120/90mm - 1RF / 1RF LM | C801: M2 | D801: 143,36 | E801: 143,36
A802: 14.30.190 | B802: Divisória cega tipo naval com miolo mineral, acabamento em laminado melamínico, com espessura de 3,5 cm | C802: M2 | D802: 131,52 | E802: 131,52
A803: 14.30.230 | B803: Divisória painel/vidro/vidro tipo naval, acabamento em laminado fenólico melamínico, com espessura de 3,5 cm | C803: M2 | D803: 139,33 | E803: 139,33
...

Sheet CFF_Convênio_Estado
B2: CRONOGRAMA FÍSICO FINANCEIRO DE EXECUÇÃO DOS SERVIÇOS
B3: Obra: CONSTRUÇÃO DE TRAVESSIAS SOBRE OS CÓRREGOS DO ANGOLA E DO BRÁS FERNANDES, SANTA BRANCA - SP
B4: Item | C4: Descrição | D4: 1º Mês | J4: 2º Mês | P4: 3º Mês | V4: 4º Mês | AB4: 5º Mês
D5: 5 | E5: 10 | F5: 15 | G5: 20 | H5: 25 | I5: 30 | J5: 5 | K5: 10 | L5: 15 | M5: 20 | N5: 25 | O5: 30 | P5: 5 | Q5: 10 | R5: 15 | S5: 20 | T5: 25 | U5: 30 | V5: 5 | W5: 10 | X5: 15 | Y5: 20 | Z5: 25 | AA5: 30 | AB5: 5 | AC5: 10 | AD5: 15 | AE5: 20 | AF5: 25 | AG5: 30
B6: 1.0 | C6: Serviços preliminares
B7: 2.0 | C7: Ponte Avenida Benedito José de Souza, Jardim Selma
B8: 3.0 | C8: Ponte Rua Um, Chácaras Santa Terezinha
B9: Porcentagem Aplicada no Mês | D9: 1 | J9: 0.5 | P9: 0.5 | V9: 0.5 | AB9: 0.5 | AI9: =D10+J10+P10+V10+AB10 -> #REF!
B10: RECURSO ESTADUAL | D10: =D21 -> 11412.94 | J10: =J21 -> 0 | P10: =P21 -> 0 | V10: =V21 -> #REF! | AB10: =AB21 -> #REF! | AI10: =D10/D21 -> 1
B11: VALOR TOTAL | D11: =D10+J10+P10+V10+AB10 -> #REF!
AG13: Santa Branca, 16 de maio de 2024.
H15: Arthur Ribeiro Alvares Pimenta
H16: Secretário Municipal de Serviços, Obras e Transportes
H17: Engenheiro Civil - CREA/SP: 5069103559
J20: =J21+P21 -> 0 | V20: =V21+AB21 -> #REF!
D21: =D22 -> 11412.94 | J21: =0.5*J22 -> 0 | P21: =0.5*P22 -> 0 | V21: =0.5*V22 -> #REF! | AB21: =0.5*AB22 -> #REF! | AI21: =D21+J21+P21+V21+AB21 -> #REF!
B22: TOTAL | D22: ='PLANILHA SELMA'!J17+supera!I15 -> 11412.94 | J22: ='PLANILHA SELMA'!J25 -> 0 | P22: =J22 -> 0 | V22: =supera!I20 -> #REF! | AB22: =V22 -> #REF!
D27: =D10+#REF! -> #REF! | J27: =J10+#REF! -> #REF! | P27: =P10+#REF! -> #REF! | V27: =V10+#REF! -> #REF! | AB27: =AB10+#REF! -> #REF! | AI27: 12564.73
AI28: 106956.1
AI29: 106956.1
AI30: 100062.89
AI31: 100062.89
AI32: =SUM(AI27:AI31) -> 426602.71

Sheet CRONOGRAMA DE EXECUÇÃO
B2: 3.CRONOGRAMA DE EXECUÇÃO (META, ETAPA OU FASE)
B3: Meta | C3: Etapa | D3: Especificação | E3: Indicador Físico | G3: Duração
C4: Fase | E4: Unidade | F4: Quantidade | G4: Início | H4: Término
B5: 1 | C5: Primeira | D5: Serviços preliminares | E5: un.mês | F5: 3 | G5: 2º Mês | H5: 2º Mês
B6: 2 | C6: Segunda | D6: Ponte da Avenida Benedito José de Souza, Jardim Selma | E6: un | F6: 1 | G6: 3º Mês | H6: 4º Mês
B11: 3.CRONOGRAMA DE EXECUÇÃO (META, ETAPA OU FASE)
B12: Meta | C12: Etapa | D12: Especificação | E12: Indicador Físico | G12: Duração
C13: Fase | E13: Unidade | F13: Quantidade | G13: Início | H13: Término
B14: 1 | C14: Primeira | D14: Serviços preliminares | E14: un.mês | F14: 3 | G14: 2º Mês | H14: 2º Mês
B15: 2 | C15: Segunda | D15: Ponte da Rua Um, Chácaras Santa Terezinha | E15: un | F15: 1 | G15: 3º Mês | H15: 4º Mês

Sheet JD. SELMA. - PONTE
B2: TRAVESSIA 1: ESTRUTURAS DE CONCRETO ARMADO | J2: VIGAS TESTA | S2: TRAVESSIA 1: ESCAVAÇÃO | X2: TRAVESSIA 1: BASE BRITA GRADUADA SIMPLES | AF2: PINTURA ACRÍLICA EM ELEMENTOS EM CONCRETO | AL2: SINALIZAÇÃO VERTICAL - PLACAS | AR2: SINALIZAÇÃO VERTICAL - QUANTITATIVO DE SUPORTES
B3: Elemento | C3: Altura Média [m] | D3: Secção Transversal [m²] | E3: Concreto [m³] | F3: Taxa Aço [kg/m³] | G3: Aço CA-50 [m³] | J3: Trecho | K3: Comprim. [m] | L3: Largura [m] | M3: Altura [m] | N3: Forma [m²] | O3: Concreto [m³] | P3: Taxa Aço [kg/m³] | Q3: Aço CA-50 [m³] | S3: Trecho | T3: Secção Transversal [m²] | U3: Comprimento [m] | V3: Volume [m²] | X3: Trecho | Y3: Estaca En [m] | Z3: Estaca En+1 [m] | AA3: Altura [m] | AB3: Área [m²] | AC3: Altura [m] | AD3: BGS [m³] | AF3: Elemento | AG3: Quantidade [un] | AH3: Perímetro / Altura [m] | AI3: Comprimento [m] | AJ3: Área [m²] | AL3: Suporte | AM3: Finalidade | AN3: Formato da placa | AO3: Denominação | AP3: Área [m²] | AR3: Suporte | AS3: Finalidade | AT3: Comprimento Unitário [m] | AU3: Peso Unitário [kg/m] | AV3: Peso [kg]
B4: Muro Ala 1 | C4: 2.4 | D4: 0.42 | E4: =ROUND(C4*D4,2) -> 1.01 | F4: 85 | G4: =ROUND(E4*F4,2) -> 85.85 | J4: Viga Testa 1 | K4: 5.8 | L4: 0.3 | M4: 0.6 | N4: =ROUND((2*K4*M4+2*L4*M4),2) -> 7.32 | O4: =ROUND(K4*L4*M4,2) -> 1.04 | P4: 80 | Q4: =ROUND(O4*P4,2) -> 83.2 | S4: Tubulação e Alas | T4: 32.32 | U4: 8 | V4: =ROUND(T4*U4,2) -> 258.56 | X4: E00 a E01 | Y4: 5.02 | Z4: 5.88 | AA4: 20 | AB4: =ROUND((Y4+Z4)*AA4/2,2) -> 109 | AC4: 0.3 | AD4: =ROUND(AB4*AC4,2) -> 32.7 | AF4: Pilaretes Muretas | AG4: 10 | AH4: 0.6 | AI4: 0.9 | AJ4: =ROUND(AG4*AH4*AI4,2) -> 5.4 | AL4: S1 | AM4: Ponte Estreita | AN4: Quadrada | AO4: A-22 | AP4: 0.25 | AR4: S1 | AS4: Ponte Estreita | AT4: 3 | AU4: 4.35 | AV4: =ROUND(AT4*AU4,2) -> 13.05
B5: Muro Ala 2 | C5: 2.4 | D5: 0.42 | E5: =ROUND(C5*D5,2) -> 1.01 | F5: 85 | G5: =ROUND(E5*F5,2) -> 85.85 | J5: Viga Testa 2 | K5: 5.8 | L5: 0.3 | M5: 0.6 | N5: =ROUND((2*K5*M5+2*L5*M5),2) -> 7.32 | O5: =ROUND(K5*L5*M5,2) -> 1.04 | P5: 80 | Q5: =ROUND(O5*P5,2) -> 83.2 | X5: Embocadura 01 | Y5: AutoCAD | Z5: AutoCAD | AA5: 20 | AB5: 201.7 | AC5: 0.3 | AD5: =ROUND(AB5*AC5,2) -> 60.51 | AF5: Barreira Simples - Laterais | AG5: 8 | AH5: 0.45 | AI5: 1.26 | AJ5: =ROUND(AG5*0.275,2) -> 2.2 | AL5: S2 | AM5: Ponte Estreita | AN5: Quadrada | AO5: A-22 | AP5: 0.25 | AR5: S2 | AS5: Ponte Estreita | AT5: 3 | AU5: 4.35 | AV5: =ROUND(AT5*AU5,2) -> 13.05
B6: Muro Ala 3 | C6: 2.4 | D6: 0.42 | E6: =ROUND(C6*D6,2) -> 1.01 | F6: 85 | G6: =ROUND(E6*F6,2) -> 85.85 | J6: TOTAL | N6: =SUM(N4:N5) -> 14.64 | O6: =SUM(O4:O5) -> 2.08 | Q6: =SUM(Q4:Q5) -> 166.4 | X6: E02 a E03 | Y6: AutoCAD | Z6: AutoCAD | AA6: 20 | AB6: 126.76 | AC6: 0.3 | AD6: =ROUND(AB6*AC6,2) -> 38.03 | AF6: Muro Ala | AG6: 4 | AH6: 2.4 | AI6: 1.5 | AJ6: =ROUND(AG6*AH6*AI6,2) -> 14.4 | AL6: S3 | AM6: Velocidade Máxima Permitida | AN6: Circular | AO6: R-19 | AP6: 0.2 | AR6: S3 | AS6: Velocidade Máxima Permitida | AT6: 3 | AU6: 4.35 | AV6: =ROUND(AT6*AU6,2) -> 13.05
B7: Muro Ala 4 | C7: 2.4 | D7: 0.42 | E7: =ROUND(C7*D7,2) -> 1.01 | F7: 85 | G7: =ROUND(E7*F7,2) -> 85.85 | X7: E03 a E04 | Y7: 5.88 | Z7: 5.77 | AA7: 20 | AB7: =ROUND((Y7+Z7)*AA7/2,2) -> 116.5 | AC7: 0.3 | AD7: =ROUND(AB7*AC7,2) -> 34.95 | AF7: Muro Contenção | AG7: 2 | AH7: 0.8 | AI7: 5.8 | AJ7: =ROUND(AG7*AH7*AI7,2) -> 9.28 | AL7: S4 | AM7: Velocidade Máxima Permitida | AN7: Circular | AO7: R-19 | AP7: 0.2 | AR7: S4 | AS7: Velocidade Máxima Permitida | AT7: 3 | AU7: 4.35 | AV7: =ROUND(AT7*AU7,2) -> 13.05
B8: Piso Montante | C8: 0.2 | D8: 7.95 | E8: =ROUND(C8*D8,2) -> 1.59 | F8: 80 | G8: =ROUND(E8*F8,2) -> 127.2 | O8: =1.04/(0.2*0.6) -> 8.6666667 | X8: E05 a E06 | Y8: 5.55 | Z8: 5.03 | AA8: 10 | AB8: =ROUND((Y8+Z8)*AA8/2,2) -> 52.9 | AC8: 0.3 | AD8: =ROUND(AB8*AC8,2) -> 15.87 | AF8: TOTAL | AJ8: =SUM(AJ4:AJ7) -> 31.28 | AL8: S5 | AM8: Velocidade Máxima Permitida | AN8: Circular | AO8: R-19 | AP8: 0.2 | AR8: S5 | AS8: Velocidade Máxima Permitida | AT8: 3 | AU8: 4.35 | AV8: =ROUND(AT8*AU8,2) -> 13.05
B9: Piso Jusante | C9: 0.2 | D9: 7.95 | E9: =ROUND(C9*D9,2) -> 1.59 | F9: 80 | G9: =ROUND(E9*F9,2) -> 127.2 | M9: =12.2*0.6 -> 7.32 | X9: TOTAL | AB9: =SUM(AB4:AB8) -> 606.86 | AD9: =SUM(AD4:AD8) -> 182.06 | AL9: TOTAL | AP9: =SUM(AP4:AP8) -> 1.1 | AR9: TOTAL | AV9: =SUM(AV4:AV8) -> 65.25
B10: TOTAL | E10: =SUM(E4:E9) -> 7.22 | G10: =SUM(G4:G9) -> 597.8 | M10: .22*0,6 | X10: FATOR DE EMPOLAMENTO DO BGS (γs / γcomp.) | AD10: =ROUND(2.2/1.7,2) -> 1.29
X11: TOTAL CORRIGIDO | AD11: =ROUND(AD9*AD10,2) -> 234.86
B12: TRAVESSIA 1: FUNDAÇÃO EM PEDRA MARROADA | S12: TRAVESSIA 1: REATERRO
B13: Elemento | C13: Comprim. [m] | D13: Largura [m] | E13: Altura [m] | F13: Rachão [m³] | S13: Trecho | T13: Secção Transversal [m²] | U13: Comprimento [m] | V13: Volume [m²]
B14: Base | C14: 11 | D14: 6.9 | E14: 0.7 | F14: =ROUND(C14*D14*E14,2) -> 53.13 | S14: Tubulação e Alas | T14: 15.5 | U14: 8 | V14: =ROUND(T14*U14,2) -> 124
B16: TRAVESSIA 1: ENROCAMENTO EM GABIÃO CAIXA
B17: Elemento | C17: Comprim. [m] | D17: Largura [m] | E17: Altura [m] | F17: Rachão [m³] | K17: =15+8+3 -> 26
B18: JUSANTE | C18: 6 | D18: 6.9 | E18: 0.5 | F18: =ROUND(C18*D18*E18,2) -> 20.7
B21: ELEMENTOS EM CONCRETO PRÉ-MOLDADOS
B22: Elemento | C22: Comprim. [m] | D22: Secção Transversal [m²] | E22: Volume [m³]
B23: Defensa 1 | C23: 9 | D23: 0.275 | E23: =ROUND(C23*D23,2) -> 2.48
B24: Defensa 2 | C24: 9 | D24: 0.275 | E24: =ROUND(C24*D24,2) -> 2.48
B25: Aduelas 2,50x2,50 m | C25: =16 -> 16 | D25: =8.41-6.17 -> 2.24 | E25: =ROUND(C25*D25,2) -> 35.84
B26: Elemento | C26: Altura Média [m] | D26: Secção Transversal [m²] | E26: Volume [m³]
B27: Muro Ala 1 | C27: 2.4 | D27: 0.42 | E27: =ROUND(C27*D27,2) -> 1.01
B28: Muro Ala 2 | C28: 2.4 | D28: 0.42 | E28: =ROUND(C28*D28,2) -> 1.01
B29: Muro Ala 3 | C29: 2.4 | D29: 0.42 | E29: =ROUND(C29*D29,2) -> 1.01
B30: Muro Ala 4 | C30: 2.4 | D30: 0.42 | E30: =ROUND(C30*D30,2) -> 1.01
B31: Piso Montante | C31: 0.2 | D31: 7.95 | E31: =ROUND(C31*D31,2) -> 1.59
B32: Piso Jusante | C32: 0.2 | D32: 7.95 | E32: =ROUND(C32*D32,2) -> 1.59
B33: TOTAL | E33: =SUM(E23:E25,E27:E32) -> 48.02
B36: ADUELAS EM CONCRETO PRÉ-MOLDADO
B37: Elemento | C37: Comprim. [m] | D37: Secção Transversal [m²] | E37: Volume [m³]
B38: Aduelas 2,50x2,50 m | C38: =16 -> 16 | D38: =8.41-6.17 -> 2.24 | E38: =ROUND(C38*D38,2) -> 35.84 | G38: 5712 | J38: 5845 | L38: =(G38+J38)/2 -> 5778.5
B40: ELEMENTOS EM CONCRETO ARMADO
B41: Elemento | C41: Comprim. [m] | D41: Secção Transversal [m²] | E41: Forma [m²] | F41: Volume [m³] | G41: Taxa Aço [kg/m³] | H41: Aço CA-50 [m³]
B42: Muro Ala 1 | C42: 2.4 | D42: 0.42 | E42: =ROUND(4.05*C42,2) -> 9.72 | F42: =ROUND(C42*D42,2) -> 1.01 | G42: 80 | H42: =ROUND(F42*G42,2) -> 80.8
B43: Muro Ala 2 | C43: 2.4 | D43: 0.42 | E43: =ROUND(4.05*C43,2) -> 9.72 | F43: =ROUND(C43*D43,2) -> 1.01 | G43: 80 | H43: =ROUND(F43*G43,2) -> 80.8
B44: Muro Ala 3 | C44: 2.4 | D44: 0.42 | E44: =ROUND(4.05*C44,2) -> 9.72 | F44: =ROUND(C44*D44,2) -> 1.01 | G44: 80 | H44: =ROUND(F44*G44,2) -> 80.8
B45: Muro Ala 4 | C45: 2.4 | D45: 0.42 | E45: =ROUND(4.05*C45,2) -> 9.72 | F45: =ROUND(C45*D45,2) -> 1.01 | G45: 80 | H45: =ROUND(F45*G45,2) -> 80.8
B46: Piso Montante | C46: 0.2 | D46: 7.95 | E46: =ROUND((16.92-6.9)*0.2,2) -> 2 | F46: =ROUND(C46*D46,2) -> 1.59 | G46: 80 | H46: =ROUND(F46*G46,2) -> 127.2
B47: Piso Jusante | C47: 0.2 | D47: 7.95 | E47: =ROUND((16.92-6.9)*0.2,2) -> 2 | F47: =ROUND(C47*D47,2) -> 1.59 | G47: 80 | H47: =ROUND(F47*G47,2) -> 127.2 | J47: =16.92-6.9 -> 10.02
B48: TOTAL | E48: =SUM(E42:E47) -> 42.88 | F48: =SUM(F42:F47) -> 7.22 | H48: =SUM(H42:H47) -> 577.6
B50: BARREIRA EM CONCRETO PRÉ-MOLDADO | H50: =E42+E43+E44+E45 -> 38.88
B51: Elemento | C51: Comprim. [m] | D51: Secção Transversal [m²] | E51: Volume [m³] | J51: =F46+F47 -> 3.18
B52: Defensa 1 | C52: 9 | D52: 0.275 | E52: =ROUND(C52*D52,2) -> 2.48
B53: Defensa 2 | C53: 9 | D53: 0.275 | E53: =ROUND(C53*D53,2) -> 2.48
B54: TOTAL | E54: =SUM(E52:E53) -> 4.96
J62: BARREIRA EM CONCRETO PRÉ-MOLDADO
J63: Elemento | K63: Comprim. [m]
J64: Defensa 1 | K64: 5
J65: Defensa 2 | K65: 5
J66: Defensa 3 | K66: 5
J67: Defensa 4 | K67: 5
J68: TOTAL | K68: =SUM(K64:K67) -> 20

Sheet BRÁS_ PONTE
B3: TRAVESSIA 2: ESTRUTURAS DE CONCRETO ARMADO | J3: MURETA CONTENÇÃO | S3: TRAVESSIA 2: FORMA DE FUNDAÇÃO | X3: TRAVESSIA 2: ESCAVAÇÃO | AC3: TRAVESSIA 2: BASE BRITA GRADUADA SIMPLES | AK3: PINTURA ACRÍLICA EM ELEMENTOS EM CONCRETO | AQ3: SINALIZAÇÃO VERTICAL - PLACAS | AW3: SINALIZAÇÃO VERTICAL - QUANTITATIVO DE SUPORTES
B4: Elemento | C4: Altura Média [m] | D4: Secção Transversal [m²] | E4: Concreto [m³] | F4: Taxa Aço [kg/m³] | G4: Aço CA-50 [m³] | J4: Trecho | K4: Comprim. [m] | L4: Largura [m] | M4: Altura [m] | N4: Forma [m²] | O4: Concreto [m³] | P4: Taxa Aço [kg/m³] | Q4: Aço CA-50 [m³] | S4: Trecho | T4: Perímetro [m] | U4: Altura [m] | V4: Área [m²] | X4: Trecho | Y4: Secção Transversal [m²] | Z4: Comprimento [m] | AA4: Volume [m²] | AC4: Trecho | AD4: Estaca En [m] | AE4: Estaca En+1 [m] | AF4: Altura [m] | AG4: Área [m²] | AH4: Altura [m] | AI4: BGS [m³] | AK4: Elemento | AL4: Quantidade [un] | AM4: Perímetro / Altura [m] | AN4: Comprimento [m] | AO4: Área [m²] | AQ4: Suporte | AR4: Finalidade | AS4: Formato da placa | AT4: Denominação | AU4: Área [m²] | AW4: Suporte | AX4: Finalidade | AY4: Comprimento Unitário [m] | AZ4: Peso Unitário [kg/m] | BA4: Peso [kg]
B5: Muro Ala 1 | C5: 2.4 | D5: 0.42 | E5: =ROUND(C5*D5,2) -> 1.01 | F5: 85 | G5: =ROUND(E5*F5,2) -> 85.85 | J5: Mureta 1 | K5: 5.8 | L5: 0.2 | M5: 0.6 | N5: =ROUND((2*K5+2*L5)*M5,2) -> 7.2 | O5: =ROUND(K5*L5*M5,2) -> 0.7 | P5: 80 | Q5: =ROUND(O5*P5,2) -> 56 | S5: Piso montante | T5: 14.52 | U5: 0.2 | V5: =ROUND(T5*U5,2) -> 2.9 | X5: Tubulação e Alas | Y5: 32.32 | Z5: 8 | AA5: =ROUND(Y5*Z5,2) -> 258.56 | AC5: E00 a E01 | AD5: 6 | AE5: 6 | AF5: 20 | AG5: =ROUND((AD5+AE5)*AF5/2,2) -> 120 | AH5: 0.3 | AI5: =ROUND(AG5*AH5,2) -> 36 | AK5: Barreira Simples | AL5: 12 | AM5: 2.41 | AN5: 1.5 | AO5: =ROUND(AL5*AM5*AN5,2) -> 43.38 | AQ5: S1 | AR5: Ponte Estreita | AS5: Quadrada | AT5: A-22 | AU5: 0.25 | AW5: S1 | AX5: Ponte Estreita | AY5: 3 | AZ5: 4.35 | BA5: =ROUND(AY5*AZ5,2) -> 13.05
B6: Muro Ala 2 | C6: 2.4 | D6: 0.42 | E6: =ROUND(C6*D6,2) -> 1.01 | F6: 85 | G6: =ROUND(E6*F6,2) -> 85.85 | J6: Mureta 2 | K6: 5.8 | L6: 0.2 | M6: 0.6 | N6: =ROUND(K6*M6,2) -> 3.48 | O6: =ROUND(K6*L6*M6,2) -> 0.7 | P6: 80 | Q6: =ROUND(O6*P6,2) -> 56 | S6: Piso Jusante | T6: 14.52 | U6: 0.2 | V6: =ROUND(T6*U6,2) -> 2.9 | AC6: Embocadura 01 | AD6: AutoCAD | AE6: AutoCAD | AF6: AutoCAD | AG6: 137.8 | AH6: 0.3 | AI6: =ROUND(AG6*AH6,2) -> 41.34 | AK6: Laterais Barreira | AL6: =2*2*6 -> 24 | AM6: AutoCAD | AN6: AutoCAD | AO6: =ROUND(AL6*0.275,2) -> 6.6 | AQ6: S2 | AR6: Ponte Estreita | AS6: Quadrada | AT6: A-22 | AU6: 0.25 | AW6: S2 | AX6: Ponte Estreita | AY6: 3 | AZ6: 4.35 | BA6: =ROUND(AY6*AZ6,2) -> 13.05
B7: Muro Ala 3 | C7: 2.4 | D7: 0.42 | E7: =ROUND(C7*D7,2) -> 1.01 | F7: 85 | G7: =ROUND(E7*F7,2) -> 85.85 | J7: TOTAL | N7: =SUM(N5:N6) -> 10.68 | O7: =SUM(O5:O6) -> 1.4 | Q7: =SUM(Q5:Q6) -> 112 | S7: TOTAL | V7: =SUM(V5:V6) -> 5.8 | AC7: E02 a E03 | AD7: 6.01 | AE7: 6 | AF7: 20 | AG7: =ROUND((AD7+AE7)*AF7/2,2) -> 120.1 | AH7: 0.3 | AI7: =ROUND(AG7*AH7,2) -> 36.03 | AK7: Muro Ala | AL7: 4 | AM7: 2.4 | AN7: 1.5 | AO7: =ROUND(AL7*AM7*AN7,2) -> 14.4 | AQ7: S3 | AR7: Velocidade Máxima Permitida | AS7: Circular | AT7: R-19 | AU7: 0.2 | AW7: S3 | AX7: Velocidade Máxima Permitida | AY7: 3 | AZ7: 4.35 | BA7: =ROUND(AY7*AZ7,2) -> 13.05
B8: Muro Ala 4 | C8: 2.4 | D8: 0.42 | E8: =ROUND(C8*D8,2) -> 1.01 | F8: 85 | G8: =ROUND(E8*F8,2) -> 85.85 | AC8: E04 a E05 | AD8: 6.01 | AE8: 5.99 | AF8: 20 | AG8: =ROUND((AD8+AE8)*AF8/2,2) -> 120 | AH8: 0.3 | AI8: =ROUND(AG8*AH8,2) -> 36 | AK8: Muro Contenção | AL8: 2 | AM8: 0.8 | AN8: 5.8 | AO8: =ROUND(AL8*AM8*AN8,2) -> 9.28 | AQ8: S4 | AR8: Velocidade Máxima Permitida | AS8: Circular | AT8: R-19 | AU8: 0.2 | AW8: S4 | AX8: Velocidade Máxima Permitida | AY8: 3 | AZ8: 4.35 | BA8: =ROUND(AY8*AZ8,2) -> 13.05
B9: Piso montante | C9: 0.2 | D9: 7.95 | E9: =ROUND(C9*D9,2) -> 1.59 | F9: 80 | G9: =ROUND(E9*F9,2) -> 127.2 | J9: FUROS CHUMBADOR | AC9: SUBTOTAL | AG9: =SUM(AG5:AG8) -> 497.9 | AI9: =SUM(AI5:AI8) -> 149.37 | AK9: TOTAL | AO9: =SUM(AO5:AO8) -> 73.66 | AQ9: S5 | AR9: Velocidade Máxima Permitida | AS9: Circular | AT9: R-19 | AU9: 0.2 | AW9: S5 | AX9: Velocidade Máxima Permitida | AY9: 3 | AZ9: 4.35 | BA9: =ROUND(AY9*AZ9,2) -> 13.05
B10: Piso Jusante | C10: 0.2 | D10: 7.95 | E10: =ROUND(C10*D10,2) -> 1.59 | F10: 80 | G10: =ROUND(E10*F10,2) -> 127.2 | J10: Mureta 1 | K10: =2*(K6/0.2+1) -> 60 | AC10: FATOR DE EMPOLAMENTO DO BGS (γs / γcomp.) | AI10: =ROUND(2.2/1.7,2) -> 1.29 | AQ10: TOTAL | AU10: =SUM(AU5:AU9) -> 1.1 | AW10: TOTAL | BA10: =SUM(BA5:BA9) -> 65.25
B11: TOTAL | E11: =SUM(E5:E10) -> 7.22 | G11: =SUM(G5:G10) -> 597.8 | J11: Mureta 2 | K11: =2*(K6/0.2+1) -> 60 | AC11: TOTAL CORRIGIDO | AI11: =ROUND(AI9*AI10,2) -> 192.69
J12: TOTAL | K12: =SUM(K10:K11) -> 120
B13: TRAVESSIA 2: FUNDAÇÃO EM PEDRA MARROADA | X13: TRAVESSIA 2: REATERRO
B14: Elemento | C14: Comprim. [m] | D14: Largura [m] | E14: Altura [m] | F14: Rachão [m³] | X14: Trecho | Y14: Secção Transversal [m²] | Z14: Comprimento [m] | AA14: Volume [m²] | AL14: =1.7 -> 1.7
B15: Base | C15: 11 | D15: 6.9 | E15: 0.7 | F15: =ROUND(C15*D15*E15,2) -> 53.13 | X15: Tubulação e Alas | Y15: 15.5 | Z15: 8 | AA15: =ROUND(Y15*Z15,2) -> 124 | AL15: 2.2
AL16: =AL15/AL14 -> 1.2941176
B17: TRAVESSIA 2: ENROCAMENTO PEDRA ARRUMADA
B18: Elemento | C18: Comprim. [m] | D18: Largura [m] | E18: Altura [m] | F18: Rachão [m³]
B19: JUSANTE | C19: 6 | D19: 6.9 | E19: 0.5 | F19: =ROUND(C19*D19*E19,2) -> 20.7
B21: BARREIRA EM CONCRETO PRÉ-MOLDADO
B22: Elemento | C22: Comprim. [m]
B23: Defensa 1 | C23: 9
B24: Defensa 2 | C24: 9
B25: TOTAL | C25: =SUM(C23:C24) -> 18
B27: ADUELAS EM CONCRETO PRÉ-MOLDADO
B28: Elemento | C28: Comprim. [m] | D28: Secção Transversal [m²] | E28: Volume [m³]
B29: Aduelas 2,50x2,50 m | C29: =16 -> 16 | D29: =8.41-6.17 -> 2.24 | E29: =ROUND(C29*D29,2) -> 35.84
B31: ELEMENTOS EM CONCRETO PRÉ-MOLDADO
B32: Elemento | C32: Comprim. [m] | D32: Secção Transversal [m²] | E32: Volume [m³]
B33: Muro Ala 1 | C33: 2.4 | D33: 0.42 | E33: =ROUND(C33*D33,2) -> 1.01
B34: Muro Ala 2 | C34: 2.4 | D34: 0.42 | E34: =ROUND(C34*D34,2) -> 1.01
B35: Muro Ala 3 | C35: 2.4 | D35: 0.42 | E35: =ROUND(C35*D35,2) -> 1.01
B36: Muro Ala 4 | C36: 2.4 | D36: 0.42 | E36: =ROUND(C36*D36,2) -> 1.01
B37: Piso Montante | C37: 0.2 | D37: 7.95 | E37: =ROUND(C37*D37,2) -> 1.59
B38: Piso Jusante | C38: 0.2 | D38: 7.95 | E38: =ROUND(C38*D38,2) -> 1.59
B39: TOTAL | E39: =SUM(E33:E38) -> 7.22
B41: BARREIRA EM CONCRETO PRÉ-MOLDADO
B42: Elemento | C42: Comprim. [m] | D42: Secção Transversal [m²] | E42: Volume [m³]
B43: Defensa 1 | C43: 9 | D43: 0.275 | E43: =ROUND(C43*D43,2) -> 2.48
B44: Defensa 2 | C44: 9 | D44: 0.275 | E44: =ROUND(C44*D44,2) -> 2.48
B45: TOTAL | E45: =SUM(E43:E44) -> 4.96
B48: ELEMENTOS EM CONCRETO ARMADO
B49: Elemento | C49: Comprim. [m] | D49: Secção Transversal [m²] | E49: Forma [m²] | F49: Volume [m³] | G49: Taxa Aço [kg/m³] | H49: Aço CA-50 [m³]
B50: Muro Ala 1 | C50: 2.4 | D50: 0.42 | E50: =ROUND(4.05*C50,2) -> 9.72 | F50: =ROUND(C50*D50,2) -> 1.01 | G50: 80 | H50: =ROUND(F50*G50,2) -> 80.8
B51: Muro Ala 2 | C51: 2.4 | D51: 0.42 | E51: =ROUND(4.05*C51,2) -> 9.72 | F51: =ROUND(C51*D51,2) -> 1.01 | G51: 80 | H51: =ROUND(F51*G51,2) -> 80.8
B52: Muro Ala 3 | C52: 2.4 | D52: 0.42 | E52: =ROUND(4.05*C52,2) -> 9.72 | F52: =ROUND(C52*D52,2) -> 1.01 | G52: 80 | H52: =ROUND(F52*G52,2) -> 80.8
B53: Muro Ala 4 | C53: 2.4 | D53: 0.42 | E53: =ROUND(4.05*C53,2) -> 9.72 | F53: =ROUND(C53*D53,2) -> 1.01 | G53: 80 | H53: =ROUND(F53*G53,2) -> 80.8
B54: Piso Montante | C54: 0.2 | D54: 7.95 | E54: =ROUND((16.92-6.9)*0.2,2) -> 2 | F54: =ROUND(C54*D54,2) -> 1.59 | G54: 80 | H54: =ROUND(F54*G54,2) -> 127.2
B55: Piso Jusante | C55: 0.2 | D55: 7.95 | E55: =ROUND((16.92-6.9)*0.2,2) -> 2 | F55: =ROUND(C55*D55,2) -> 1.59 | G55: 80 | H55: =ROUND(F55*G55,2) -> 127.2
B56: TOTAL | E56: =SUM(E50:E55) -> 42.88 | F56: =SUM(F50:F55) -> 7.22 | H56: =SUM(H50:H55) -> 577.6
